Workbook
Name millon: #REF!
Name incBuyerDossierDetaillnkRequestName: 'Contratación 2023'!$L$61
Name _Hlk125366930: 'Contratación 2023'!$L$62

Sheet Contratación 2023
A1: ENTIDAD | B1: NIT | C1: PLATAFORMA | D1: CONSECUTIVO PAABS EXCEL Y ESTUDIOS PREVIOS | E1: PROFESIONAL ENCARGADO | F1: EXPEDIENTE | G1: MES | H1: FECHA PUBLICACION PROCESO SECOP II-TIENDA VIRTUAL | I1: N°PROCESO EN SECOP / No. EVENTO /RFI/RFQ | J1: FECHA PUBLICACION RFI | K1: NÚMERO RFQ - ACUERDO MARCO | L1: OBJETO | M1: MODALIDAD | N1: CAUSAL | O1: AREA DE LA NECESIDAD | P1: CODIGO UNSCSP | Q1: NOMBRE DE CODIGO | R1: VALOR PROCESO EN EL PAABS SECOP II | S1: VALOR PROCESO ESTUDIOS PREVIOS | T1: CDP | U1: RUBRO | V1: ETAPA | W1: ESTADO | X1: RESOLUCION DECLARACTORIA DESIERTO | Y1: N° DE CONTRATO CELEBRADO | Z1: FECHA DE FIRMA CONTRATO | AA1: TIPO DE CONTRATO | AB1: OTRO TIPO DE CONTRATO | AC1: REGIONAL | AD1: LUGAR DE EJECUCION | AE1: CONTRATISTA | AF1: IDENTIFICACION | AG1: DV | AH1: EMPRESAS QUE LO CONFORMAN (CUANDO APLIQUE) | AI1: PROFESIÓN | AJ1: MYPIME | AK1: CLASIFICACION | AL1: TIPO DE ORGANIZACIÓN | AM1: FECHA DE NACIMIENTO | AN1: EDAD | AO1: N° RP | AP1: FECHA RP | AQ1: VALOR 2023 | AR1: VALOR VF 2024 | AS1: VALOR VF 2025 | AT1: VALOR VF 2026 | AU1: VALOR TOTAL CONTRATO + VF | AV1: GARANTIA | AW1: FECHA DE EXPEDICION GARANTIA | AX1: RIESGOS | AY1: FECHA DE INICIO DEL CONTRATO | AZ1: MES2 | BA1: FECHA DE TERMINACION DEL CONTRATO | BB1: DIAS DE EJECUCION DEL CONTRATO | BC1: NOMBRE SUPERVISOR | BD1: CEDULA SUPERVISOR | BE1: ADICION 1 | BF1: FECHA DE FIRMA | BG1: ADICION 2 | BH1: FECHA FIRMA | BI1: ADICION 3 | BJ1: FECHADE FIRMA | BK1: ADICION 4 | BL1: FECHADE FIRMA | BM1: LIBERACION | BN1: FECHA LIBERACION | BO1: VALOR TOTAL DEL CONTRATO CON MODIFICACIONES (ADICIONES - REDUCCIONES - LIBERACIONES VIGENCIA) | BP1: PRORROGA 1 EN DIAS | BQ1: FECHADE TERMINACION DEL CONTRATO | BR1: FECHA FIRMA DEL DOCUMENTO | BS1: PRORROGA 2 EN DIAS | BT1: FECHA DE TERMINACION DEL CONTRATO2 | BU1: FECHA FIRMA DEL DOCUMENTOS | BV1: PRORROGA 3 EN DIAS | BW1: FECHA DE TERMINACION DEL CONTRATO3 | BX1: FECHA FIRMA DEL DOCUMENTO2 | BY1: TIEMPO DE EJECUCION DEL CONTRATO CON LAS PRORROGAS | BZ1: FECHA DE LIQUIDACION DEL CONTRATO | CA1: OBSERVACION
A2: UNIDAD ADMINISTRATIVA ESPECIAL MIGRACIÓN COLOMBIA | B2: 900477235-6 | C2: Secop II | D2: 233 | E2: Dayanna Prieto Villalba | F2: 20236231407000005E | G2: Febrero | H2: 44985 | I2: MC-001-2023-8CM | J2: N/A | K2: N/A | L2: SERVICIO DE MANTENIMIENTO PREVENTIVO Y CORRECTIVO PARA LOS EQUIPOS DE GRAFOLOGÍA ESTÉREO MICROSCOPIOS A NIVEL NACIONAL, CON BOLSA DE REPUESTOS | M2: Mínima cuantía | N2: Prestación de Servicios Profesionales | O2: Subdirección de Control Migratorio | P2: 46151708;46151712;72151704;81101706;81101713 | Q2: Magnificadores para uso forense - Servicio de instalación y mantenimiento de sistemas instrumentados de seguridad - Mantenimiento de equipos de laboratorio - Estaciones de trabajo químico para uso forense - Servicio técnico y de diseño de instrumentos de medición y de registro electrónicos | R2: 16414057 | S2: 16414057 | T2: 21523 | U2: C-1199-1002-10-0-1199001-02 | V2: Celebrado | W2: En ejecución | X2: N/A | Y2: AO-005-2023 | Z2: 45015 | AA2: Prestación de Servicios Profesionales | AB2: N/A | AC2: Nivel Central | AD2: Bogotá D.C. | AE2: CI GLOBAL SCIENTIFIC S.A.S | AF2: 830067880 | AG2: 4 | AH2: N/A | AI2: N/A | AJ2: SI | AK2: N/A | AL2: Sociedad por acciones simplificadas | AM2: N/A | AN2: N/A | AO2: 68126 | AP2: 45027 | AQ2: 16231600 | AU2: 16231600 | AV2: Si | AW2: 45026 | AX2: Cumplimiento | AY2: 45027 | AZ2: Marzo | BA2: 45291 | BB2: =(BA2-AY2) -> 264 | BC2: ROBINSON VALENCIA GIRALDO | BD2: 75035031 | BE2: 0 | BG2: 0 | BI2: 0 | BM2: 0 | BO2: =SUM(AU2+BE2+BG2+BI2-BM2) -> 16231600 | BY2: =SUM(BB2+BP2+BS2+BV2) -> 264
A3: UNIDAD ADMINISTRATIVA ESPECIAL MIGRACIÓN COLOMBIA | B3: 900477235-6 | C3: Secop II | D3: 281 | E3: Dayanna Prieto Villalba | F3: 20236231415000011E | G3: Febrero | H3: 44985 | I3: PCD-089-2023 | J3: N/A | K3: N/A | L3: CONTRATAR EL SERVICIO DE MANTENIMIENTO PREVENTIVO DE LA MÁQUINA LÁSER TROTEC SP100R C30 Y DEL SUMINISTRO DEL SISTEMA DE EXTRACCIÓN 8260 ATMOS MONO Y SU RESPECTIVA BOLSA DE REPUESTOS. | M3: Contratación Directa | N3: Exclusividad | O3: Subdirección de Control Migratorio | P3: 73152100 | Q3: Servicios de mantenimiento y reparación de equipo de manufactura | R3: 16275000 | S3: 16275000 | T3: 13023 | U3: C-1199-1002-10-0-1199001-02 | V3: Celebrado | W3: En ejecución | X3: N/A | Y3: CO-105-2023 | Z3: 45007 | AA3: Prestación de Servicios Profesionales | AB3: N/A | AC3: Regional Andina | AD3: Bogotá D.C. | AE3: EDALTEC S.A.S | AF3: 900426006 | AG3: 8 | AH3: N/A | AI3: N/A | AJ3: NO | AK3: No es mipyme | AL3: Sociedad por acciones simplificadas | AM3: N/A | AN3: N/A | AO3: 59423 | AP3: 45008 | AQ3: 16275000 | AR3: 0 | AS3: 0 | AT3: 0 | AU3: =SUM(AQ3+AR3+AS3+AT3) -> 16275000 | AV3: Si | AW3: 45008 | AX3: Cumplimiento | AY3: 45008 | AZ3: Marzo | BA3: 45291 | BB3: =(BA3-AY3) -> 283 | BC3: ROBINSON VALENCIA GIRALDO | BD3: 75035031 | BE3: 0 | BG3: 0 | BI3: 0 | BM3: 0 | BO3: =SUM(AU3+BE3+BG3+BI3-BM3) -> 16275000 | BY3: =SUM(BB3+BP3+BS3+BV3) -> 283
A4: UNIDAD ADMINISTRATIVA ESPECIAL MIGRACIÓN COLOMBIA | B4: 900477235-6 | C4: Secop II | D4: 224 | E4: Alejandra María Arcos Medina | F4: 20236231415000017E | G4: Mayo | H4: 45077 | I4: PCD-132-2023 | J4: N/A | K4: N/A | L4: ADQUISICIÓN DE INSUMOS PARA SELLOS DE CONTROL MIGRATORIO. | M4: Contratación Directa | N4: Exclusividad | O4: Subdirección de Control Migratorio | P4: 24141504 | Q4: Suministros para seguridad y protección | R4: 37160000 | S4: 37157036 | T4: 40223 | U4: A-02-02-01-003-005 | V4: Celebrado | W4: En ejecución | X4: N/A | Y4: CO-147-2023 | Z4: 45112 | AA4: Compraventa | AB4: N/A | AC4: Nivel Central | AD4: Bogotá | AE4: DISTRIBUCIONES EDAL SAS | AF4: 800219241 | AG4: 2 | AH4: N/A | AI4: N/A | AJ4: si | AK4: Pequeña | AL4: Sociedad por acciones simplificadas | AM4: N/A | AN4: N/A | AO4: 121823 | AP4: 45114 | AQ4: 37157036 | AR4: 0 | AS4: 0 | AT4: 0 | AU4: =SUM(AQ4+AR4+AS4+AT4) -> 37157036 | AV4: No | AW4: N/A | AX4: No aplica | AY4: 45114 | AZ4: Julio | BA4: 45138 | BB4: =(BA4-AY4) -> 24 | BC4: ROBINSON VALENCIA GIRALDO | BD4: 75035031 | BE4: 0 | BG4: 0 | BI4: 0 | BM4: 0 | BO4: =SUM(AU4+BE4+BG4+BI4-BM4) -> 37157036 | BY4: =SUM(BB4+BP4+BS4+BV4) -> 24
A5: UNIDAD ADMINISTRATIVA ESPECIAL MIGRACIÓN COLOMBIA | B5: 900477235-6 | C5: Secop II | D5: 308 | E5: Alejandra María Arcos Medina | F5: 20236231415000019E | G5: Agosto | H5: 45152 | I5: PCD-147-2023 | J5: N/A | K5: N/A | L5: ADQUIRIR LECTORAS DE DOCUMENTOS | M5: Contratación Directa | N5: Exclusividad | O5: Subdirección de Control Migratorio | P5: 43211700 | Q5: Difusión de Tecnología de Información y Telecomunicaciones | R5: 1400000000 | S5: 1400000000 | T5: 45523 | U5: C-1199-1002-10-0-1199001-02 | V5: Celebrado | W5: En ejecución | X5: N/A | Y5: CO-183-2023 | Z5: 45174 | AA5: Compraventa | AB5: N/A | AC5: Nivel Central | AD5: Bogotá D.C. | AE5: THALES COLOMBIA S.A | AF5: 830079892 | AG5: 4 | AH5: N/A | AI5: N/A | AJ5: N/A | AK5: No es mipyme | AL5: N/A | AM5: N/A | AN5: N/A | AO5: 157423 | AP5: 45174 | AQ5: 1400000000 | AR5: 0 | AS5: 0 | AT5: 0 | AU5: =SUM(AQ5+AR5+AS5+AT5) -> 1400000000 | AV5: Si | AW5: 45197 | AX5: Cumplimiento | AY5: 45197 | AZ5: Septiembre | BA5: 45291 | BB5: =(BA5-AY5) -> 94 | BC5: ROBINSON VALENCIA TECLADO | BD5: 75035031 | BE5: 0 | BG5: 0 | BI5: 0 | BM5: 0 | BO5: =SUM(AU5+BE5+BG5+BI5-BM5) -> 1400000000 | BY5: =SUM(BB5+BP5+BS5+BV5) -> 94
A6: UNIDAD ADMINISTRATIVA ESPECIAL MIGRACIÓN COLOMBIA | B6: 900477235-6 | C6: TVEC | D6: 375 | E6: Belisa Amparo Oviedo Diaz | F6: 20236231409000008E | G6: Diciembre | H6: 45271 | I6: 203257 | J6: N/A | K6: N/A | L6: CONTRATAR LA ADQUISICIÓN DE ELECTRODOMESTICOS, PARA EL BIENESTAR DE LOS FUNCIONARIOS DE MIGRACION COLOMBIA DE ACUERDO A LAS CONDICIONES DESCRITA EN LOS ESTUDIOS PREVIOS | M6: Mínima cuantía | N6: Grandes Superficies | O6: Subdirección de Talento Humano | P6: 52141501-02-52161505- | Q6: neveras - microondas - televisores | R6: 52000000 | S6: 52000000 | T6: 61323 | U6: A-02-02-01-004-004 | V6: Celebrado | W6: En ejecución | X6: N/A | Y6: 122030 | Z6: 45267 | AA6: Compraventa | AB6: N/A | AC6: Nivel Central | AD6: Bogotá D.C. | AE6: TECNOPROCESOS S.A.S | AF6: 900273006 | AG6: 1 | AH6: N/A | AI6: N/A | AJ6: NO | AL6: Sociedad por Acciones Simplificada | AM6: N/A | AO6: 217023 | AP6: 45271 | AQ6: 40879200 | AR6: 0 | AS6: 0 | AT6: 0 | AU6: =SUM(AQ6+AR6+AS6+AT6) -> 40879200 | AV6: No | AY6: 45267 | AZ6: Diciembre | BA6: 45278 | BB6: =(BA6-AY6) -> 11 | BC6: ANGY ACOCHA ARISTIZABAL | BD6: 52813239 | BE6: 0 | BG6: 0 | BI6: 0 | BM6: 0 | BO6: =SUM(AU6+BE6+BG6+BI6-BM6) -> 40879200 | BY6: =SUM(BB6+BP6+BS6+BV6) -> 11
A7: UNIDAD ADMINISTRATIVA ESPECIAL MIGRACIÓN COLOMBIA | B7: 900477235-6 | C7: TVEC | D7: 375 | E7: Belisa Amparo Oviedo Diaz | F7: 20236231409000007E | G7: Diciembre | H7: 45271 | I7: 206582 | J7: N/A | K7: N/A | L7: CONTRATAR LA ADQUISICIÓN DE ELECTRODOMESTICOS, PARA EL BIENESTAR DE LOS FUNCIONARIOS DE MIGRACION COLOMBIA DE ACUERDO A LAS CONDICIONES DESCRITA EN LOS ESTUDIOS PREVIOS | M7: Mínima cuantía | N7: Grandes Superficies | O7: Subdirección de Talento Humano | P7: 52141501-02-52161505- | Q7: neveras - microondas - televisores | R7: 52000000 | S7: 52000000 | T7: 61323 | U7: A-02-02-01-004-004 | V7: Celebrado | W7: En ejecución | X7: N/A | Y7: 122032 | Z7: 45267 | AA7: Compraventa | AB7: N/A | AC7: Nivel Central | AD7: Bogotá D.C. | AE7: FERRICENTRO S.A.S. | AF7: 800237412 | AG7: 1 | AH7: N/A | AI7: N/A | AJ7: NO | AL7: Sociedad por Acciones Simplificada | AM7: N/A | AO7: 218023 | AP7: 45272 | AQ7: 8997972 | AR7: 0 | AS7: 0 | AT7: 0 | AU7: =SUM(AQ7+AR7+AS7+AT7) -> 8997972 | AV7: No | AY7: 45267 | AZ7: Diciembre | BA7: 45278 | BB7: =(BA7-AY7) -> 11 | BC7: ANGY ACOCHA ARISTIZABAL | BD7: 52813239 | BE7: 0 | BG7: 0 | BI7: 0 | BM7: 0 | BO7: =SUM(AU7+BE7+BG7+BI7-BM7) -> 8997972 | BY7: =SUM(BB7+BP7+BS7+BV7) -> 11
A8: UNIDAD ADMINISTRATIVA ESPECIAL MIGRACIÓN COLOMBIA | B8: 900477235-6 | C8: Secop II | D8: 1 | E8: Dayanna Prieto Villalba | F8: 20236311413000001E | G8: Enero | H8: 44937 | I8: PCD-004-2023-1D | J8: N/A | K8: N/A | L8: PRESTACIÖN DE SERVICIOS PROFESIONALES CON AUTONOMÍA TÉCNICA Y ADMINISTRATIVA PARA APOYAR LA GESTIÓN DE LA DIRECCIÓN GENERAL EN LA ESTRATEGIA DE COMUNICACIONES Y POSICIONAMIENTO DE LA ENTIDAD, DE CARA A LAS RELACIONES NACIONALES E INTERNACIONALES FRENTE A LOS PROCESOS DE GESTIÓN MIGRATORIA QUE SE DESARROLLAN EN EL PAÍS. | M8: Contratación Directa | N8: Prestación de Servicios Profesionales | O8: Dirección General | P8: 80161504 | Q8: Servicios de oficina | R8: 138000000 | S8: 138000000 | T8: 11223 | U8: A-02-02-02-008-003 | V8: Celebrado | W8: En ejecución | X8: N/A | Y8: CO-001-2023 | Z8: 44939 | AA8: Prestación de Servicios Profesionales | AB8: N/A | AC8: Nivel Central | AD8: Bogotá D.C. | AE8: LESLIE CATALINA ESPARZA NARANJO | AF8: 52046198 | AG8: - | AH8: N/A | AI8: COMUNICACIÓN SOCIAL | AJ8: NO | AK8: No es mipyme | AL8: N/A | AM8: 26047 | AN8: =+YEAR(TODAY())-YEAR('Contratación 2023'!$AM2) -> #VALUE! | AO8: 13723 | AP8: 44938 | AQ8: 138000000 | AR8: 0 | AS8: 0 | AT8: 0 | AU8: =SUM(AQ8+AR8+AS8+AT8) -> 138000000 | AV8: Si | AW8: 44943 | AX8: Cumplimiento | AY8: 44943 | AZ8: Enero | BA8: 45291 | BB8: =(BA8-AY8) -> 348 | BC8: MARIA PAULA AVILA GONZALEZ | BD8: 52619262 | BE8: 0 | BG8: 0 | BI8: 0 | BM8: 0 | BO8: =SUM(AU8+BE8+BG8+BI8-BM8) -> 138000000 | BY8: =SUM(BB8+BP8+BS8+BV8) -> 348
A9: UNIDAD ADMINISTRATIVA ESPECIAL MIGRACIÓN COLOMBIA | B9: 900477235-6 | C9: Secop II | D9: 3 | E9: Belisa Amparo Oviedo Diaz | F9: 20232111413000001E | G9: Enero | H9: 44953 | I9: PCD-050-2023-3D | J9: N/A | K9: N/A | L9: PRESTACIÖN DE SERVICIOS PROFESIONALES CON AUTONOMÍA TÉCNICA Y ADMINISTRATIVA PARA EL APOYO EN LA GESTIÓN DE LA DIRECCIÓN GENERAL EN EL SEGUIMIENTO A COMPROMISOS INTERNACIONALES Y PROYECTOS DE COOPERACIÓN INTERNACIONAL, DE ACUERDO CON LAS CONDICIONES SEÑALADAS Y ESPECIFICACIONES TÉCNICAS DESCRITAS EN LOS ESTUDIOS PREVIOS. | M9: Contratación Directa | N9: Prestación de Servicios Profesionales | O9: Dirección General | P9: 80111600 | Q9: Servicios de oficina | R9: 46000000 | S9: 44000000 | T9: 18823 | U9: A-02-02-02-008-003 | V9: Celebrado | W9: En ejecución | X9: N/A | Y9: CO-053-2023 | Z9: 44957 | AA9: Prestación de Servicios Profesionales | AB9: N/A | AC9: Nivel Central | AD9: Bogotá D.C. | AE9: MARÍA FERNANDA OSPINA CARO | AF9: 1026593280 | AG9: - | AH9: N/A | AI9: PROFESIONAL EN RELACIONES INTERNACIONALES | AJ9: NO | AK9: PERSONA NATURAL | AL9: N/A | AM9: 35931 | AN9: =+YEAR(TODAY())-YEAR('Contratación 2023'!$AM3) -> #VALUE! | AO9: 30823 | AP9: 44957 | AQ9: 44000000 | AR9: 0 | AS9: 0 | AT9: 0 | AU9: =SUM(AQ9+AR9+AS9+AT9) -> 44000000 | AV9: Si | AW9: 44956 | AX9: Cumplimiento | AY9: 44958 | AZ9: Enero | BA9: 45291 | BB9: =(BA9-AY9) -> 333 | BC9: VANESSA ORTIZ LOPEZ | BD9: 1144031972 | BE9: 5000000 | BF9: 45254 | BG9: 0 | BI9: 0 | BM9: 0 | BO9: =SUM(AU9+BE9+BG9+BI9-BM9) -> 49000000 | BY9: =SUM(BB9+BP9+BS9+BV9) -> 333
A10: UNIDAD ADMINISTRATIVA ESPECIAL MIGRACIÓN COLOMBIA | B10: 900477235-6 | C10: Secop II | D10: 153 | E10: Belisa Amparo Oviedo Diaz | F10: 20236231414000004E | G10: Marzo | H10: 44993 | I10: PCD-103-2023-35SYF | J10: N/A | K10: N/A | L10: CONTRATAR EL ARRENDAMIENTO DE CUPOS DE PARQUEADERO PARA EL PARQUE AUTOMOTOR DE LA REGIONAL EJE CAFETERO UBICADA EN LA CIUDAD DE PEREIRA | M10: Contratación Directa | N10: Arrendamiento | O10: Subdirección Administrativa y Financiera | P10: 80131502 | Q10: Arrendamiento de Instalaciones comerciales o industriales | R10: 25139584 | S10: 25139584 | T10: 25923 | U10: A-02-02-02-007-002 | V10: Celebrado | W10: En ejecución | X10: N/A | Y10: CO-100-2023 | Z10: 45001 | AA10: Arrendamiento | AB10: N/A | AC10: Regional Eje Cafetero | AD10: Pereira | AE10: UNIÒN TEMPORAL CITY PARKING BROKERS /: JUAN CARLOS SALAZAR SANTOS | AF10: 901317464 | AG10: 4 | AH10: PARKING BROKERS S.A.S / CITY PARKING S.A.S | AI10: N/A | AJ10: NO | AK10: REGIMEN COMUN | AM10: N/A | AN10: N/A | AO10: 57023 | AP10: 45001 | AQ10: 25139584 | AR10: 0 | AS10: 0 | AT10: 0 | AU10: =SUM(AQ10+AR10+AS10+AT10) -> 25139584 | AV10: No | AW10: N/A | AX10: No aplica | AY10: 44999 | AZ10: Marzo | BA10: 45291 | BB10: =(BA10-AY10) -> 292 | BC10: ELISABETH USECHE | BD10: 25166983 | BE10: 12507149 | BF10: 45288 | BG10: 0 | BI10: 0 | BM10: 0 | BO10: =SUM(AU10+BE10+BG10+BI10-BM10) -> 37646732 | BP10: =(BQ10-BA10) -> 135 | BQ10: 45426 | BR10: 45288 | BY10: =SUM(BB10+BP10+BS10+BV10) -> 427
A11: UNIDAD ADMINISTRATIVA ESPECIAL MIGRACIÓN COLOMBIA | B11: 900477235-6 | C11: Secop II | D11: 4 | E11: Dayanna Prieto Villalba | F11: 20236011413000002E | G11: Enero | H11: 44951 | I11: PCD-042-2023-4D | J11: N/A | K11: N/A | L11: PRESTAR LOS SERVICIOS PROFESIONALES ESPECIALIZADO CON AUTONOMÍA TÉCNICA Y ADMINISTRATIVA PARA APOYAR LA GESTIÓN DE LA DIRECCIÓN GENERAL DE MIGRACIÓN COLOMBIA, DE ACUERDO CON LAS CONDICIONES SEÑALADAS Y ESPECIFICACIONES TÉCNICAS DESCRITAS EN LOS ESTUDIOS PREVIOS. | M11: Contratación Directa | N11: Prestación de Servicios Profesionales | O11: Dirección General | P11: 80161504 | Q11: Servicios de oficina | R11: 80000000 | S11: 80000000 | T11: 14023 | U11: A-02-02-02-008-003 | V11: Celebrado | W11: Terminación anticipada | X11: N/A | Y11: CO-050-2023 | Z11: 44952 | AA11: Prestación de Servicios Profesionales | AB11: N/A | AC11: Nivel Central | AD11: Bogotá D.C. | AE11: LUIS FERNANDO MARTÍNEZ VARGAS | AF11: 79951390 | AG11: - | AH11: N/A | AI11: ECONOMIA | AJ11: NO | AK11: No es mipyme | AL11: N/A | AM11: 29014 | AN11: =+YEAR(TODAY())-YEAR('Contratación 2023'!$AM5) -> #VALUE! | AO11: 27723 | AP11: 44952 | AQ11: 80000000 | AR11: 0 | AS11: 0 | AT11: 0 | AU11: =SUM(AQ11+AR11+AS11+AT11) -> 80000000 | AV11: Si | AW11: 44953 | AX11: Cumplimiento | AY11: 44958 | AZ11: Enero | BA11: 45200 | BB11: =(BA11-AY11) -> 242 | BC11: MARIA PAULA AVILA GONZALEZ | BD11: 52619262 | BE11: 0 | BG11: 0 | BI11: 0 | BM11: 0 | BO11: =SUM(AU11+BE11+BG11+BI11-BM11) -> 80000000 | BY11: =SUM(BB11+BP11+BS11+BV11) -> 242 | BZ11: 45156 | CA11: LIQUIDADO
A12: UNIDAD ADMINISTRATIVA ESPECIAL MIGRACIÓN COLOMBIA | B12: 900477235-6 | C12: Secop II | D12: 302 | E12: Belisa Amparo Oviedo Diaz | F12: 20236231407000042E | G12: Junio | H12: 45098 | I12: MC-023-2023 | J12: N/A | K12: N/A | L12: CONTRATAR EL SUMINISTRO DE COMBUSTIBLE PARA EL PARQUE AUTOMOTOR Y PLANTAS ELÉCTRICAS DE LA REGIONAL SAN ANDRÉS Y PROVIDENCIA – CFSM SAN ANDRÉS Y PROVIDENCIA. | M12: Mínima cuantía | N12: Prestación de Servicios | O12: Subdirección Administrativa y Financiera | P12: 15101506 | Q12: Combustible diésel | R12: 5000000 | S12: 5000000 | T12: 35623 | U12: A-02-02-01-003-003 | V12: Celebrado | W12: En ejecución | X12: N/A | Y12: AO-017-2023 | Z12: 45120 | AA12: Suministro | AB12: N/A | AC12: Regional San Andres | AD12: San Andres y providencia | AE12: AUTO ISLAS SAS | AF12: 800020672 | AG12: 7 | AH12: N/A | AI12: N/A | AJ12: NO | AK12: REGIMEN COMUN | AL12: SOCIEDAD POR ACCIONES SIMPLIFICADA | AM12: N/A | AN12: N/A | AO12: 125223 | AP12: 45121 | AQ12: 5000000 | AR12: 0 | AS12: 0 | AT12: 0 | AU12: 5000000 | AV12: Si | AW12: 45121 | AX12: Cumplimiento | AY12: 45120 | AZ12: Julio | BA12: 45291 | BB12: =(BA12-AY12) -> 171 | BC12: ARLET PATRICIA VILLADIEGO | BD12: 1123626271 | BE12: 2500000 | BF12: 45287 | BG12: 0 | BI12: 0 | BM12: 0 | BO12: =SUM(AU12+BE12+BG12+BI12-BM12) -> 7500000 | BY12: =SUM(BB12+BP12+BS12+BV12) -> 171
A13: UNIDAD ADMINISTRATIVA ESPECIAL MIGRACIÓN COLOMBIA | B13: 900477235-6 | C13: Secop II | D13: 159 | E13: Belisa Amparo Oviedo Diaz | F13: 20236231414000013E | G13: Junio | H13: 45107 | I13: PCD-137-2023 | J13: N/A | K13: N/A | L13: CONTRATAR EL ARRENDAMIENTO DE UN INMUEBLE PARA EL FUNCIONAMIENTO DEL CFSM DE ARMENIA PERTENECIENTE A LA REGIONAL EJE CAFETERO DE MIGRACIÓN COLOMBIA | M13: Contratación Directa | N13: Arrendamiento | O13: Subdirección Administrativa y Financiera | P13: 80131502 | Q13: Arrendamiento de Instalaciones comerciales o Industriales | R13: 50507916 | S13: 50507916 | T13: 43123 | U13: A-02-02-02-007-002 | V13: Celebrado | W13: En ejecución | X13: N/A | Y13: CO-152-2023 | Z13: 45108 | AA13: Prestación de Servicios de apoyo a la Gestión | AB13: N/A | AC13: Regional Eje Cafetero | AD13: QUINDIO | AE13: INMOBILIARIA ARD ASESORAR COLOMBIA | AF13: 41889835 | AG13: 8 | AH13: N/A | AI13: N/A | AJ13: NO | AK13: RÉGIMEN COMÚN | AL13: N/A | AM13: N/A | AN13: N/A | AO13: 119923 | AP13: 45114 | AQ13: 50507916 | AR13: 0 | AS13: 0 | AT13: 0 | AU13: =SUM(AQ13+AR13+AS13+AT13) -> 50507916 | AV13: No | AW13: N/A | AX13: No aplica | AY13: 45108 | AZ13: Julio | BA13: 45291 | BB13: =(BA13-AY13) -> 183 | BC13: ELISABETH USECHE MARIN | BD13: 25166983 | BE13: 25253958 | BF13: 45274 | BG13: 0 | BI13: 0 | BM13: 0 | BO13: =SUM(AU13+BE13+BG13+BI13-BM13) -> 75761874 | BY13: =SUM(BB13+BP13+BS13+BV13) -> 183
A14: UNIDAD ADMINISTRATIVA ESPECIAL MIGRACIÓN COLOMBIA | B14: 900477235-6 | C14: Secop II | D14: 7 | E14: Dayanna Prieto Villalba | F14: 20232121413000001E | G14: Enero | H14: 44938 | I14: PCD-001-2023-1P | J14: N/A | K14: N/A | L14: PRESTACIÓN DE SERVICIOS PROFESIONALES CON AUTONOMÍA TÉCNICA Y ADMINISTRATIVA EN A LA OFICINA ASESORA DE PLANEACIÓN EN TEMAS DE DIRECCIONAMIENTO Y PLANEACIÓN ESTRATÉGICA EN EL MARCO DEL PLAN NACIONAL DE DESARROLLO, POLÍTICAS PÚBLICAS Y POLÍTICAS DE GESTIÓN INSTITUCIONAL. | M14: Contratación Directa | N14: Prestación de Servicios Profesionales | O14: Oficina Asesora de Planeación | P14: 80111600 | Q14: Servicios de personal temporal | R14: 57500000 | S14: 57500000 | T14: 12223 | U14: C-1199-1002-11-0-1199060-02 | V14: Celebrado | W14: En ejecución | X14: N/A | Y14: CO-002-2023 | Z14: 44939 | AA14: Prestación de Servicios Profesionales | AB14: N/A | AC14: Nivel Central | AD14: Bogotá D.C. | AE14: ANA MARIA OCHOA TABARES | AF14: 52528201 | AG14: - | AH14: N/A | AI14: INGENIERIA INDUSTRIAL | AJ14: NO | AK14: No es mipyme | AL14: N/A | AM14: 29041 | AN14: =+YEAR(TODAY())-YEAR('Contratación 2023'!$AM8) -> 53 | AO14: 15323 | AP14: 44942 | AQ14: 57500000 | AR14: 0 | AS14: 0 | AT14: 0 | AU14: =SUM(AQ14+AR14+AS14+AT14) -> 57500000 | AV14: Si | AW14: 44939 | AX14: Cumplimiento | AY14: 44942 | AZ14: Enero | BA14: 45291 | BB14: =(BA14-AY14) -> 349 | BC14: LEONARDO CARVAJAL HERNANDEZ | BD14: 79513293 | BE14: 0 | BG14: 0 | BI14: 0 | BM14: 0 | BO14: =SUM(AU14+BE14+BG14+BI14-BM14) -> 57500000 | BY14: =SUM(BB14+BP14+BS14+BV14) -> 349
A15: UNIDAD ADMINISTRATIVA ESPECIAL MIGRACIÓN COLOMBIA | B15: 900477235-6 | C15: Secop II | D15: 8 | E15: Dayanna Prieto Villalba | F15: 20232121413000006E | G15: Enero | H15: 44951 | I15: PCD-054-2023-2P | J15: N/A | K15: N/A | L15: PRESTACIÓN DE SERVICIOS PROFESIONALES CON AUTONOMÍA TÉCNICA Y ADMINISTRATIVA PARA LA OFICINA ASESORA DE PLANEACIÓN EN TEMAS DE MEJORA CONTINUA Y SISTEMA INTEGRADO DE GESTIÓN. | M15: Contratación Directa | N15: Prestación de Servicios Profesionales | O15: Oficina Asesora de Planeación | P15: 801615;80121704;80101605;81102702 | Q15: Servicios de apoyo gerencial - Servicios legales sobre contratos - Servicios temporales de redacción - Servicio de ingeniería y diseño para sistemas de control de procesos | R15: 55000000 | S15: 55000000 | T15: 13823 | U15: C-1199-1002-11-0-1199060-02 | V15: Celebrado | W15: En ejecución | X15: N/A | Y15: CO-051-2023 | Z15: 44956 | AA15: Prestación de Servicios Profesionales | AB15: N/A | AC15: Nivel Central | AD15: Bogotá D.C. | AE15: HENRY SANTIAGO GUILLEN CABRERA | AF15: 1016072632 | AG15: - | AH15: N/A | AI15: INGENIERIA INDUSTRIAL | AJ15: NO | AK15: No es mipyme | AL15: N/A | AM15: 34693 | AN15: =+YEAR(TODAY())-YEAR('Contratación 2023'!$AM9) -> 26 | AO15: 31123 | AP15: 44957 | AQ15: 55000000 | AR15: 0 | AS15: 0 | AT15: 0 | AU15: =SUM(AQ15+AR15+AS15+AT15) -> 55000000 | AV15: Si | AW15: 44956 | AX15: Cumplimiento | AY15: 44958 | AZ15: Enero | BA15: 45291 | BB15: =(BA15-AY15) -> 333 | BC15: MAGDA LILIANA VILLANUEVA | BD15: 63536875 | BE15: 0 | BG15: 0 | BI15: 0 | BM15: 0 | BO15: =SUM(AU15+BE15+BG15+BI15-BM15) -> 55000000 | BY15: =SUM(BB15+BP15+BS15+BV15) -> 333
A16: UNIDAD ADMINISTRATIVA ESPECIAL MIGRACIÓN COLOMBIA | B16: 900477235-6 | C16: TVEC | D16: 127 | E16: Belisa Amparo Oviedo Diaz | F16: 20236211410000016E | G16: Abril | H16: 45037 | I16: 149238 | J16: 45027 | K16: 148368 | L16: R2 CONTRATAR EL SERVICIO INTEGRAL DE ASEO Y CAFETERÍA REGIÓN 2 (CARIBE) | M16: Selección abreviada | N16: Acuerdo Marco de Precios | O16: Subdirección Administrativa y Financiera | P16: 76111501 | Q16: Servicios de limpieza y mantenimiento de edificios generales y de oficinas | R16: 1.8947923e+08 | S16: 1.8947923e+08 | T16: 28623 | U16: A-02-02-02-006-003 | V16: Celebrado | W16: En ejecución | X16: N/A | Y16: 108707 | Z16: 45045 | AA16: Prestación de Servicios de apoyo a la Gestión | AB16: N/A | AC16: Regional Atántico | AD16: Cartagena | AE16: UT ECOLIMPIEZA 4G | AF16: 901676833 | AG16: 8 | AH16: ECO SERVIR SAS/ ECO CATERING SAS | AI16: N/A | AJ16: SI | AK16: N/A | AL16: UT | AM16: N/A | AN16: N/A | AO16: 79523 | AP16: 45048 | AQ16: 1.7978419e+08 | AR16: 0 | AS16: 0 | AT16: 0 | AU16: =SUM(AQ16+AR16+AS16+AT16) -> 1.7978419e+08 | AV16: Si | AW16: 45050 | AX16: Cumplimiento | AY16: 45050 | AZ16: Abril | BA16: 45291 | BB16: =(BA16-AY16) -> 241 | BC16: ALABA ATENCIA ANGELA MARLENE | BD16: 9295583 | BE16: 7731652.8 | BF16: 45253 | BG16: 80703777 | BH16: 45287 | BI16: 0 | BM16: 0 | BO16: =SUM(AU16+BE16+BG16+BI16-BM16) -> 2.6821962e+08 | BP16: =(BQ16-BA16) -> 87 | BQ16: 45378 | BR16: 45287 | BY16: =SUM(BB16+BP16+BS16+BV16) -> 328
A17: UNIDAD ADMINISTRATIVA ESPECIAL MIGRACIÓN COLOMBIA | B17: 900477235-6 | C17: TVEC | D17: 128 | E17: Belisa Amparo Oviedo Diaz | F17: 20236211410000015E | G17: Abril | H17: 45013 | I17: 148177 | J17: 45026 | K17: 147477 | L17: R11 CONTRATAR EL SERVICIO INTEGRAL DE ASEO Y CAFETERIA REGION 11: SEDE 1: CFSM CALLE 100 REGIONAL ANDINA, SEDE 2: PCM AEROPUERTO INTERNACIONAL EL DORADO, SEDE 3: SEDE NIVEL CENTRAL EDIFICIO ARGOS, SEDE 4: CB NORMANDÍA DE LA UAEMC. | M17: Selección abreviada | N17: Acuerdo Marco de Precios | O17: Subdirección Administrativa y Financiera | P17: 76111501 | Q17: Servicios de limpieza y mantenimiento de edificios generales y de oficinas | R17: 406829087 | S17: 406829087 | T17: 28623 | U17: A-02-02-02-006-003 | V17: Celebrado | W17: En ejecución | X17: N/A | Y17: 108112 | Z17: 45036 | AA17: Prestación de Servicios de apoyo a la Gestión | AB17: N/A | AC17: Nivel Central | AD17: Bogotá D.C. | AE17: UT OUTSOURCING GIAF | AF17: 901677020 | AG17: 1 | AH17: GESTIÓN INTEGRAL DE ACTIVOS FIJOS SAS / la Empresa MCD Y CIA SAS | AI17: N/A | AJ17: NO | AK17: N/A | AL17: UT | AM17: N/A | AN17: N/A | AO17: 74923 | AP17: 45037 | AQ17: 3.3957289e+08 | AR17: 0 | AS17: 0 | AT17: 0 | AU17: =SUM(AQ17+AR17+AS17+AT17) -> 339572893 | AV17: Si | AW17: 45041 | AX17: Cumplimiento | AY17: 45036 | AZ17: Abril | BA17: 45291 | BB17: =(BA17-AY17) -> 255 | BC17: JOHANA OVIEDO MOLANO | BD17: 52199365 | BE17: 14294548 | BF17: 45232 | BG17: 1701051.3 | BH17: 45237 | BI17: 1.5202646e+08 | BJ17: 45279 | BK17: 1734802.7 | BL17: 45287 | BM17: 0 | BO17: =SUM(AU17+BE17+BG17+BI17-BM17+BK17) -> 5.0932976e+08 | BP17: =(BQ17-BA17) -> 105 | BQ17: 45396 | BR17: 45279 | BY17: =SUM(BB17+BP17+BS17+BV17) -> 360
A18: UNIDAD ADMINISTRATIVA ESPECIAL MIGRACIÓN COLOMBIA | B18: 900477235-6 | C18: TVEC | D18: 134 | E18: Belisa Amparo Oviedo Diaz | F18: 20236211410000018E | G18: Abril | H18: 45044 | I18: 149013 | J18: 45036 | K18: 149752 | L18: R6 CONTRATAR EL SERVICIO INTEGRAL DE ASEO Y CAFETERIA REGION 6 (NARIÑO) | M18: Selección abreviada | N18: Acuerdo Marco de Precios | O18: Subdirección Administrativa y Financiera | P18: 76111501 | Q18: Servicios de limpieza y mantenimiento de edificios generales y de oficinas | R18: 1.5745771e+08 | S18: 1.5745771e+08 | T18: 28623 | U18: A-02-02-02-006-003 | V18: Celebrado | W18: En ejecución | X18: N/A | Y18: 109410 | Z18: 45058 | AA18: Prestación de Servicios de apoyo a la Gestión | AB18: N/A | AC18: Regional Occidente | AD18: Pasto | AE18: UNION TEMPORAL R&J 2022 | AF18: 901677477 | AG18: 7 | AH18: REPRESENTACIONES D JESCA S.A.S y la Empresa R&G SOLUTION GROUP S.A.S | AI18: N/A | AJ18: NO | AK18: N/A | AL18: UT | AM18: N/A | AN18: N/A | AO18: 87523 | AP18: 45061 | AQ18: 1.4873471e+08 | AR18: 0 | AS18: 0 | AT18: 0 | AU18: 1.4873471e+08 | AV18: Si | AW18: 45064 | AX18: Cumplimiento | AY18: 45058 | AZ18: Mayo | BA18: 45291 | BB18: 233 | BC18: ANA MERCEDES FIGUEROA | BD18: 30738603 | BE18: 13880066 | BF18: 45252 | BG18: 60052675 | BH18: 45289 | BI18: 0 | BM18: 0 | BO18: =SUM(AU18+BE18+BG18+BI18-BM18+BK18) -> 2.2266745e+08 | BP18: =(BQ18-BA18) -> 75 | BQ18: 45366 | BR18: 45289 | BY18: =SUM(BB18+BP18+BS18+BV18) -> 308
A19: UNIDAD ADMINISTRATIVA ESPECIAL MIGRACIÓN COLOMBIA | B19: 900477235-6 | C19: TVEC | D19: 141 | E19: Belisa Amparo Oviedo Diaz | F19: 20236211410000006E | G19: Marzo | H19: 45009 | I19: 147265 | J19: 44998 | K19: 146165 | L19: R15 CONTRATAR EL SERVICIO INTEGRAL DE ASEO Y CAFETERIA PARA LAS SEDES DE: SEDE 1: CFSM ARAUCA, SEDE 2: PCM PUENTE INTERNACIONAL JOSÉ ANTONIO PÁEZ, REGION 15 DE LA UNIDAD ADMINISTRATIVA ESPECIAL MIGRACIÓN COLOMBIA. | M19: Selección abreviada | N19: Acuerdo Marco de Precios | O19: Subdirección Administrativa y Financiera | P19: 76111501 | Q19: Servicios de limpieza y mantenimiento de edificios generales y de oficinas | R19: 67610538 | S19: 67610538 | T19: 28623 | U19: A-02-02-02-006-003 | V19: Celebrado | W19: En ejecución | X19: N/A | Y19: 107283 | Z19: 45019 | AA19: Prestación de Servicios de apoyo a la Gestión | AB19: N/A | AC19: Regional Orinoquía | AD19: Arauca | AE19: CONSERJES INMOBILIARIOS | AF19: 800093388 | AG19: 2 | AH19: N/A | AI19: N/A | AJ19: NO | AK19: REGIMEN SIMPLIFICADO | AL19: N/A | AM19: N/A | AN19: N/A | AO19: 66423 | AP19: 45021 | AQ19: 67610538 | AR19: 0 | AS19: 0 | AT19: 0 | AU19: =SUM(AQ19+AR19+AS19+AT19) -> 67610538 | AV19: Si | AW19: 45020 | AX19: Cumplimiento | AY19: 45019 | AZ19: Abril | BA19: 45291 | BB19: =(BA19-AY19) -> 272 | BC19: ANDRES LEONARDO GEROMITO MUAJE | BD19: 1116805502 | BE19: 2931437.1 | BF19: 45250 | BG19: 30623047 | BH19: 45288 | BI19: 0 | BM19: 0 | BO19: =SUM(AU19+BG19-BM19+BE19) -> 1.0116502e+08 | BP19: =(BQ19-BA19) -> 91 | BQ19: 45382 | BR19: 45288 | BY19: =SUM(BB19+BP19+BS19+BV19) -> 363
A20: UNIDAD ADMINISTRATIVA ESPECIAL MIGRACIÓN COLOMBIA | B20: 900477235-6 | C20: TVEC | D20: 135 | E20: Belisa Amparo Oviedo Diaz | F20: 20236211410000022E | G20: Junio | H20: 45082 | I20: 152536 | J20: 45082 | K20: 192388 | L20: R9 CONTRATAR EL SERVICIO INTEGRAL DE ASEO Y CAFETERÍA REGIÓN 9 (ORIENTE) | M20: Selección abreviada | N20: Acuerdo Marco de Precios | O20: Subdirección Administrativa y Financiera | P20: 76111501 | Q20: Servicios de limpieza y mantenimiento de edificios generales y de oficinas | R20: 86956519 | S20: 86956519 | T20: 28623 | U20: A-02-02-02-006-003 | V20: Celebrado | W20: En ejecución | X20: N/A | Y20: 112687 | Z20: 45113 | AA20: Prestación de Servicios de apoyo a la Gestión | AB20: N/A | AC20: Regional Oriente | AD20: Cucuta | AE20: UNIÓN TEMPORAL OUTSOURCING GIAF | AF20: 901677020 | AG20: 1 | AH20: GESTIÓN INTEGRAL DE ACTIVOS FIJOS SAS / la Empresa MCD Y CIA SAS | AI20: N/A | AJ20: SI | AK20: N/A | AL20: UT | AM20: N/A | AN20: N/A | AO20: 121923 | AP20: 45114 | AQ20: 82284885 | AR20: 0 | AS20: 0 | AT20: 0 | AU20: 82284885 | AV20: Si | AW20: 45114 | AX20: Cumplimiento | AY20: 44999 | AZ20: Julio | BA20: 45291 | BB20: =(BA20-AY20) -> 292 | BC20: SERGIO ANDRES BLANCO | BD20: 88264550 | BE20: 6405646.1 | BF20: 45260 | BG20: 37752738 | BH20: 45288 | BI20: 0 | BM20: 3360214.1 | BN20: 45289 | BO20: =SUM(AU20+BG20-BM20+BE20) -> 1.2308306e+08 | BP20: =(BQ20-BA20) -> 70 | BQ20: 45361 | BR20: 45288 | BY20: =SUM(BB20+BP20+BS20+BV20) -> 362
A21: UNIDAD ADMINISTRATIVA ESPECIAL MIGRACIÓN COLOMBIA | B21: 900477235-6 | C21: TVEC | D21: 137 | E21: Belisa Amparo Oviedo Diaz | F21: 20236211410000013E | G21: Marzo | H21: 45027 | I21: 148274 | J21: 45009 | K21: 147290 | L21: R7 CONTRATAR EL SERVICIO INTEGRAL DE ASEO Y CAFETERIA PARA LAS SEDES: NEIVA, IBAGUÉ Y PUERTO LEGUIZAMO, REGION 7 DE LA UNIDAD ADMINISTRATIVA ESPECIAL MIGRACIÓN COLOMBIA | M21: Selección abreviada | N21: Acuerdo Marco de Precios | O21: Subdirección Administrativa y Financiera | P21: 76111501 | Q21: Servicios de limpieza y mantenimiento de edificios generales y de oficinas | R21: 72412041 | S21: 72412041 | T21: 28623 | U21: A-02-02-02-006-003 | V21: Celebrado | W21: En ejecución | X21: N/A | Y21: 108012 | Z21: 45035 | AA21: Prestación de Servicios de apoyo a la Gestión | AB21: N/A | AC21: Regional Andina | AD21: Neiva | AE21: INTERNEGOCIOS SAS | AF21: 900240753 | AG21: 1 | AH21: N/A | AI21: N/A | AJ21: SI | AK21: REGIMEN SIMPLIFICADO | AM21: N/A | AN21: N/A | AO21: 73523 | AP21: 45036 | AQ21: 66859366 | AR21: 0 | AS21: 0 | AT21: 0 | AU21: =SUM(AQ21+AR21+AS21+AT21) -> 66859366 | AV21: Si | AW21: 45041 | AX21: Cumplimiento | AY21: 45035 | AZ21: Abril | BA21: 45291 | BB21: =(BA21-AY21) -> 256 | BC21: CARLOS ALBERTO ARCHILA | BD21: 79448817 | BE21: 33260930 | BF21: 45279 | BG21: 0 | BI21: 0 | BM21: 0 | BO21: =SUM(AU21+BE21+BG21+BI21-BM21) -> 1.001203e+08 | BP21: =(BQ21-BA21) -> 124 | BQ21: 45415 | BR21: 45279 | BY21: =SUM(BB21+BP21+BS21+BV21) -> 380
A22: UNIDAD ADMINISTRATIVA ESPECIAL MIGRACIÓN COLOMBIA | B22: 900477235-6 | C22: TVEC | D22: 129 | E22: Belisa Amparo Oviedo Diaz | F22: 20236211410000009E | G22: Marzo | H22: 45009 | I22: 146546 | J22: 45000 | K22: 147273 | L22: R5 CONTRATAR EL SERVICIO INTEGRAL DE ASEO Y CAFETERIA PARA LAS SEDES DE POPAYÁN, BUENAVENTURA, CALI Y PALMIRA REGION 5 DE LA UNIDAD ADMINISTRATIVA ESPECIAL MIGRACIÓN COLOMBIA | M22: Selección abreviada | N22: Acuerdo Marco de Precios | O22: Subdirección Administrativa y Financiera | P22: 76111501 | Q22: Servicios de limpieza y mantenimiento de edificios generales y de oficinas | R22: 119925811 | S22: 119925811 | T22: 28623 | U22: A-02-02-02-006-003 | V22: Celebrado | W22: En ejecución | X22: N/A | Y22: 107318 | Z22: 45020 | AA22: Prestación de Servicios de apoyo a la Gestión | AB22: N/A | AC22: Regional Occidente | AD22: Cali | AE22: INTERNEGOCIOS SAS | AF22: 900240753 | AG22: 1 | AH22: N/A | AI22: N/A | AJ22: NO | AK22: REGIMEN SIMPLIFICADO | AL22: SOCIEDAD POR ACCIONES SIMPLIFICADA | AM22: N/A | AN22: N/A | AO22: 66723 | AP22: 45021 | AQ22: 1.1318003e+08 | AR22: 0 | AS22: 0 | AT22: 0 | AU22: =SUM(AQ22+AR22+AS22+AT22) -> 113180028 | AV22: Si | AW22: 45036 | AX22: Cumplimiento | AY22: 45092 | AZ22: Abril | BA22: 45291 | BB22: =(BA22-AY22) -> 199 | BC22: AIDA LORENA TELLO | BD22: 27082113 | BE22: 1723489.6 | BF22: 45287 | BG22: 54484934 | BH22: 45288 | BI22: 0 | BM22: 0 | BO22: =SUM(AU22+BE22+BG22) -> 1.6938845e+08 | BP22: =(BQ22-BA22) -> 122 | BQ22: 45413 | BR22: 45287 | BY22: =SUM(BB22+BP22+BS22+BV22) -> 321
A23: UNIDAD ADMINISTRATIVA ESPECIAL MIGRACIÓN COLOMBIA | B23: 900477235-6 | C23: TVEC | D23: 130 | E23: Belisa Amparo Oviedo Diaz | F23: 20236211410000014E | G23: Abril | H23: 45009 | I23: 148295 | J23: 45027 | K23: 147157 | L23: R8 CONTRATAR EL SERVICIO INTEGRAL DE ASEO Y CAFETERÍA PARA LAS SEDES TUNJA Y YOPAL REGIÓN 8 DE LA UNIDAD ADMINISTRATIVA ESPECIAL MIGRACIÓN COLOMBIA | M23: Selección abreviada | N23: Acuerdo Marco de Precios | O23: Subdirección Administrativa y Financiera | P23: 76111501 | Q23: Servicios de limpieza y mantenimiento de edificios generales y de oficinas | R23: 32196200 | S23: 32196200 | T23: 28623 | U23: A-02-02-02-006-003 | V23: Celebrado | W23: En ejecución | X23: N/A | Y23: 108011 | Z23: 45035 | AA23: Prestación de Servicios de apoyo a la Gestión | AB23: N/A | AC23: Regional Andina | AD23: Tunja | AE23: UT ASEAMOS 2022 A4 | AF23: 901676927 | AG23: 1 | AH23: PAULO CESAR CARVAJAL LARA Y/O PRODUCTOS INSTITUCIONALES y la Empresa ASEAMOS INSTITUCIONAL SAS | AI23: N/A | AJ23: NO | AK23: N/A | AL23: UT | AM23: N/A | AN23: N/A | AO23: 73623 | AP23: 45036 | AQ23: 29011981 | AR23: 0 | AS23: 0 | AT23: 0 | AU23: =SUM(AQ23+AR23+AS23+AT23) -> 29011981 | AV23: Si | AW23: 45041 | AX23: Cumplimiento | AY23: 45035 | AZ23: Abril | BA23: 45291 | BB23: =(BA23-AY23) -> 256 | BC23: CARLOS ALBERTO ARCHILA | BD23: 79448817 | BE23: 14472635 | BF23: 45280 | BG23: 14042.09 | BH23: 45287 | BI23: 0 | BM23: 0 | BO23: =SUM(AU23+BE23+BG23) -> 43498658 | BP23: =(BQ23-BA23) -> 116 | BQ23: 45407 | BR23: 45287 | BY23: =SUM(BB23+BP23+BS23+BV23) -> 372
A24: UNIDAD ADMINISTRATIVA ESPECIAL MIGRACIÓN COLOMBIA | B24: 900477235-6 | C24: TVEC | D24: 131 | E24: Belisa Amparo Oviedo Diaz | F24: 20236211410000003E | G24: Marzo | H24: 45009 | I24: 147269 | J24: 44998 | K24: 146169 | L24: R10 CONTRATAR EL SERVICIO INTEGRAL DE ASEO Y CAFETERÍA PARA LA SEDE DE VILLAVICENCIO REGIÓN 10 DE LA UNIDAD ADMINISTRATIVA ESPECIAL MIGRACIÓN COLOMBIA | M24: Selección abreviada | N24: Acuerdo Marco de Precios | O24: Subdirección Administrativa y Financiera | P24: 76111501 | Q24: Servicios de limpieza y mantenimiento de edificios generales y de oficinas | R24: 24527659 | S24: 24527659 | T24: 28623 | U24: A-02-02-02-006-003 | V24: Celebrado | W24: En ejecución | X24: N/A | Y24: 107282 | Z24: 45019 | AA24: Prestación de Servicios de apoyo a la Gestión | AB24: N/A | AC24: Regional Occidente | AD24: Villavicencio | AE24: UNION TEMPORAL SERTOP | AF24: 901677370 | AG24: 4 | AH24: TOP ECO CLEANING SAS y la Empresa COOPERATIVA DE TRABAJO ASOCIADO SERCONAL | AI24: N/A | AJ24: NO | AK24: N/A | AL24: UT | AM24: N/A | AN24: N/A | AO24: 66623 | AP24: 45021 | AQ24: 23525852 | AR24: 0 | AS24: 0 | AT24: 0 | AU24: =SUM(AQ24+AR24+AS24+AT24) -> 23525852 | AV24: Si | AW24: 45030 | AX24: Cumplimiento | AY24: 45019 | AZ24: Enero | BA24: 45291 | BB24: =(BA24-AY24) -> 272 | BC24: MIGUEL ANGEL LUNA CASTRO | BD24: 17586972 | BG24: 8626145.9 | BH24: 45287 | BI24: 0 | BM24: 0 | BO24: =SUM(AU24+BE24+BG24) -> 32151998 | BP24: =(BQ24-BA24) -> 91 | BQ24: 45382 | BR24: 45287 | BY24: =SUM(BB24+BP24+BS24+BV24) -> 363
A25: UNIDAD ADMINISTRATIVA ESPECIAL MIGRACIÓN COLOMBIA | B25: 900477235-6 | C25: Secop II | D25: 21 | E25: Dayanna Prieto Villalba | F25: 20232241413000002E | G25: Enero | H25: 44944 | I25: PCD-037-2023-1J | J25: N/A | K25: N/A | L25: PRESTACION DE SERVICIOS PROFESIONALES CON AUTONOMÍA TÉCNICA Y ADMINISTRATIVA PARA APOYAR LA GESTIÓN DEL GRUPO DE DEFENSA JUDICIAL, EXTRAJUDICIAL Y VÍA ADMINISTRATIVA DE LA OFICINA ASESORA JURÍDICA DE MIGRACIÓN COLOMBIA DE ACUERDO CON LAS CONDICIONES SEÑALADAS Y ESPECIFICACIONES TÉCNICAS DESCRITAS EN LOS ESTUDIOS PREVIOS. | M25: Contratación Directa | N25: Prestación de Servicios Profesionales | O25: Oficina Asesora Jurídica | P25: 81101508;80161500;80161504;80121704 | Q25: Ingeniería arquitectónica - Servicios de apoyo gerencial - Servicios de oficina - Servicios legales sobre contratos | R25: 70400000 | S25: 70400000 | T25: 10323 | U25: A-02-02-02-008-003 | V25: Celebrado | W25: En ejecución | X25: N/A | Y25: CO-029-2023 | Z25: 44945 | AA25: Prestación de Servicios Profesionales | AB25: N/A | AC25: Nivel Central | AD25: Bogotá D.C. | AE25: ANA CONSTANZA POLANIA | AF25: 52258308 | AG25: - | AH25: N/A | AI25: ABOGADO | AJ25: NO | AK25: No es mipyme | AL25: N/A | AM25: 27505 | AN25: =+YEAR(TODAY())-YEAR('Contratación 2023'!$AM19) -> #VALUE! | AO25: 20423 | AP25: 44945 | AQ25: 70400000 | AR25: 0 | AS25: 0 | AT25: 0 | AU25: =SUM(AQ25+AR25+AS25+AT25) -> 70400000 | AV25: Si | AW25: 44945 | AX25: Cumplimiento | AY25: 44949 | AZ25: Enero | BA25: 45282 | BB25: =(BA25-AY25) -> 333 | BC25: CARLOS JULIO AVILA CORONEL | BD25: 79279880 | BE25: 0 | BG25: 0 | BI25: 0 | BM25: 0 | BO25: =SUM(AU25+BE25+BG25+BI25-BM25) -> 70400000 | BY25: =SUM(BB25+BP25+BS25+BV25) -> 333
A26: UNIDAD ADMINISTRATIVA ESPECIAL MIGRACIÓN COLOMBIA | B26: 900477235-6 | C26: TVEC | D26: 132 | E26: Belisa Amparo Oviedo Diaz | F26: 20236211410000002E | G26: Marzo | H26: 45012 | I26: 146167 | J26: 44998 | K26: 147267 | L26: R4 CONTRATAR EL SERVICIO INTEGRAL DE ASEO Y CAFETERIA PARA LA SEDE DE ARMENIA, PEREIRA, EL EDÉN (LA TEBAIDA) Y MANIZALES. REGION 4 DE LA UNIDAD ADMINISTRATIVA ESPECIAL MIGRACIÓN COLOMBIA | M26: Selección abreviada | N26: Acuerdo Marco de Precios | O26: Subdirección Administrativa y Financiera | P26: 76111501 | Q26: Servicios de limpieza y mantenimiento de edificios generales y de oficinas | R26: 90896788 | S26: 90896788 | T26: 28623 | U26: A-02-02-02-006-003 | V26: Celebrado | W26: En ejecución | X26: N/A | Y26: 108075 | Z26: 45036 | AA26: Prestación de Servicios de apoyo a la Gestión | AB26: N/A | AC26: Regional Eje Cafetero | AD26: Armenia | AE26: UNION TEMPORAL SERTOP | AF26: 901677370 | AG26: 4 | AH26: TOP ECO CLEANING SAS y la Empresa COOPERATIVA DE TRABAJO ASOCIADO SERCONAL | AI26: N/A | AJ26: NO | AK26: N/A | AL26: UT | AM26: N/A | AN26: N/A | AO26: 75023 | AP26: 45037 | AQ26: 87025363 | AR26: 0 | AS26: 0 | AT26: 0 | AU26: =SUM(AQ26+AR26+AS26+AT26) -> 87025363 | AV26: Si | AW26: 45036 | AX26: Cumplimiento | AY26: 45036 | AZ26: Abril | BA26: 45291 | BB26: =(BA26-AY26) -> 255 | BC26: ELISABETH USECHE MARIN | BD26: 25166983 | BE26: 43195579 | BF26: 45287 | BG26: 0 | BI26: 0 | BM26: 0 | BO26: =SUM(AU26+BE26+BG26+BI26-BM26) -> 1.3022094e+08 | BP26: =(BQ26-BA26) -> 123 | BQ26: 45414 | BR26: 45287 | BY26: =SUM(BB26+BP26+BS26+BV26) -> 378
A27: UNIDAD ADMINISTRATIVA ESPECIAL MIGRACIÓN COLOMBIA | B27: 900477235-6 | C27: TVEC | D27: 136 | E27: Belisa Amparo Oviedo Diaz | F27: 20236211410000007E | G27: Marzo | H27: 45009 | I27: 146540 | J27: 45000 | K27: 147271 | L27: R1 CONTRATAR EL SERVICIO INTEGRAL DE ASEO Y CAFETERIA PARA LAS SEDES DE: SANTA MARTA, RIOHACHA, MAICAO, VALLEDUPAR, Y PCM PARAGUACHON (MAICAO) REGION 1 DE LA UNIDAD ADMINISTRATIVA ESPECIAL MIGRACIÓN COLOMBIA | M27: Selección abreviada | N27: Acuerdo Marco de Precios | O27: Subdirección Administrativa y Financiera | P27: 76111501 | Q27: Servicios de limpieza y mantenimiento de edificios generales y de oficinas | R27: 175550532 | S27: 175550532 | T27: 28623 | U27: A-02-02-02-006-003 | V27: Celebrado | W27: En ejecución | X27: N/A | Y27: 108010 | Z27: 45035 | AA27: Prestación de Servicios de apoyo a la Gestión | AB27: N/A | AC27: Regional Atántico | AD27: Santa Martha | AE27: UNIÓN TEMPORAL OUTSOURCING GIAF | AF27: 901677020 | AG27: 1 | AH27: GESTIÓN INTEGRAL DE ACTIVOS FIJOS SAS / la Empresa MCD Y CIA SAS | AI27: N/A | AJ27: NO | AK27: N/A | AL27: UT | AM27: N/A | AN27: N/A | AO27: 73323 | AP27: 45035 | AQ27: 1.6925917e+08 | AR27: 0 | AS27: 0 | AT27: 0 | AU27: =SUM(AQ27+AR27+AS27+AT27) -> 1.6925917e+08 | AV27: Si | AW27: 21/04/202 | AX27: Cumplimiento | AY27: 45035 | AZ27: Abril | BA27: 45291 | BB27: =(BA27-AY27) -> 256 | BC27: HILAIS MILAGRO ARREDONDO | BD27: 1124064259 | BE27: 84287156 | BF27: 45282 | BG27: 0 | BI27: 0 | BM27: 0 | BO27: =SUM(AU27+BE27+BG27+BI27-BM27) -> 2.5354632e+08 | BP27: =(BQ27-BA27) -> 104 | BQ27: 45395 | BR27: 45282 | BY27: =SUM(BB27+BP27+BS27+BV27) -> 360
A28: UNIDAD ADMINISTRATIVA ESPECIAL MIGRACIÓN COLOMBIA | B28: 900477235-6 | C28: Secop II | D28: 24 | E28: Cesar Augusto Mejia Carrillo | F28: 20232241413000004E | G28: Enero | H28: 44953 | I28: PCD-055-2023-4J | J28: N/A | K28: N/A | L28: PRESTACION DE SERVICIOS DE APOYO A LA GESTIÓN CON AUTONOMÍA TÉCNICA Y ADMINISTRATIVA PARA APOYAR AL GRUPO DE DEFENSA JUDICIAL, EXTRAJUDICIAL Y VÍA ADMINISTRATIVA DE LA OFICINA ASESORA JURÍDICA DE MIGRACIÓN COLOMBIA DE ACUERDO CON LAS CONDICIONES SEÑALADAS Y ESPECIFICACIONES TÉCNICAS DESCRITAS EN LOS ESTUDIOS PREVIOS | M28: Contratación Directa | N28: Prestación de Servicios de Apoyo a la Gestión | O28: Oficina Asesora Jurídica | P28: 80161504 | Q28: Servicios de Gestión, Servicios Profesionales de Empresa y Servicios Administrativos- Servicios de Administración de Empresas- Servicios de Apoyo Gerencial- Servicios de oficina | R28: 30800000 | S28: 30800000 | T28: 15523 | U28: A-02-02-02-008-003 | V28: Celebrado | W28: En ejecución | X28: N/A | Y28: CO-048-2023 | Z28: 44957 | AA28: Prestación de Servicios de apoyo a la Gestión | AB28: N/A | AC28: Nivel Central | AD28: Bogotá D.C. | AE28: NUBIA AMPARO RODRIGUEZ MORENO | AF28: 51977370 | AG28: - | AH28: N/A | AI28: ABOGADO | AJ28: NO | AK28: No es mipyme | AL28: N/A | AM28: 25536 | AN28: =+YEAR(TODAY())-YEAR('Contratación 2023'!$AM19) -> #VALUE! | AO28: 30523 | AP28: 44956 | AQ28: 30800000 | AR28: 0 | AS28: 0 | AT28: 0 | AU28: =SUM(AQ28+AR28+AS28+AT28) -> 30800000 | AV28: Si | AW28: 44956 | AX28: Cumplimiento | AY28: 44957 | AZ28: Enero | BA28: 45291 | BB28: =(BA28-AY28) -> 334 | BC28: CARLOS JULIO AVILA CORONEL | BD28: 79279880 | BE28: 0 | BG28: 0 | BI28: 0 | BM28: 0 | BO28: =SUM(AU28+BE28+BG28+BI28-BM28) -> 30800000 | BY28: =SUM(BB28+BP28+BS28+BV28) -> 334
A29: UNIDAD ADMINISTRATIVA ESPECIAL MIGRACIÓN COLOMBIA | B29: 900477235-6 | C29: TVEC | D29: 139 | E29: Belisa Amparo Oviedo Diaz | F29: 20236211410000005E | G29: Marzo | H29: 45009 | I29: 147158 | J29: 44998 | K29: 146163 | L29: R13 CONTRATAR EL SERVICIO INTEGRAL DE ASEO Y CAFETERIA PARA LAS SEDES DE: SEDE 1: CFSM LETICIA, SEDE 2: PCMA AEROPUERTO INTERNACIONAL ALFREDO VASQUEZ COBO, SEDE 3: PCM BALSA MIGRATORIA LETICIA, REGION 13 DE LA UNIDAD ADMINISTRATIVA ESPECIAL MIGRACIÓN COLOMBIA. | M29: Selección abreviada | N29: Acuerdo Marco de Precios | O29: Subdirección Administrativa y Financiera | P29: 76111501 | Q29: Servicios de limpieza y mantenimiento de edificios generales y de oficinas | R29: 78950587 | S29: 78950587 | T29: 28623 | U29: A-02-02-02-006-003 | V29: Celebrado | W29: En ejecución | X29: N/A | Y29: 107284 | Z29: 45019 | AA29: Prestación de Servicios de apoyo a la Gestión | AB29: N/A | AC29: Regional Amazonas | AD29: Leticia | AE29: CONSERJES INMOBILIARIOS | AF29: 800093388 | AG29: 2 | AH29: N/A | AI29: N/A | AJ29: NO | AK29: N/A | AL29: REGIMEN SIMPLIFICADO | AM29: N/A | AN29: N/A | AO29: 66323 | AP29: 45021 | AQ29: 78950587 | AR29: 0 | AS29: 0 | AT29: 0 | AU29: =SUM(AQ29+AR29+AS29+AT29) -> 78950587 | AV29: Si | AW29: 45021 | AX29: Cumplimiento | AY29: 45019 | AZ29: Abril | BA29: 45291 | BB29: =(BA29-AY29) -> 272 | BC29: DIANA VICENTA CAMARGO | BD29: 41057375 | BE29: 39436097 | BF29: 45288 | BG29: 0 | BI29: 0 | BM29: 0 | BO29: =SUM(AU29+BE29+BG29+BI29-BM29) -> 1.1838668e+08 | BP29: =(BQ29-BA29) -> 107 | BQ29: 45398 | BR29: 45288 | BY29: =SUM(BB29+BP29+BS29+BV29) -> 379
A30: UNIDAD ADMINISTRATIVA ESPECIAL MIGRACIÓN COLOMBIA | B30: 900477235-6 | C30: Secop II | D30: 26 | E30: Cesar Augusto Mejia Carrillo | F30: 20232261413000001E | G30: Enero | H30: 44945 | I30: PCD-007-2023-7J | J30: N/A | K30: N/A | L30: CONTRATAR LA PRESTACION DE SERVICIOS PROFESIONALES CON AUTONOMÍA TÉCNICA Y ADMINISTRATIVA, PARA APOYAR LA GESTIÓN DEL GRUPO DE APOYO CONTRACTUAL DE LA OFICINA ASESORA JURÍDICA, DE ACUERDO CON LAS CONDICIONES SEÑALADAS Y ESPECIFICACIONES TÉCNICAS DESCRITAS EN LOS ESTUDIOS PREVIOS | M30: Contratación Directa | N30: Prestación de Servicios Profesionales | O30: Oficina Asesora Jurídica | P30: 80161504 | Q30: Servicios de Gestión, Servicios Profesionales de Empresa y Servicios Administrativos- Servicios de Administración de Empresas- Servicios de Apoyo Gerencial- Servicios de oficina | R30: 60000000 | S30: 60000000 | T30: 9923 | U30: A-02-02-02-008-003 | V30: Celebrado | W30: En ejecución | X30: N/A | Y30: CO-036-2023 | Z30: 44949 | AA30: Prestación de Servicios Profesionales | AB30: N/A | AC30: Nivel Central | AD30: Bogotá D.C. | AE30: RODRIGO ANDRES GARCIA | AF30: 1075243527 | AG30: - | AH30: N/A | AI30: ABOGADO | AJ30: NO | AK30: No es mipyme | AL30: N/A | AM30: N/A | AN30: N/A | AO30: 21623 | AP30: 44946 | AQ30: 60000000 | AR30: 0 | AS30: 0 | AT30: 0 | AU30: =SUM(AQ30+AR30+AS30+AT30) -> 60000000 | AV30: Si | AW30: 44945 | AX30: Cumplimiento | AY30: 44949 | AZ30: Enero | BA30: 45249 | BB30: =(BA30-AY30) -> 300 | BC30: CARLOS JULIO AVILA CORONEL | BD30: 79279880 | BE30: 8200000 | BF30: 45218 | BG30: 0 | BI30: 0 | BM30: 0 | BO30: =SUM(AU30+BE30+BG30+BI30-BM30) -> 68200000 | BP30: 41 | BQ30: 45290 | BY30: =SUM(BB30+BP30+BS30+BV30) -> 341
A31: UNIDAD ADMINISTRATIVA ESPECIAL MIGRACIÓN COLOMBIA | B31: 900477235-6 | C31: Secop II | D31: 27 | E31: Dayanna Prieto Villalba | F31: 20232261415000001E | G31: Febrero | H31: 44979 | I31: PCD-074-2023-9J | J31: N/A | K31: N/A | L31: CONTRATAR LA ADQUISICIÓN DE LA SUSCRIPCIÓN A UNA BIBLIOTECA JURÍDICA VIRTUAL, CON INSTALACIÓN DE SOFTWARE Y HERRAMIENTA DE CONSULTA DE INFORMACIÓN JURÍDICA, ASÍ COMO LA ACTUALIZACIÓN Y EL MANTENIMIENTO DEL NORMOGRAMA, CON COBERTURA NACIONAL Y COMPILACIÓN NORMATIVA PARA LA UNIDAD ADMINISTRATIVA ESPECIAL MIGRACIÓN COLOMBIA | M31: Contratación Directa | N31: Exclusividad | O31: Oficina Asesora Jurídica | P31: 55111515;82121802 | Q31: Audio cinta de material educacional - Servicios de publicaciones financiadas por el autor | R31: 36890000 | S31: 36890000 | T31: 22123 | U31: A-02-02-02-008-004 | V31: Celebrado | W31: En ejecución | X31: N/A | Y31: CO-084-2023 | Z31: 44994 | AA31: Suscripción | AB31: N/A | AC31: Nivel Central | AD31: Bogotá D.C. | AE31: AVANCE JURIDICO CASA EDITORIAL LTDA | AF31: 830041326 | AG31: 2 | AH31: N/A | AI31: N/A | AJ31: SI | AK31: Pequeña | AL31: Sociedad de Responsabilidad Limitada | AM31: N/A | AN31: N/A | AO31: 53123 | AP31: 44995 | AQ31: 36890000 | AR31: 0 | AS31: 0 | AT31: 0 | AU31: =SUM(AQ31+AR31+AS31+AT31) -> 36890000 | AV31: No | AW31: N/A | AX31: No aplica | AY31: 44995 | AZ31: Marzo | BA31: 45209 | BB31: =(BA31-AY31) -> 214 | BC31: CARLOS JULIO AVILA CORONEL | BD31: 79279880 | BE31: 0 | BG31: 0 | BI31: 0 | BM31: 0 | BO31: =SUM(AU31+BE31+BG31+BI31-BM31) -> 36890000 | BY31: =SUM(BB31+BP31+BS31+BV31) -> 214
A32: UNIDAD ADMINISTRATIVA ESPECIAL MIGRACIÓN COLOMBIA | B32: 900477235-6 | C32: Secop II | D32: 29 | E32: Cesar Augusto Mejia Carrillo | F32: 20232401413000003E | G32: Enero | H32: 44949 | I32: PCD-045-2023-1COM | J32: N/A | K32: N/A | L32: CONTRATAR LA PRESTACIÓN DE LOS SERVICIOS TÉCNICOS Y ADMINISTRATIVOS COMO APOYO A LA GESTIÓN DE LA OFICINA DE COMUNICACIONES Y SERVICIO AL CIUDADANO | M32: Contratación Directa | N32: Prestación de Servicios Profesionales | O32: Oficina de Comunicaciones | P32: 80-16-15-04 | Q32: Servicios de Gestión, Servicios Profesionales de Empresa y Servicios Administrativos- Servicios de Administración de Empresas- Servicios de Apoyo Gerencial- Servicios de oficina | R32: 47150000 | S32: 47150000 | T32: 13423 | U32: A-02-02-02-008-003 | V32: Celebrado | W32: En ejecución | X32: N/A | Y32: CO-043-2023 | Z32: 44950 | AA32: Prestación de Servicios Profesionales | AB32: N/A | AC32: Nivel Central | AD32: Bogotá D.C. | AE32: EDGAR AURELIO MATIZ MENJURA | AF32: 79727331 | AG32: - | AH32: N/A | AI32: TÉCNICO EN ELECTRÓNICA | AJ32: NO | AK32: No es mipyme | AL32: N/A | AM32: 28513 | AN32: =+YEAR(TODAY())-YEAR('Contratación 2023'!$AM23) -> #VALUE! | AO32: 24823 | AP32: 44950 | AQ32: 47150000 | AR32: 0 | AS32: 0 | AT32: 0 | AU32: =SUM(AQ32+AR32+AS32+AT32) -> 47150000 | AV32: Si | AW32: 44949 | AX32: Cumplimiento | AY32: 44950 | AZ32: Enero | BA32: 45291 | BB32: =(BA32-AY32) -> 341 | BC32: MARITZA ROCÍO SERRANO VILLAMIL | BD32: 393757630 | BE32: 0 | BG32: 0 | BI32: 0 | BM32: 0 | BO32: =SUM(AU32+BE32+BG32+BI32-BM32) -> 47150000 | BY32: =SUM(BB32+BP32+BS32+BV32) -> 341
A33: UNIDAD ADMINISTRATIVA ESPECIAL MIGRACIÓN COLOMBIA | B33: 900477235-6 | C33: Secop II | D33: 30 | E33: Alejandra María Arcos Medina | F33: 20232401413000004E | G33: Enero | H33: 44942 | I33: PCD-027-2023-2COM | J33: N/A | K33: N/A | L33: CONTRATAR LA PRESTACIÓN DE LOS SERVICIOS TÉCNICOS Y ADMINISTRATIVOS COMO APOYO A LA GESTIÓN DE LA OFICINA DE COMUNICACIONES PARA EL MANEJO DE LAS REDES SOCIALES DE LA ENTIDAD. | M33: Contratación Directa | N33: Prestación de Servicios de Apoyo a la Gestión | O33: Oficina de Comunicaciones | P33: 80161504 | Q33: Servicios de gestión, servicios profesionales de empresa y servicios administrativos | R33: 63250000 | S33: 63250000 | T33: 13523 | U33: A-02-02-02-008-003 | V33: Celebrado | W33: En ejecución | X33: N/A | Y33: CO-024-2023 | Z33: 44944 | AA33: Prestación de Servicios de apoyo a la Gestión | AB33: N/A | AC33: Nivel Central | AD33: Bogotá D.C. | AE33: JAVIER ENRIQUE GONZÁLEZ GONZÁLEZ | AF33: 79865008 | AG33: - | AH33: N/A | AI33: DISEÑO Y PRODUCCION DE TELEVISION | AJ33: NO | AK33: No es mipyme | AL33: N/A | AM33: 28250 | AN33: =+YEAR(TODAY())-YEAR('Contratación 2023'!$AM27) -> #VALUE! | AO33: 18723 | AP33: 44944 | AQ33: 63250000 | AR33: 0 | AS33: 0 | AT33: 0 | AU33: =SUM(AQ33+AR33+AS33+AT33) -> 63250000 | AV33: Si | AW33: 44944 | AX33: Cumplimiento | AY33: 44944 | AZ33: Enero | BA33: 45291 | BB33: =(BA33-AY33) -> 347 | BC33: MARITZA ROCÍO SERRANO VILLAMIL | BD33: 393757630 | BE33: 0 | BG33: 0 | BI33: 0 | BM33: 0 | BO33: =SUM(AU33+BE33+BG33+BI33-BM33) -> 63250000 | BY33: =SUM(BB33+BP33+BS33+BV33) -> 347
A34: UNIDAD ADMINISTRATIVA ESPECIAL MIGRACIÓN COLOMBIA | B34: 900477235-6 | C34: Secop II | D34: 31 | E34: Dayanna Prieto Villalba | F34: 20232401413000005E | G34: Enero | H34: 44944 | I34: PCD-038-2023-3COM | J34: N/A | K34: N/A | L34: PARTICIPAR, IMPLEMENTAR Y ACOMPAÑAR LA EJECUCIÓN DE LAS ACCIONES PLANEADAS POR LA OFICINA DE COMUNICACIONES Y SERVICIO PARA COMUNICACIÓN INTERNA DE MIGRACIÓN COLOMBIA EN DESARROLLO DE SU MISIONALIDAD Y DE ACUERDO CON LAS NECESIDADES DE LA ENTIDAD. | M34: Contratación Directa | N34: Prestación de Servicios Profesionales | O34: Oficina de Comunicaciones | P34: 80161504 | Q34: Servicios de oficina | R34: 69000000 | S34: 69000000 | T34: 13623 | U34: A-02-02-02-008-003 | V34: Celebrado | W34: En ejecución | X34: N/A | Y34: CO-028-2023 | Z34: 44945 | AA34: Prestación de Servicios Profesionales | AB34: N/A | AC34: Nivel Central | AD34: Bogotá D.C. | AE34: LUIS ALFONSO VIECCO ROSADO | AF34: 77172059 | AG34: - | AH34: N/A | AI34: COMUNICACIÓN SOCIAL | AJ34: NO | AK34: No es mipyme | AL34: N/A | AM34: 26694 | AN34: =+YEAR(TODAY())-YEAR('Contratación 2023'!$AM28) -> 55 | AO34: 20123 | AP34: 44945 | AQ34: 69000000 | AR34: 0 | AS34: 0 | AT34: 0 | AU34: =SUM(AQ34+AR34+AS34+AT34) -> 69000000 | AV34: Si | AW34: 44944 | AX34: Cumplimiento | AY34: 44945 | AZ34: Enero | BA34: 45291 | BB34: =(BA34-AY34) -> 346 | BC34: MARITZA ROCIO SERRANO VILLAMIL | BD34: 39757630 | BE34: 0 | BG34: 0 | BI34: 0 | BM34: 0 | BO34: =SUM(AU34+BE34+BG34+BI34-BM34) -> 69000000 | BY34: =SUM(BB34+BP34+BS34+BV34) -> 346
A35: UNIDAD ADMINISTRATIVA ESPECIAL MIGRACIÓN COLOMBIA | B35: 900477235-6 | C35: Secop II | D35: 32 | E35: Alejandra María Arcos Medina | F35: 20232401413000001E | G35: Enero | H35: 44939 | I35: PCD-018-2023-4COM | J35: N/A | K35: N/A | L35: CONTRATAR LA PRESTACIÓN DE LOS SERVICIOS PROFESIONALES PARA LA OFICINA DE COMUNICACIONES, REALIZANDO LA GENERACIÓN DE CONTENIDOS DIGITALES EXTERNOS, PRODUCCIÓN DE EVENTOS CON GOBIERNO, GENERACIÓN DE CONTENIDOS WEB Y DISEÑO DE CAMPAÑAS INSTITUCIONALES | M35: Contratación Directa | N35: Prestación de Servicios Profesionales | O35: Oficina de Comunicaciones | P35: 80161504 | Q35: Servicios de gestión, servicios profesionales de empresa y servicios administrativos | R35: 86250000 | S35: 86250000 | T35: 13923 | U35: A-02-02-02-008-003 | V35: Celebrado | W35: En ejecución | X35: N/A | Y35: CO-016-2023 | Z35: 44939 | AA35: Prestación de Servicios Profesionales | AB35: N/A | AC35: Nivel Central | AD35: Bogotá D.C. | AE35: WILLIAM ANDRES TELLEZ CHAVEZ | AF35: 91517570 | AG35: - | AH35: N/A | AI35: MERCADEO Y PUBLICIDAD | AJ35: NO | AK35: No es mipyme | AL35: N/A | AN35: =+YEAR(TODAY())-YEAR('Contratación 2023'!$AM29) -> #VALUE! | AO35: 15123 | AP35: 44942 | AQ35: 86250000 | AR35: 0 | AS35: 0 | AT35: 0 | AU35: =SUM(AQ35+AR35+AS35+AT35) -> 86250000 | AV35: Si | AW35: 44942 | AX35: Cumplimiento | AY35: 44942 | AZ35: Enero | BA35: 45291 | BB35: =(BA35-AY35) -> 349 | BC35: MARITZA ROCÍO SERRANO VILLAMIL | BD35: 393757630 | BE35: 0 | BG35: 0 | BI35: 0 | BM35: 0 | BO35: =SUM(AU35+BE35+BG35+BI35-BM35) -> 86250000 | BY35: =SUM(BB35+BP35+BS35+BV35) -> 349
A36: UNIDAD ADMINISTRATIVA ESPECIAL MIGRACIÓN COLOMBIA | B36: 900477235-6 | C36: Secop II | D36: 33 | E36: Cesar Augusto Mejia Carrillo | F36: 20232401413000002E | G36: Enero | H36: 44949 | I36: PCD-041-2023-5COM | J36: N/A | K36: N/A | L36: CONTRATAR LA PRESTACIÓN DE LOS SERVICIOS PROFESIONALES PARA LA OFICINA DE COMUNICACIONES COMO APOYO A LA GESTIÓN Y PRODUCCIÓN CON LOS MEDIOS MASIVOS DE COMUNICACIÓN | M36: Contratación Directa | N36: Prestación de Servicios Profesionales | O36: Oficina de Comunicaciones | P36: 80-16-15-05 | Q36: Servicios de Gestión, Servicios Profesionales de Empresa y Servicios Administrativos- Servicios de Administración de Empresas- Servicios de Apoyo Gerencial- Servicios de oficina | R36: 77000000 | S36: 77000000 | T36: 12523 | U36: A-02-02-02-008-003 | V36: Celebrado | W36: En ejecución | X36: N/A | Y36: CO-045-2023 | Z36: 44952 | AA36: Prestación de Servicios Profesionales | AB36: N/A | AC36: Nivel Central | AD36: Bogotá D.C. | AE36: MÓNICA VICTORIA MANCERA CARRERO | AF36: 52515581 | AG36: - | AH36: N/A | AI36: COMUNICACIÓN SOCIAL | AJ36: NO | AK36: No es mipyme | AL36: N/A | AM36: N/A | AN36: N/A | AO36: 24723 | AP36: 44950 | AQ36: 77000000 | AR36: 0 | AS36: 0 | AT36: 0 | AU36: =SUM(AQ36+AR36+AS36+AT36) -> 77000000 | AV36: Si | AW36: 44950 | AX36: Cumplimiento | AY36: 44952 | AZ36: Enero | BA36: 45285 | BB36: =(BA36-AY36) -> 333 | BC36: MARITZA ROCÍO SERRANO VILLAMIL | BD36: 393757630 | BE36: 1166667 | BF36: 45247 | BG36: 0 | BI36: 0 | BM36: 0 | BO36: =SUM(AU36+BE36+BG36+BI36-BM36) -> 78166667 | BP36: 6 | BQ36: 45291 | BR36: 45247 | BY36: =SUM(BB36+BP36+BS36+BV36) -> 339
A37: UNIDAD ADMINISTRATIVA ESPECIAL MIGRACIÓN COLOMBIA | B37: 900477235-6 | C37: Secop II | D37: 34 | E37: Alejandra María Arcos Medina | F37: 20236231408000004E | G37: Marzo | H37: 45016 | I37: SAMC-004-2023 | J37: N/A | K37: N/A | L37: CONTRATAR EL SERVICIO DE MONITOREO DE MEDIOS MASIVOS DE COMUNICACION | M37: Selección abreviada | N37: Menor Cuantia | O37: Oficina de Comunicaciones | P37: 82111902 | Q37: Servicios de boletines informativos de interés especial | R37: 70000000 | S37: 50677075 | T37: 22923 | U37: A-02-02-02-008-003 | V37: Cancelado | W37: Cancelado | X37: N/A | Y37: N/A | Z37: N/A | AA37: N/A | AB37: N/A | AC37: N/A | AD37: N/A | AE37: N/A | AF37: N/A | AG37: - | AH37: N/A | AI37: N/A | AJ37: N/A | AK37: N/A | AL37: N/A | AM37: N/A | AN37: N/A | AO37: N/A | AP37: N/A | AQ37: N/A | AR37: N/A | AS37: N/A | AT37: N/A | AU37: N/A | AV37: N/A | AW37: N/A | AX37: N/A | AY37: N/A | AZ37: N/A | BA37: N/A | BB37: N/A | BC37: N/A | BD37: N/A | BE37: 0 | BG37: 0 | BI37: 0 | BM37: 0 | BO37: =SUM(AU37+BE37+BG37+BI37-BM37) -> #VALUE! | BY37: =SUM(BB37+BP37+BS37+BV37) -> #VALUE!
A38: UNIDAD ADMINISTRATIVA ESPECIAL MIGRACIÓN COLOMBIA | B38: 900477235-6 | C38: Secop II | D38: 35 | E38: Dayanna Prieto Villalba | F38: 20236231415000007E | G38: Febrero | H38: 44985 | I38: PCD-081-2023-9COM | J38: N/A | K38: N/A | L38: CONTRATAR LA PUBLICACIÓN DE DIFERENTES AVISOS DE PRENSA EN EL PERIÓDICO LA REPÚBLICA, DE ACUERDO A LAS NECESIDADES REQUERIDAS POR LA ENTIDAD. | M38: Contratación Directa | N38: Exclusividad | O38: Oficina de Comunicaciones | P38: 82121506 | Q38: Impresión de publicaciones | R38: 5000000 | S38: 5000000 | T38: 24823 | U38: A-02-02-02-008-003 | V38: Celebrado | W38: En ejecución | X38: N/A | Y38: CO-104-2023 | Z38: 45002 | AA38: Prestación de Servicios Profesionales | AB38: N/A | AC38: Nivel Central | AD38: Bogotá D.C. | AE38: EDITORIAL LA REPUBLICA SAS | AF38: 901017183 | AG38: 2 | AH38: N/A | AI38: N/A | AJ38: NO | AK38: No es mipyme | AL38: Sociedad por acciones simplificadas | AM38: N/A | AN38: N/A | AO38: 57623 | AP38: 45002 | AQ38: 5000000 | AR38: 0 | AS38: 0 | AT38: 0 | AU38: =SUM(AQ38+AR38+AS38+AT38) -> 5000000 | AV38: No | AW38: N/A | AX38: No aplica | AY38: 45006 | AZ38: Marzo | BA38: 45291 | BB38: =(BA38-AY38) -> 285 | BC38: MARITZA ROCIO SERRANO VILLAMIL | BD38: 39757630 | BE38: 0 | BG38: 0 | BI38: 0 | BM38: 0 | BO38: =SUM(AU38+BE38+BG38+BI38-BM38) -> 5000000 | BY38: =SUM(BB38+BP38+BS38+BV38) -> 285
A39: UNIDAD ADMINISTRATIVA ESPECIAL MIGRACIÓN COLOMBIA | B39: 900477235-6 | C39: Secop II | D39: 39 | E39: Juan David Camargo García | F39: 20236231415000013E | G39: Marzo | H39: 45014 | I39: PCD-112-2023-13COM | J39: N/A | K39: N/A | L39: CONTRATAR LA SUSCRIPCION A LA REVISTA SEMANA CON DESTINO A LA OFICINA DE COMUNICACIONES DE MIGRACION COLOMBIA | M39: Contratación Directa | N39: Exclusividad | O39: Oficina de Comunicaciones | P39: 82111904 | Q39: Servicios de entrega de periódicos o material publicitario | R39: 950000 | S39: 838000 | T39: 30023 | U39: A-02-02-01-003-002 | V39: Celebrado | W39: En ejecución | X39: N/A | Y39: CO-111-2023 | Z39: 45035 | AA39: Suscripción | AB39: N/A | AC39: Nivel Central | AD39: Bogotá D.C. | AE39: PUBLICACIONES SEMANA S.A. | AF39: 860509256 | AG39: 1 | AH39: N/A | AI39: N/A | AJ39: NO | AK39: No es mipyme | AL39: Sociedad Anónima | AM39: N/A | AN39: N/A | AO39: 74823 | AP39: 45037 | AQ39: 838000 | AR39: 0 | AS39: 0 | AT39: 0 | AU39: =SUM(AQ39+AR39+AS39+AT39) -> 838000 | AV39: No | AW39: N/A | AX39: No aplica | AY39: 45031 | AZ39: Abril | BA39: 45397 | BB39: =(BA39-AY39) -> 366 | BC39: MARITZA ROCIO SERRANO VILLAMIL | BD39: 393757630 | BE39: 0 | BG39: 0 | BI39: 0 | BM39: 0 | BO39: =SUM(AU39+BE39+BG39+BI39-BM39) -> 838000 | BY39: =SUM(BB39+BP39+BS39+BV39) -> 366
A40: UNIDAD ADMINISTRATIVA ESPECIAL MIGRACIÓN COLOMBIA | B40: 900477235-6 | C40: TVEC | D40: 42 | E40: Alejandra María Arcos Medina | F40: 20232401410000001E | G40: Marzo | H40: 45008 | I40: 146961 | J40: 44994 | K40: 145867 | L40: CONTRATAR EL SERVICIO DE CONTACT CENTER PARA CUBRIR LOS CANALES DE COMUNICACIÓN Y SERVICIO A LA CIUDADANÍA, ESTABLECIDOS POR MIGRACIÓN COLOMBIA. | M40: Selección abreviada | N40: Acuerdo Marco de Precios | O40: Oficina de Comunicaciones | P40: 81111811 | Q40: Servicios de soporte técnico o de mesa de ayuda | R40: 4019895748 | S40: 4.0198608e+09 | T40: 26023 | U40: C-1199-1002-10-0-1199001-02 | V40: Celebrado | W40: En ejecución | X40: N/A | Y40: 107791 | Z40: 45033 | AA40: Prestación de Servicios | AB40: N/A | AC40: Nivel Central | AD40: Bogotá D.C. | AE40: BPM CONSULTING | AF40: 900011395 | AG40: 6 | AH40: N/A | AI40: N/A | AJ40: NO | AK40: No es mipyme | AL40: Sociedad de Responsabilidad Limitada | AM40: N/A | AN40: N/A | AO40: 71823 | AP40: 45033 | AQ40: 2.5e+09 | AU40: =SUM(AQ40+AR40+AS40+AT40) -> 2499999979 | AV40: Si | AW40: 45034 | AX40: Cumplimiento | AY40: 45048 | AZ40: Abril | BA40: 45287 | BB40: =(BA40-AY40) -> 239 | BC40: LEIDY ANDREA MARTINEZ GUTIERREZ | BD40: 52836662 | BE40: 640242610 | BF40: 45048 | BG40: 0 | BI40: 0 | BM40: 0 | BO40: =SUM(AU40+BE40+BG40+BI40-BM40) -> 3140242589 | CA40: se reduce el tiempo del contrato - 02-11-2023
A41: UNIDAD ADMINISTRATIVA ESPECIAL MIGRACIÓN COLOMBIA | B41: 900477235-6 | C41: Secop II | D41: 45 | E41: Dayanna Prieto Villalba | F41: 20232501413000001E | G41: Enero | H41: 44938 | I41: PCD-015-2023-1TEC | J41: N/A | K41: N/A | L41: PRESTAR LOS SERVICIOS PROFESIONALES PARA DESARROLLAR ACTIVIDADES RELACIONADAS CON TEMAS CONTRACTUALES DE LA OFICINA DE TECNOLOGÍA DE LA INFORMACIÓN DE MIGRACIÓN COLOMBIA. | M41: Contratación Directa | N41: Prestación de Servicios Profesionales | O41: Oficina de Tecnología de la Informacion | P41: 81111800;80111600 | Q41: Servicios de sistemas y administración de componentes de sistemas - Servicios de personal temporal | R41: 80500000 | S41: 80500000 | T41: 11423 | U41: C-1199-1002-10-0-1199001-02 | V41: Celebrado | W41: En ejecución | X41: N/A | Y41: CO-005-2023 | Z41: 44939 | AA41: Prestación de Servicios Profesionales | AB41: N/A | AC41: Nivel Central | AD41: Bogotá D.C. | AE41: NORA CONSTANZA PARRA NARANJO | AF41: 1057579290 | AG41: - | AH41: N/A | AI41: INGENIERIA INDUSTRIAL | AJ41: NO | AK41: No es mipyme | AL41: N/A | AM41: 32395 | AN41: =+YEAR(TODAY())-YEAR('Contratación 2023'!$AM35) -> 125 | AO41: 14423 | AP41: 44939 | AQ41: 80500000 | AR41: 0 | AS41: 0 | AT41: 0 | AU41: =SUM(AQ41+AR41+AS41+AT41) -> 80500000 | AV41: Si | AW41: 44943 | AX41: Cumplimiento | AY41: 44942 | AZ41: Enero | BA41: 45291 | BB41: =(BA41-AY41) -> 349 | BC41: DIEGO EMILIO OJEDA MONCAYO | BD41: 19498970 | BE41: 0 | BG41: 0 | BI41: 0 | BM41: 0 | BO41: =SUM(AU41+BE41+BG41+BI41-BM41) -> 80500000 | BY41: =SUM(BB41+BP41+BS41+BV41) -> 349
A42: UNIDAD ADMINISTRATIVA ESPECIAL MIGRACIÓN COLOMBIA | B42: 900477235-6 | C42: Secop II | D42: 46 | E42: Cesar Augusto Mejia Carrillo | F42: 20232501413000002E | G42: Enero | H42: 44944 | I42: PCD-021-2023-2TEC | J42: N/A | K42: N/A | L42: CONTRATAR LA PRESTACIÓN DE LOS SERVICIOS PROFESIONALES EN LAS ACTIVIDADES PROPIAS DE LEVANTAMIENTO, ESPECIFICACIÓNDE REQUERIMIENTOS, PRUEBAS Y CAPACITACIÓN PARA EL DESARROLLO DE LOS SISTEMAS DE INFORMACIÓN DE MIGRACIÓN COLOMBIA | M42: Contratación Directa | N42: Prestación de Servicios Profesionales | O42: Oficina de Tecnología de la Informacion | P42: 81-11-15 | Q42: Servicios Basados en Ingeniería, Investigación y Tecnología -Servicios informáticos-Ingeniería de software o hardware | R42: 103500000 | S42: 103500000 | T42: 11523 | U42: C-1199-1002-10-0-1199001-02 | V42: Celebrado | W42: En ejecución | X42: N/A | Y42: CO-026-2023 | Z42: 44945 | AA42: Prestación de Servicios Profesionales | AB42: N/A | AC42: Nivel Central | AD42: Bogotá D.C. | AE42: DEISSY YOHANA NEITA NUVAN | AF42: 1058038192 | AG42: - | AH42: N/A | AI42: INGENIERO DE SISTEMAS | AJ42: NO | AK42: No es mipyme | AL42: N/A | AM42: 32264 | AN42: =+YEAR(TODAY())-YEAR('Contratación 2023'!$AM36) -> #VALUE! | AO42: 20323 | AP42: 44945 | AQ42: 103500000 | AR42: 0 | AS42: 0 | AT42: 0 | AU42: =SUM(AQ42+AR42+AS42+AT42) -> 103500000 | AV42: Si | AW42: 44944 | AX42: Cumplimiento | AY42: 44945 | AZ42: Enero | BA42: 45291 | BB42: =(BA42-AY42) -> 346 | BC42: DIEGO EMILIO OJEDA MONCAYO | BD42: 19498970 | BE42: 0 | BG42: 0 | BI42: 0 | BM42: 0 | BO42: =SUM(AU42+BE42+BG42+BI42-BM42) -> 103500000 | BY42: =SUM(BB42+BP42+BS42+BV42) -> 346
A43: UNIDAD ADMINISTRATIVA ESPECIAL MIGRACIÓN COLOMBIA | B43: 900477235-6 | C43: Secop II | D43: 47 | E43: Cesar Augusto Mejia Carrillo | F43: 20232501413000003E | G43: Enero | H43: 44944 | I43: PCD-022-2023-3TEC | J43: N/A | K43: N/A | L43: CONTRATAR LA PRESTACIÓN DE LOS SERVICIOS PROFESIONALES PARA APOYAR LA GESTIÓN DE LA OFICINA DE TECNOLOGÍA DE LA INFORMACIÓN DE MIGRACIÓN COLOMBIA, EN LAS ACTIVIDADES RELACIONADAS CON LA ADMINISTRACIÓN Y GESTIÓN DE LA INFRAESTRUCTURA DE HARDWARE Y SOFTWARE DE LOS SISTEMAS DE INFORMACIÓN | M43: Contratación Directa | N43: Prestación de Servicios Profesionales | O43: Oficina de Tecnología de la Informacion | P43: 81-11-15 | Q43: Servicios Basados en Ingeniería, Investigación y Tecnología -Servicios informáticos-Ingeniería de software o hardware | R43: 103500000 | S43: 103500000 | T43: 11623 | U43: C-1199-1002-10-0-1199001-02 | V43: Celebrado | W43: En ejecución | X43: N/A | Y43: CO-031-2023 | Z43: 44946 | AA43: Prestación de Servicios Profesionales | AB43: N/A | AC43: Nivel Central | AD43: Bogotá D.C. | AE43: JORGE ALBERTO TIBADUIZA RINCON | AF43: 1053512616 | AG43: - | AH43: N/A | AI43: INGENIERO ELECTRONICO | AJ43: NO | AK43: No es mipyme | AL43: N/A | AM43: 32893 | AN43: =+YEAR(TODAY())-YEAR('Contratación 2023'!$AM37) -> #VALUE! | AO43: 21923 | AP43: 44946 | AQ43: 103500000 | AR43: 0 | AS43: 0 | AT43: 0 | AU43: =SUM(AQ43+AR43+AS43+AT43) -> 103500000 | AV43: Si | AW43: 44945 | AX43: Cumplimiento | AY43: 44946 | AZ43: Enero | BA43: 45291 | BB43: =(BA43-AY43) -> 345 | BC43: DIEGO EMILIO OJEDA MONCAYO | BD43: 19498970 | BE43: 0 | BG43: 0 | BI43: 0 | BM43: 0 | BO43: =SUM(AU43+BE43+BG43+BI43-BM43) -> 103500000 | BY43: =SUM(BB43+BP43+BS43+BV43) -> 345
A44: UNIDAD ADMINISTRATIVA ESPECIAL MIGRACIÓN COLOMBIA | B44: 900477235-6 | C44: Secop II | D44: 48 | E44: Cesar Augusto Mejia Carrillo | F44: 20232501413000004E | G44: Enero | H44: 44945 | I44: PCD-034-2023-4TEC | J44: N/A | K44: N/A | L44: CONTRATAR LA PRESTACIÓN DE LOS SERVICIOS PROFESIONALES, PARA LAS ACTIVIDADES PROPIAS DEL DESARROLLO DE APLICACIONES JAVA DE LOS REQUERIMIENTOS E INCIDENTES DE LA UNIDAD ADMINISTRATIVA ESPECIAL MIGRACIÓN COLOMBIA | M44: Contratación Directa | N44: Prestación de Servicios Profesionales | O44: Oficina de Tecnología de la Informacion | P44: 81-11-15 | Q44: Servicios Basados en Ingeniería, Investigación y Tecnología -Servicios informáticos-Ingeniería de software o hardware | R44: 115000000 | S44: 115000000 | T44: 11823 | U44: C-1199-1002-10-0-1199001-02 | V44: Celebrado | W44: Terminación anticipada | X44: N/A | Y44: CO-033-2023 | Z44: 44950 | AA44: Prestación de Servicios Profesionales | AB44: N/A | AC44: Nivel Central | AD44: Bogotá D.C. | AE44: BALDWIN GABRIEL MONTES PEREZ | AF44: 72001417 | AG44: - | AH44: N/A | AI44: INGENIERO DE SISTEMAS | AJ44: NO | AK44: No es mipyme | AL44: N/A | AM44: 28468 | AN44: =+YEAR(TODAY())-YEAR('Contratación 2023'!$AM38) -> #VALUE! | AO44: 22323 | AP44: 44949 | AQ44: 115000000 | AR44: 0 | AS44: 0 | AT44: 0 | AU44: =SUM(AQ44+AR44+AS44+AT44) -> 115000000 | AV44: Si | AW44: 44949 | AX44: Cumplimiento | AY44: 44950 | AZ44: Enero | BA44: 45128 | BB44: =(BA44-AY44) -> 178 | BC44: DIEGO EMILIO OJEDA MONCAYO | BD44: 19498970 | BE44: 0 | BG44: 0 | BI44: 0 | BM44: 0 | BO44: =SUM(AU44+BE44+BG44+BI44-BM44) -> 115000000 | BY44: =SUM(BB44+BP44+BS44+BV44) -> 178
A45: UNIDAD ADMINISTRATIVA ESPECIAL MIGRACIÓN COLOMBIA | B45: 900477235-6 | C45: Secop II | D45: 49 | E45: Cesar Augusto Mejia Carrillo | F45: 20232501413000005E | G45: Enero | H45: 44945 | I45: PCD-035-2023-5TEC | J45: N/A | K45: N/A | L45: CONTRATAR LA PRESTACIÓN DE LOS SERVICIOS PROFESIONALES, PARA LAS ACTIVIDADES PROPIAS DEL DESARROLLO DE APLICACIONES JAVA DE LOS REQUERIMIENTOS E INCIDENTES DE LA UNIDAD ADMINISTRATIVA ESPECIAL MIGRACIÓN COLOMBIA | M45: Contratación Directa | N45: Prestación de Servicios Profesionales | O45: Oficina de Tecnología de la Informacion | P45: 81-11-15 | Q45: Servicios Basados en Ingeniería, Investigación y Tecnología -Servicios informáticos-Ingeniería de software o hardware | R45: 115000000 | S45: 115000000 | T45: 11923 | U45: C-1199-1002-10-0-1199001-02 | V45: Celebrado | W45: En ejecución | X45: N/A | Y45: CO-034-2023 | Z45: 44950 | AA45: Prestación de Servicios Profesionales | AB45: N/A | AC45: Nivel Central | AD45: Bogotá D.C. | AE45: JAIME FERNANDO CANTILLO MONROY | AF45: 1070608285 | AG45: - | AH45: N/A | AI45: INGENIERO DE SISTEMAS | AJ45: NO | AK45: No es mipyme | AL45: N/A | AM45: 33861 | AN45: =+YEAR(TODAY())-YEAR('Contratación 2023'!$AM39) -> #VALUE! | AO45: 24323 | AP45: 44950 | AQ45: 115000000 | AR45: 0 | AS45: 0 | AT45: 0 | AU45: =SUM(AQ45+AR45+AS45+AT45) -> 115000000 | AV45: Si | AW45: 44949 | AX45: Cumplimiento | AY45: 44950 | AZ45: Enero | BA45: 45291 | BB45: =(BA45-AY45) -> 341 | BC45: DIEGO EMILIO OJEDA MONCAYO | BD45: 19498970 | BE45: 0 | BG45: 0 | BI45: 0 | BM45: 0 | BO45: =SUM(AU45+BE45+BG45+BI45-BM45) -> 115000000 | BY45: =SUM(BB45+BP45+BS45+BV45) -> 341
A46: UNIDAD ADMINISTRATIVA ESPECIAL MIGRACIÓN COLOMBIA | B46: 900477235-6 | C46: Secop II | D46: 50 | E46: Cesar Augusto Mejia Carrillo | F46: 20232501413000006E | G46: Enero | H46: 44945 | I46: PCD-033-2023-6TEC | J46: N/A | K46: N/A | L46: CONTRATAR LA PRESTACIÓN DE LOS SERVICIOS PROFESIONALES, PARA LAS ACTIVIDADES PROPIAS DEL DESARROLLO DE APLICACIONES JAVA DE LOS REQUERIMIENTOS E INCIDENTES DE LA UNIDAD ADMINISTRATIVA ESPECIAL MIGRACIÓN COLOMBIA | M46: Contratación Directa | N46: Prestación de Servicios Profesionales | O46: Oficina de Tecnología de la Informacion | P46: 81-11-15 | Q46: Servicios Basados en Ingeniería, Investigación y Tecnología -Servicios informáticos-Ingeniería de software o hardware | R46: 115000000 | S46: 115000000 | T46: 12023 | U46: C-1199-1002-10-0-1199001-02 | V46: Celebrado | W46: En ejecución | X46: N/A | Y46: CO-032-2023 | Z46: 44950 | AA46: Prestación de Servicios Profesionales | AB46: N/A | AC46: Nivel Central | AD46: Bogotá D.C. | AE46: VERONICA BEATRIZ BORGES CELIN | AF46: 1127617145 | AG46: - | AH46: N/A | AI46: INGENIERO DE SISTEMAS | AJ46: NO | AK46: No es mipyme | AL46: N/A | AM46: 32533 | AN46: =+YEAR(TODAY())-YEAR('Contratación 2023'!$AM40) -> #VALUE! | AO46: 21823 | AP46: 44946 | AQ46: 115000000 | AR46: 0 | AS46: 0 | AT46: 0 | AU46: =SUM(AQ46+AR46+AS46+AT46) -> 115000000 | AV46: Si | AW46: 44946 | AX46: Cumplimiento | AY46: 44950 | AZ46: Enero | BA46: 45291 | BB46: =(BA46-AY46) -> 341 | BC46: DIEGO EMILIO OJEDA MONCAYO | BD46: 19498970 | BE46: 0 | BG46: 0 | BI46: 0 | BM46: 0 | BO46: =SUM(AU46+BE46+BG46+BI46-BM46) -> 115000000 | BY46: =SUM(BB46+BP46+BS46+BV46) -> 341
A47: UNIDAD ADMINISTRATIVA ESPECIAL MIGRACIÓN COLOMBIA | B47: 900477235-6 | C47: Secop II | D47: 51 | E47: Cesar Augusto Mejia Carrillo | F47: 20232501413000007E | G47: Enero | H47: 44950 | I47: PCD-036-2023-7TEC | J47: N/A | K47: N/A | L47: CONTRATAR LA PRESTACIÓN DE SERVICIOS PROFESIONALES PARA LA CONFIGURACIÓN DE AMBIENTES, APLICACIONES Y VERSIONAMIENTO DE CÓDIGO FUENTE DE LOS SISTEMAS DE INFORMACIÓN DE MIGRACIÓN COLOMBIA | M47: Contratación Directa | N47: Prestación de Servicios Profesionales | O47: Oficina de Tecnología de la Informacion | P47: 81-11-15 | Q47: Servicios Basados en Ingeniería, Investigación y Tecnología -Servicios informáticos-Ingeniería de software o hardware | R47: 80500000 | S47: 80500000 | T47: 12123 | U47: C-1199-1002-10-0-1199001-02 | V47: Celebrado | W47: En ejecución | X47: N/A | Y47: CO-035-2023 | Z47: 44951 | AA47: Prestación de Servicios Profesionales | AB47: N/A | AC47: Nivel Central | AD47: Bogotá D.C. | AE47: ADRIAN AUGUSTO FERNANDEZ ANZOLA | AF47: 72192898 | AG47: - | AH47: N/A | AI47: INGENIERO DE SISTEMAS | AJ47: NO | AK47: No es mipyme | AL47: N/A | AM47: 26785 | AN47: =+YEAR(TODAY())-YEAR('Contratación 2023'!$AM41) -> 36 | AO47: 24623 | AP47: 44950 | AQ47: 80500000 | AR47: 0 | AS47: 0 | AT47: 0 | AU47: =SUM(AQ47+AR47+AS47+AT47) -> 80500000 | AV47: Si | AW47: 44950 | AX47: Cumplimiento | AY47: 44951 | AZ47: Enero | BA47: 45291 | BB47: =(BA47-AY47) -> 340 | BC47: DIEGO EMILIO OJEDA MONCAYO | BD47: 19498970 | BE47: 0 | BG47: 0 | BI47: 0 | BM47: 0 | BO47: =SUM(AU47+BE47+BG47+BI47-BM47) -> 80500000 | BY47: =SUM(BB47+BP47+BS47+BV47) -> 340
A48: UNIDAD ADMINISTRATIVA ESPECIAL MIGRACIÓN COLOMBIA | B48: 900477235-6 | C48: Secop II | D48: 52 | E48: Alejandra María Arcos Medina | F48: 20232501413000008E | G48: Enero | H48: 44946 | I48: PCD-010-2023-8TEC | J48: N/A | K48: N/A | L48: CONTRATAR LA PRESTACIÓN DE LOS SERVICIOS PROFESIONALES PARA APOYAR LA GESTIÓN DE LA OFICINA DE TECNOLOGÍA DE LA INFORMACIÓN DE MIGRACIÓN COLOMBIA, EN LAS ACTIVIDADES PROPIAS DEL DESARROLLO DE APLICACIONES EN LENGUAJE .NET | M48: Contratación Directa | N48: Prestación de Servicios Profesionales | O48: Oficina de Tecnología de la Informacion | P48: 81111500 | Q48: Servicios Basados en Ingeniería, Investigación y Tecnología | R48: 92000000 | S48: 92000000 | T48: 11023 | U48: C-1199-1002-10-0-1199001-02 | V48: Celebrado | W48: En ejecución | X48: N/A | Y48: CO-041-2023 | Z48: 44946 | AA48: Prestación de Servicios Profesionales | AB48: N/A | AC48: Nivel Central | AD48: Bogotá D.C. | AE48: DANIEL MAURICIO AREVALO RAMIEZ | AF48: 80798819 | AG48: - | AH48: N/A | AI48: INGENIERA DE SISTEMAS | AJ48: NO | AK48: No es mipyme | AL48: N/A | AM48: 30364 | AN48: =+YEAR(TODAY())-YEAR('Contratación 2023'!$AM42) -> 36 | AO48: 22023 | AP48: 44949 | AQ48: 92000000 | AR48: 0 | AS48: 0 | AT48: 0 | AU48: =SUM(AQ48+AR48+AS48+AT48) -> 92000000 | AV48: Si | AW48: 44946 | AX48: Cumplimiento | AY48: 44949 | AZ48: Enero | BA48: 45291 | BB48: =(BA48-AY48) -> 342 | BC48: DIEGO EMILIO OJEDA MONCAYO | BD48: 19498970 | BE48: 0 | BG48: 0 | BI48: 0 | BM48: 0 | BO48: =SUM(AU48+BE48+BG48+BI48-BM48) -> 92000000 | BY48: =SUM(BB48+BP48+BS48+BV48) -> 342
A49: UNIDAD ADMINISTRATIVA ESPECIAL MIGRACIÓN COLOMBIA | B49: 900477235-6 | C49: Secop II | D49: 53 | E49: Alejandra María Arcos Medina | F49: 20232501413000009E | G49: Enero | H49: 44944 | I49: PCD-009-2023-9TEC | J49: N/A | K49: N/A | L49: CONTRATAR LA PRESTACIÓN DE LOS SERVICIOS PROFESIONALES PARA ADMINISTRAR Y DESARROLLAR FUNCIONALIDADES EN EL BUS DE DATOS ORACLE | M49: Contratación Directa | N49: Prestación de Servicios Profesionales | O49: Oficina de Tecnología de la Informacion | P49: 81111500 | Q49: Servicios Basados en Ingeniería, Investigación y Tecnología | R49: 57500000 | S49: 57500000 | T49: 10923 | U49: C-1199-1002-10-0-1199001-02 | V49: Celebrado | W49: En ejecución | X49: N/A | Y49: CO-039-2023 | Z49: 44946 | AA49: Prestación de Servicios Profesionales | AB49: N/A | AC49: Nivel Central | AD49: Bogotá D.C. | AE49: ANA JOHANA CAMELO BARRERA | AF49: 53075439 | AG49: - | AH49: N/A | AI49: INGENIERA DE SISTEMAS | AJ49: NO | AK49: No es mipyme | AL49: N/A | AM49: 30734 | AN49: =+YEAR(TODAY())-YEAR('Contratación 2023'!$AM43) -> 34 | AO49: 21323 | AP49: 44946 | AQ49: 57500000 | AR49: 0 | AS49: 0 | AT49: 0 | AU49: =SUM(AQ49+AR49+AS49+AT49) -> 57500000 | AV49: Si | AW49: 44946 | AX49: Cumplimiento | AY49: 44949 | AZ49: Enero | BA49: 45291 | BB49: =(BA49-AY49) -> 342 | BC49: DIEGO EMILIO OJEDA MONCAYO | BD49: 19498970 | BE49: 0 | BG49: 0 | BI49: 0 | BM49: 0 | BO49: =SUM(AU49+BE49+BG49+BI49-BM49) -> 57500000 | BY49: =SUM(BB49+BP49+BS49+BV49) -> 342
A50: UNIDAD ADMINISTRATIVA ESPECIAL MIGRACIÓN COLOMBIA | B50: 900477235-6 | C50: Secop II | D50: 55 | E50: Alejandra María Arcos Medina | F50: 20232501413000010E | G50: Enero | H50: 44946 | I50: PCD-026-2023-11TEC | J50: N/A | K50: N/A | L50: PRESTAR LOS SERVICIOS PROFESIONALES PARA DESARROLLAR ACTIVIDADES RELACIONADAS CON PLANES, PROGRAMAS, DOCUMENTACIÓN Y SEGUIMIENTO A LA CONTRATACIÓN DE LA OFICINA DE TECNOLOGÍA DE LA INFORMACIÓN DE MIGRACIÓN COLOMBIA. | M50: Contratación Directa | N50: Prestación de Servicios Profesionales | O50: Oficina de Tecnología de la Informacion | P50: 80101500 | Q50: Servicios de gestión, servicios profesionales de empresa y servicios administrativos | R50: 121000000 | S50: 121000000 | T50: 13323 | U50: C-1199-1002-10-0-1199001-02 | V50: Celebrado | W50: En ejecución | X50: N/A | Y50: CO-042-2023 | Z50: 44946 | AA50: Prestación de Servicios Profesionales | AB50: N/A | AC50: Nivel Central | AD50: Bogotá D.C. | AE50: SONIA YANETH AREVALO BONILLA | AF50: 52440980 | AG50: - | AH50: N/A | AI50: INGENIERA DE SISTEMAS | AJ50: NO | AK50: No es mipyme | AL50: N/A | AM50: 28709 | AN50: =+YEAR(TODAY())-YEAR('Contratación 2023'!$AM44) -> 47 | AO50: 22123 | AP50: 44949 | AQ50: 121000000 | AR50: 0 | AS50: 0 | AT50: 0 | AU50: =SUM(AQ50+AR50+AS50+AT50) -> 121000000 | AV50: Si | AW50: 44949 | AX50: Cumplimiento | AY50: 44949 | AZ50: Enero | BA50: 45291 | BB50: =(BA50-AY50) -> 342 | BC50: DIEGO EMILIO OJEDA MONCAYO | BD50: 19498970 | BE50: 2933333 | BF50: 45240 | BG50: 0 | BI50: 0 | BM50: 0 | BO50: =SUM(AU50+BE50+BG50+BI50-BM50) -> 123933333 | BQ50: 45290 | BR50: 45240 | BY50: =SUM(BB50+BP50+BS50+BV50) -> 342
A51: UNIDAD ADMINISTRATIVA ESPECIAL MIGRACIÓN COLOMBIA | B51: 900477235-6 | C51: Secop II | D51: 56 | E51: Alejandra María Arcos Medina | F51: 20232501413000012E | G51: Enero | H51: 44943 | I51: PCD-020-2023-12TEC | J51: N/A | K51: N/A | L51: CONTRATAR LA PRESTACIÓN DE LOS SERVICIOS PROFESIONALES PARA ADMINISTRAR EL CENTRO DE DATOS DE LA UNIDAD ADMINISTRATIVA ESPECIAL MIGRACIÓN COLOMBIA. | M51: Contratación Directa | N51: Prestación de Servicios Profesionales | O51: Oficina de Tecnología de la Informacion | P51: 81111800 | Q51: Servicios Basados en Ingeniería, Investigación y Tecnología | R51: 115000000 | S51: 115000000 | T51: 13123 | U51: C-1199-1002-10-0-1199001-02 | V51: Celebrado | W51: En ejecución | X51: N/A | Y51: CO-027-2023 | Z51: 44944 | AA51: Prestación de Servicios Profesionales | AB51: N/A | AC51: Nivel Central | AD51: Bogotá D.C. | AE51: JAIME ALEXANDER MÉNDEZ PULECIO | AF51: 79957111 | AG51: - | AH51: N/A | AI51: INGENIERA DE SISTEMAS | AJ51: NO | AK51: No es mipyme | AL51: N/A | AM51: 29458 | AN51: =+YEAR(TODAY())-YEAR('Contratación 2023'!$AM45) -> 32 | AO51: 19123 | AP51: 44944 | AQ51: 115000000 | AR51: 0 | AS51: 0 | AT51: 0 | AU51: =SUM(AQ51+AR51+AS51+AT51) -> 115000000 | AV51: Si | AW51: 44944 | AX51: Cumplimiento | AY51: 44944 | AZ51: Enero | BA51: 45291 | BB51: =(BA51-AY51) -> 347 | BC51: DIEGO EMILIO OJEDA MONCAYO | BD51: 19498970 | BE51: 0 | BG51: 0 | BI51: 0 | BM51: 0 | BO51: =SUM(AU51+BE51+BG51+BI51-BM51) -> 115000000 | BY51: =SUM(BB51+BP51+BS51+BV51) -> 347
A52: UNIDAD ADMINISTRATIVA ESPECIAL MIGRACIÓN COLOMBIA | B52: 900477235-6 | C52: Secop II | D52: 58 | E52: Cesar Augusto Mejia Carrillo | F52: 20232501413000019E | G52: Febrero | H52: 44971 | I52: PCD-065-2023-14TEC | J52: N/A | K52: N/A | L52: CONTRATAR LA PRESTACIÓN DE LOS SERVICIOS PROFESIONALES PARA APOYAR LA GESTIÓN DE LA OFICINA DE TECNOLOGÍA DE LA INFORMACIÓN, EN LAS ACTIVIDADES RELACIONADAS CON LA IMPLEMENTACIÓN Y OPTIMIZACIÓN DE LA INFRAESTRUCTURA FÍSICA Y TECNOLÓGICA PARA CENTROS DE CÓMPUTO (ON-PREMISE Y EN LA NUBE) Y EN EL DISEÑO E IMPLEMENTACIÓN DE SOLUCIONES A NIVEL DE TODOS SUS SUBSISTEMAS | M52: Contratación Directa | N52: Prestación de Servicios Profesionales | O52: Oficina de Tecnología de la Informacion | P52: 811115-811118-811123-801116 | Q52: Servicios de Gestión Servicios Profesional es de Empresa y Servicios Administrativos ,Servicios de recursos humanos ,Servicios de personal temporal - Servicios basados en Ingeniería Investigación y tecnologia ,servicios informaticos ,Ingeniería de Software o Hardware - Servicios de sistemas y administracion de componentes de sistemas | R52: 105000000 | S52: 105000000 | T52: 20123 | U52: C-1199-1002-10-0-1199001-02 | V52: Celebrado | W52: En ejecución | X52: N/A | Y52: CO-060-2023 | Z52: 44971 | AA52: Prestación de Servicios Profesionales | AB52: N/A | AC52: Nivel Central | AD52: Bogotá D.C. | AE52: GUSTAVO ADOLFO ECHANDÍA BAUTISTA | AF52: 80413656 | AG52: - | AH52: N/A | AI52: INGENIERO DE SISTEMAS | AJ52: NO | AK52: No es mipyme | AL52: N/A | AM52: 24992 | AN52: =+YEAR(TODAY())-YEAR('Contratación 2023'!$AM46) -> 35 | AO52: 37123 | AP52: 44971 | AQ52: 105000000 | AR52: 0 | AS52: 0 | AT52: 0 | AU52: =SUM(AQ52+AR52+AS52+AT52) -> 105000000 | AV52: Si | AW52: 44970 | AX52: Cumplimiento | AY52: 44971 | AZ52: Febrero | BA52: 45291 | BB52: =(BA52-AY52) -> 320 | BC52: DIEGO EMILIO OJEDA MONCAYO | BD52: 19498970 | BE52: 0 | BG52: 0 | BI52: 0 | BM52: 0 | BO52: =SUM(AU52+BE52+BG52+BI52-BM52) -> 105000000 | BY52: =SUM(BB52+BP52+BS52+BV52) -> 320
A53: UNIDAD ADMINISTRATIVA ESPECIAL MIGRACIÓN COLOMBIA | B53: 900477235-6 | C53: Secop II | D53: 59 | E53: Cesar Augusto Mejia Carrillo | F53: 20232501413000021E | G53: Febrero | H53: 44972 | I53: PCD-070-2023-15TEC | J53: N/A | K53: N/A | L53: CONTRATAR LA PRESTACIÓN DE SERVICIOS PROFESIONALES PARA REALIZAR LA OPTIMIZACIÓN DE LA BASE DE DATOS DEL DATA CENTER DE MIGRACIÓN COLOMBIA | M53: Contratación Directa | N53: Prestación de Servicios Profesionales | O53: Oficina de Tecnología de la Informacion | P53: 811115 | Q53: Servicios Basados en Ingeniería, Investigación Y Tecnología ,Servicios informaticos Ingeniería de software o hardware | R53: 105000000 | S53: 105000000 | T53: 20423 | U53: C-1199-1002-10-0-1199001-02 | V53: Celebrado | W53: En ejecución | X53: N/A | Y53: CO-063-2023 | Z53: 44972 | AA53: Prestación de Servicios Profesionales | AB53: N/A | AC53: Nivel Central | AD53: Bogotá D.C. | AE53: DANIEL ENRIQUE BERNAL CONTRERAS | AF53: 86039854 | AG53: - | AH53: N/A | AI53: INGENIERO DE SISTEMAS | AJ53: NO | AK53: No es mipyme | AL53: N/A | AM53: 26499 | AN53: =+YEAR(TODAY())-YEAR('Contratación 2023'!$AM47) -> 51 | AO53: 38123 | AP53: 44972 | AQ53: 105000000 | AR53: 0 | AS53: 0 | AT53: 0 | AU53: =SUM(AQ53+AR53+AS53+AT53) -> 105000000 | AV53: Si | AW53: 44977 | AX53: Cumplimiento | AY53: 44972 | AZ53: Febrero | BA53: 45291 | BB53: =(BA53-AY53) -> 319 | BC53: DIEGO EMILIO OJEDA MONCAYO | BD53: 19498970 | BE53: 0 | BG53: 0 | BI53: 0 | BM53: 0 | BO53: =SUM(AU53+BE53+BG53+BI53-BM53) -> 105000000 | BY53: =SUM(BB53+BP53+BS53+BV53) -> 319
A54: UNIDAD ADMINISTRATIVA ESPECIAL MIGRACIÓN COLOMBIA | B54: 900477235-6 | C54: Secop II | D54: 60 | E54: Cesar Augusto Mejia Carrillo | F54: 20232501413000022E | G54: Febrero | H54: 44980 | I54: PCD-076-2023-16TEC | J54: N/A | K54: N/A | L54: CONTRATAR LA PRESTACIÓN DE LOS SERVICIOS PROFESIONALES PARA APOYAR LA GESTIÓN DE LA OFICINA DE TECNOLOGÍA DE LA INFORMACIÓN DE MIGRACIÓN COLOMBIA, EN LAS ACTIVIDADES RELACIONADAS CON LA ADMINISTRACIÓN DE SISTEMAS OPERATIVOS LINUX, VIRTUALIZACION Y BASE DE DATOS | M54: Contratación Directa | N54: Prestación de Servicios Profesionales | O54: Oficina de Tecnología de la Informacion | P54: 80111600 - 81111500 - 81111800 | Q54: Servicios de Gestión Servicios Profesional es de Empresa y Servicios Administrativos ,Servicios de recursos humanos ,Servicios de personal temporal - Servicios basados en Ingeniería Investigación y tecnologia ,servicios informaticos ,Ingeniería de Software o Hardware - Servicios de sistemas y administracion de componentes de sistemas | R54: 105000000 | S54: 105000000 | T54: 22323 | U54: C-1199-1002-10-0-1199001-02 | V54: Celebrado | W54: En ejecución | X54: N/A | Y54: CO-068-2023 | Z54: 44979 | AA54: Prestación de Servicios Profesionales | AB54: N/A | AC54: Nivel Central | AD54: Bogotá D.C. | AE54: DARÍO ORLANDO BECERRA ERAZO | AF54: 94460645 | AG54: - | AH54: N/A | AI54: INGENIERO ELÉCTRICO | AJ54: NO | AK54: No es mipyme | AL54: N/A | AM54: 27867 | AN54: =+YEAR(TODAY())-YEAR('Contratación 2023'!$AM48) -> 41 | AO54: 41923 | AP54: 44972 | AQ54: 105000000 | AR54: 0 | AS54: 0 | AT54: 0 | AU54: =SUM(AQ54+AR54+AS54+AT54) -> 105000000 | AV54: Si | AW54: 44982 | AX54: Cumplimiento | AY54: 44979 | AZ54: Febrero | BA54: 45291 | BB54: =(BA54-AY54) -> 312 | BC54: DIEGO EMILIO OJEDA MONCAYO | BD54: 19498970 | BE54: 0 | BG54: 0 | BI54: 0 | BM54: 0 | BO54: =SUM(AU54+BE54+BG54+BI54-BM54) -> 105000000 | BY54: =SUM(BB54+BP54+BS54+BV54) -> 312
A55: UNIDAD ADMINISTRATIVA ESPECIAL MIGRACIÓN COLOMBIA | B55: 900477235-6 | C55: Secop II | D55: 61 | E55: Cesar Augusto Mejia Carrillo | F55: 20232501413000024E | G55: Marzo | H55: 45002 | I55: PCD-110-2023-17TEC | J55: N/A | K55: N/A | L55: CONTRATAR LA PRESTACIÓN DE LOS SERVICIOS PROFESIONALES PARA APOYAR LA GESTIÓN DE LA OFICINA DE TECNOLOGÍA DE LA INFORMACIÓN DE MIGRACIÓN COLOMBIA, EN LAS ACTIVIDADES PROPIAS DEL DESARROLLO DE APLICACIONES EN LENGUAJE .NET | M55: Contratación Directa | N55: Prestación de Servicios Profesionales | O55: Oficina de Tecnología de la Informacion | P55: 801116-811115-811120 | Q55: Servicios de gestion Servicios Profesionales de Empresa y Servicios Administrativos - Servicios basados en Ingeniería Investigación y Tecnología -Servicios basados en Ingeniería Investigación y Tecnología | R55: 76000000 | S55: 76000000 | T55: 27623 | U55: C-1199-1002-10-0-1199001-02 | V55: Celebrado | W55: En ejecución | X55: N/A | Y55: CO-102-2023 | Z55: 45007 | AA55: Prestación de Servicios Profesionales | AB55: N/A | AC55: Nivel Central | AD55: Bogotá D.C. | AE55: WILMAR ALDEMAR CABEZAS PISCO | AF55: 86062223 | AG55: - | AH55: N/A | AI55: INGENIERO DE SISTEMAS | AJ55: NO | AK55: No es mipyme | AL55: N/A | AM55: 29064 | AN55: =+YEAR(TODAY())-YEAR('Contratación 2023'!$AM49) -> 40 | AO55: 59723 | AP55: 45008 | AQ55: 76000000 | AR55: 0 | AS55: 0 | AT55: 0 | AU55: =SUM(AQ55+AR55+AS55+AT55) -> 76000000 | AV55: Si | AW55: 45007 | AX55: Cumplimiento | AY55: 45008 | AZ55: Marzo | BA55: 45291 | BB55: =(BA55-AY55) -> 283 | BC55: DIEGO EMILIO OJEDA MONCAYO | BD55: 19498970 | BE55: 0 | BG55: 0 | BI55: 0 | BM55: 0 | BO55: =SUM(AU55+BE55+BG55+BI55-BM55) -> 76000000 | BY55: =SUM(BB55+BP55+BS55+BV55) -> 283
A56: UNIDAD ADMINISTRATIVA ESPECIAL MIGRACIÓN COLOMBIA | B56: 900477235-6 | C56: Secop II | D56: 62 | E56: Dayanna Prieto Villalba | F56: 20232541413000001E | G56: Febrero | H56: 44981 | I56: PCD-082-2023-18TEC | J56: N/A | K56: N/A | L56: CONTRATAR EL MANTENIMIENTO E IMPLEMENTACIÓN DE MEJORAS SEGÚN NECESIDADES MISIONALES DE MIGRACIÓN COLOMBIA PARA LA APLICACIÓN LIBERTAPP | M56: Contratación Directa | N56: Prestación de Servicios Profesionales | O56: Oficina de Tecnología de la Informacion | P56: 43232612;81112209. | Q56: Software de fabricación asistida por computador cam - Mantenimiento de software de desarrollo | R56: 17100000 | S56: 17100000 | T56: 20623 | U56: C-1199-1002-10-0-1199001-02 | V56: Celebrado | W56: En ejecución | X56: N/A | Y56: CO-075-2023 | Z56: 44986 | AA56: Prestación de Servicios Profesionales | AB56: N/A | AC56: Nivel Central | AD56: Bogotá D.C. | AE56: CANNED HEAD SAS | AF56: 900877941 | AG56: 4 | AH56: N/A | AI56: N/A | AJ56: NO | AK56: No es mipyme | AL56: Sociedad por acciones simplificadas | AM56: N/A | AN56: N/A | AO56: 45823 | AP56: 44991 | AQ56: 17062287 | AR56: 0 | AS56: 0 | AT56: 0 | AU56: =SUM(AQ56+AR56+AS56+AT56) -> 17062287 | AV56: Si | AW56: 44988 | AX56: Cumplimiento | AY56: 44991 | AZ56: Marzo | BA56: 45291 | BB56: =(BA56-AY56) -> 300 | BC56: DIEGO EMILIO OJEDA MONCAYO | BD56: 19498970 | BE56: 0 | BG56: 0 | BI56: 0 | BM56: 0 | BO56: =SUM(AU56+BE56+BG56+BI56-BM56) -> 17062287 | BY56: =SUM(BB56+BP56+BS56+BV56) -> 300
A57: UNIDAD ADMINISTRATIVA ESPECIAL MIGRACIÓN COLOMBIA | B57: 900477235-6 | C57: Secop II | D57: 63 | E57: Dayanna Prieto Villalba | F57: 20236231415000009E | G57: Febrero | H57: 44973 | I57: PCD-069-2023-20TEC | J57: N/A | K57: N/A | L57: EXTENSIÓN DE GARANTÍA PARA LAS LECTORAS DE DOCUMENTOS Y ACTUALIZACIÓN DEL SOFTWARE DE VALIDACIÓN DE DOCUMENTOS. | M57: Contratación Directa | N57: Exclusividad | O57: Oficina de Tecnología de la Informacion | P57: 43211700;81112200 | Q57: Dispositivos informáticos de entrada de datos - Mantenimiento y soporte de software | R57: 1038000000 | S57: 1037971678 | T57: 21723 | U57: C-1199-1002-10-0-1199001-02 | V57: Celebrado | W57: En ejecución | X57: N/A | Y57: CO-081-2023 | Z57: 44988 | AA57: Compraventa | AB57: N/A | AC57: Nivel Central | AD57: Bogotá D.C. | AE57: THALES COLOMBIA S.A | AF57: 830079892 | AG57: 4 | AH57: N/A | AI57: N/A | AJ57: NO | AK57: No es mipyme | AL57: Sociedad Anónima | AM57: N/A | AN57: N/A | AO57: 44923 | AP57: 44988 | AQ57: 1037971678 | AR57: 0 | AS57: 0 | AT57: 0 | AU57: =SUM(AQ57+AR57+AS57+AT57) -> 1037971678 | AV57: Si | AW57: 44995 | AX57: Cumplimiento | AY57: 44995 | AZ57: Marzo | BA57: 45087 | BB57: =(BA57-AY57) -> 92 | BC57: DIEGO EMILIO OJEDA MONCAYO | BD57: 19498970 | BE57: 0 | BG57: 0 | BI57: 0 | BM57: 0 | BO57: =SUM(AU57+BE57+BG57+BI57-BM57) -> 1037971678 | BY57: =SUM(BB57+BP57+BS57+BV57) -> 92
A58: UNIDAD ADMINISTRATIVA ESPECIAL MIGRACIÓN COLOMBIA | B58: 900477235-6 | C58: Secop II | D58: 64 | E58: Alejandra María Arcos Medina | F58: 20236231408000001E | G58: Febrero | H58: 44966 | I58: SIE-001-2023 | J58: N/A | K58: N/A | L58: CONTRATAR EL SERVICIO DE SOPORTE ESPECIALIZADO EN BASES DE DATOS, SISTEMAS OPERATIVOS E INFRAESTRUCTURA TECNOLÓGICA DE LA PLATAFORMA MISIONAL DE MIGRACIÓN COLOMBIA. | M58: Selección abreviada | N58: Subasta Inversa Electrónica | O58: Oficina de Tecnología de la Informacion | P58: 43232300 | Q58: Difusión de tecnologías de información y telecomunicaciones | R58: 760000000 | S58: 759787267 | T58: 15923 | U58: C-1199-1002-10-0-1199001-02 | V58: Celebrado | W58: En ejecución | X58: N/A | Y58: CO-113-2023 | Z58: 45043 | AA58: Prestación de Servicios | AB58: N/A | AC58: Nivel Central | AD58: Bogotá D.C. | AE58: UT AUTOMATIZACION Y REPLICACION 2023 | AF58: 901704620 | AG58: 7 | AH58: N/A | AI58: N/A | AJ58: NO | AK58: No es mipyme | AL58: N/A | AM58: N/A | AN58: N/A | AO58: 82723 | AP58: 45050 | AQ58: 759310000 | AU58: 759310000 | AV58: Si | AW58: 45044 | AX58: Cumplimiento | AY58: 45050 | AZ58: Marzo | BA58: 45291 | BB58: =(BA58-AY58) -> 241 | BC58: DIEGO EMILIO OJEDA MONCAYO | BD58: 19498970 | BE58: 379655000 | BF58: 45212 | BG58: 0 | BI58: 0 | BM58: 0 | BO58: =SUM(AU58+BE58+BG58+BI58-BM58) -> 1138965000 | BY58: =SUM(BB58+BP58+BS58+BV58) -> 241
A59: UNIDAD ADMINISTRATIVA ESPECIAL MIGRACIÓN COLOMBIA | B59: 900477235-6 | C59: Secop II | D59: 65 | E59: Cesar Augusto Mejia Carrillo | F59: 20232501413000017E | G59: Febrero | H59: 44980 | I59: PCD-075-2023-22TEC | J59: N/A | K59: N/A | L59: CONTRATAR LA PRESTACIÓN DE LOS SERVICIOS PROFESIONALES PARA EL SOPORTE AL SITIO WEB DE LA UNIDAD ADMINISTRATIVA ESPECIAL MIGRACIÓN COLOMBIA DE CONFORMIDAD CON LAS ESPECIFICACIONES TÉCNICAS | M59: Contratación Directa | N59: Prestación de Servicios Profesionales | O59: Oficina de Tecnología de la Informacion | P59: 80111614 - 81111500 - 81111800 | Q59: Servicios de Gestión, Servicios Profesionales de Empresa y Servicios Administrativos . Servicios de recursos humanos .servicios de personal temporal ,servicios Temporales de de ingenieria - Servicios basados en Ingeniería Investigación y Tecnología, Servicios Informáticos , Ingeniería de Software o Hardware - Servicios de sistemas y administracion de componentes de sistemas | R59: 80000000 | S59: 80000000 | T59: 20023 | U59: C-1199-1002-10-0-1199001-02 | V59: Celebrado | W59: En ejecución | X59: N/A | Y59: CO-071-2023 | Z59: 44979 | AA59: Prestación de Servicios Profesionales | AB59: N/A | AC59: Nivel Central | AD59: Bogotá D.C. | AE59: JONNATHAN DAVID TRIANA BOTIA | AF59: 1014211359 | AG59: - | AH59: N/A | AI59: INGENIERO DE SISTEMAS | AJ59: NO | AK59: No es mipyme | AL59: N/A | AM59: 32915 | AN59: =+YEAR(TODAY())-YEAR('Contratación 2023'!$AM53) -> 52 | AO59: 41523 | AP59: 44980 | AQ59: 80000000 | AR59: 0 | AS59: 0 | AT59: 0 | AU59: =SUM(AQ59+AR59+AS59+AT59) -> 80000000 | AV59: Si | AW59: 44980 | AX59: Cumplimiento | AY59: 44979 | AZ59: Febrero | BA59: 45291 | BB59: =(BA59-AY59) -> 312 | BC59: DIEGO EMILIO OJEDA MONCAYO | BD59: 19498970 | BE59: 0 | BG59: 0 | BI59: 0 | BM59: 0 | BO59: =SUM(AU59+BE59+BG59+BI59-BM59) -> 80000000 | BY59: =SUM(BB59+BP59+BS59+BV59) -> 312
A60: UNIDAD ADMINISTRATIVA ESPECIAL MIGRACIÓN COLOMBIA | B60: 900477235-6 | C60: Secop II | D60: 66 | E60: Cesar Augusto Mejia Carrillo | F60: 20232501413000020E | G60: Febrero | H60: 44977 | I60: PCD-077-2023-23TEC | J60: N/A | K60: N/A | L60: CONTRATAR LA PRESTACIÓN DE SERVICIOS PROFESIONALES PARA REALIZAR LA ADMINISTRACIÓN DE BASES DE DATOS DE MIGRACIÓN COLOMBIA | M60: Contratación Directa | N60: Prestación de Servicios Profesionales | O60: Oficina de Tecnología de la Informacion | P60: 811115-811116-811122 | Q60: Servicios Basados en Ingeniería, Investigación Y Tecnología ,Servicios informaticos Ingeniería de software o hardware -Programadores de computador - Mantenimiento y soporte de software | R60: 105000000 | S60: 105000000 | T60: 20323 | U60: C-1199-1002-10-0-1199001-02 | V60: Celebrado | W60: Terminación anticipada | X60: N/A | Y60: CO-069-2023 | Z60: 44977 | AA60: Prestación de Servicios Profesionales | AB60: N/A | AC60: Nivel Central | AD60: Bogotá D.C. | AE60: LUIS ALEXANDER JIMENEZ ALVARADO | AF60: 79694066 | AG60: - | AH60: N/A | AI60: INGENIERO DE SISTEMAS | AJ60: NO | AK60: No es mipyme | AL60: N/A | AM60: 27617 | AN60: =+YEAR(TODAY())-YEAR('Contratación 2023'!$AM54) -> 48 | AO60: 40323 | AP60: 44977 | AQ60: 105000000 | AR60: 0 | AS60: 0 | AT60: 0 | AU60: =SUM(AQ60+AR60+AS60+AT60) -> 105000000 | AV60: Si | AW60: 44985 | AX60: Cumplimiento | AY60: 44977 | AZ60: Febrero | BA60: 45126 | BB60: =(BA60-AY60) -> 149 | BC60: DIEGO EMILIO OJEDA MONCAYO | BD60: 19498970 | BE60: 0 | BG60: 0 | BI60: 0 | BM60: 0 | BO60: =SUM(AU60+BE60+BG60+BI60-BM60) -> 105000000 | BY60: =SUM(BB60+BP60+BS60+BV60) -> 149
A61: UNIDAD ADMINISTRATIVA ESPECIAL MIGRACIÓN COLOMBIA | B61: 900477235-6 | C61: Secop II | D61: 67 | E61: Cesar Augusto Mejia Carrillo | F61: 20232501413000018E | G61: Febrero | H61: 44971 | I61: PCD-066-2023-24TEC | J61: N/A | K61: N/A | L61: CONTRATAR LA PRESTACIÓN DE SERVICIOS PROFESIONALES PARA REALIZAR ACTIVIDADES EN MANTENIMIENTO, RÉPLICAS EN BASES DE DATOS Y APOYO AL DESARROLLO DE SOFTWARE DE MIGRACIÓN COLOMBIA | M61: Contratación Directa | N61: Prestación de Servicios Profesionales | O61: Oficina de Tecnología de la Informacion | P61: 811115-811116-811122 | Q61: Servicios Basados en Ingeniería, Investigación Y Tecnología ,Servicios informaticos Ingeniería de software o hardware -Programadores de computador - Mantenimiento y soporte de software | R61: 47250000 | S61: 47250000 | T61: 20223 | U61: C-1199-1002-10-0-1199001-02 | V61: Celebrado | W61: En ejecución | X61: N/A | Y61: CO-061-2023 | Z61: 44971 | AA61: Prestación de Servicios Profesionales | AB61: N/A | AC61: Nivel Central | AD61: Bogotá D.C. | AE61: CRISTIAN ANDREY SALINAS FORERO | AF61: 1019071696 | AG61: - | AH61: N/A | AI61: INGENIERO DE SISTEMAS | AJ61: NO | AK61: No es mipyme | AL61: N/A | AM61: 33763 | AN61: =+YEAR(TODAY())-YEAR('Contratación 2023'!$AM55) -> 45 | AO61: 37023 | AP61: 44971 | AQ61: 47250000 | AR61: 0 | AS61: 0 | AT61: 0 | AU61: =SUM(AQ61+AR61+AS61+AT61) -> 47250000 | AV61: Si | AW61: 44970 | AX61: Cumplimiento | AY61: 44971 | AZ61: Febrero | BA61: 45291 | BB61: =(BA61-AY61) -> 320 | BC61: DIEGO EMILIO OJEDA MONCAYO | BD61: 19498970 | BE61: 0 | BG61: 0 | BI61: 0 | BM61: 0 | BO61: =SUM(AU61+BE61+BG61+BI61-BM61) -> 47250000 | BY61: =SUM(BB61+BP61+BS61+BV61) -> 320
A62: UNIDAD ADMINISTRATIVA ESPECIAL MIGRACIÓN COLOMBIA | B62: 900477235-6 | C62: Secop II | D62: 68 | E62: Cesar Augusto Mejia Carrillo | F62: 20232501413000023E | G62: Febrero | H62: 44980 | I62: PCD-078-2023-25TEC | J62: N/A | K62: N/A | L62: CONTRATAR LA PRESTACIÓN DE LOS SERVICIOS PROFESIONALES PARA APOYAR LA GESTIÓN DE LA OFICINA DE TECNOLOGÍA DE LA INFORMACIÓN DE MIGRACIÓN COLOMBIA, EN LAS ACTIVIDADES PROPIAS DEL DESARROLLO DE APLICACIONES EN LENGUAJE .NET | M62: Contratación Directa | N62: Prestación de Servicios Profesionales | O62: Oficina de Tecnología de la Informacion | P62: 80111600-811115-811120 | Q62: Servicios de Gestión Servicios Profesional es de Empresa y Servicios Administrativos ,Servicios de recursos humanos ,Servicios de personal temporal - Servicios informaticos Ingeniería de software o hardware - Servicios de datos | R62: 84000000 | S62: 84000000 | T62: 22623 | U62: C-1199-1002-10-0-1199001-02 | V62: Celebrado | W62: Terminación anticipada | X62: N/A | Y62: CO-072-2023 | Z62: 44979 | AA62: Prestación de Servicios Profesionales | AB62: N/A | AC62: Nivel Central | AD62: Bogotá D.C. | AE62: DIEGO ESTEBAN PAREDES BURBANO | AF62: 1085298706 | AG62: - | AH62: N/A | AI62: INGENIERO DE SISTEMAS | AJ62: NO | AK62: No es mipyme | AL62: N/A | AM62: 33796 | AN62: =+YEAR(TODAY())-YEAR('Contratación 2023'!$AM56) -> #VALUE! | AO62: 41623 | AP62: 44980 | AQ62: 84000000 | AR62: 0 | AS62: 0 | AT62: 0 | AU62: =SUM(AQ62+AR62+AS62+AT62) -> 84000000 | AV62: Si | AW62: 44981 | AX62: Cumplimiento | AY62: 44979 | AZ62: Febrero | BA62: 45058 | BB62: =(BA62-AY62) -> 79 | BC62: DIEGO EMILIO OJEDA MONCAYO | BD62: 19498970 | BE62: 0 | BG62: 0 | BI62: 0 | BM62: 0 | BO62: =SUM(AU62+BE62+BG62+BI62-BM62) -> 84000000 | BY62: =SUM(BB62+BP62+BS62+BV62) -> 79
A63: UNIDAD ADMINISTRATIVA ESPECIAL MIGRACIÓN COLOMBIA | B63: 900477235-6 | C63: Secop II | D63: 69 | E63: Alejandra María Arcos Medina | F63: 20236231408000005E | G63: Marzo | H63: 44987 | I63: SIE-003-2023 | J63: N/A | K63: N/A | L63: CONTRATAR LA PRESTACIÓN DEL SERVICIO DE MANTENIMIENTO PREVENTIVO Y CORRECTIVO CON BOLSA DE REPUESTOS PARA LOS COMPONENTES DE LOS CCTV, DE ACUERDO CON LOS REQUERIMIENTOS TÉCNICOS DE LA UNIDAD ADMINISTRATIVA ESPECIAL MIGRACIÓN COLOMBIA. | M63: Selección abreviada | N63: Subasta Inversa Electrónica | O63: Oficina de Tecnología de la Informacion | P63: 43232800 | Q63: Software de administración de redes | R63: 96500000 | S63: 96489999 | T63: 20523 | U63: C-1199-1002-10-0-1199001-02 | V63: Celebrado | W63: En ejecución | X63: N/A | Y63: CO-119-2023 | Z63: 45043 | AA63: Prestación de Servicios | AB63: N/A | AC63: Nivel Central | AD63: Bogotá D.C. | AE63: VOXCOM SAS | AF63: 830106748 | AG63: 8 | AH63: N/A | AI63: N/A | AJ63: NO | AK63: No es mipyme | AL63: N/A | AM63: N/A | AN63: N/A | AO63: 82823 | AP63: 45050 | AQ63: 96489974 | AU63: =('Contratación 2023'!$AQ57+'Contratación 2023'!$AR57) -> 1037971678 | AV63: Si | AW63: 45054 | AX63: Cumplimiento | AY63: 45054 | AZ63: Mayo | BA63: 45291 | BB63: =(BA63-AY63) -> 237 | BC63: DIEGO EMILIO OJEDA MONCAYO | BD63: 19498970 | BE63: 0 | BG63: 0 | BI63: 0 | BM63: 0 | BO63: =SUM(AU63+BE63+BG63+BI63-BM63) -> 1037971678 | BY63: =SUM(BB63+BP63+BS63+BV63) -> 237
A64: UNIDAD ADMINISTRATIVA ESPECIAL MIGRACIÓN COLOMBIA | B64: 900477235-6 | C64: Secop II | D64: 71 | E64: Dayanna Prieto Villalba | F64: 20236231407000001E | G64: Febrero | H64: 44985 | I64: MC-005-2023-29TEC | J64: N/A | K64: N/A | L64: SERVICIO DE MANTENIMIENTO PREVENTIVO Y CORRECTIVO CON SUMINISTRO DE REPUESTOS Y BATERÍAS, DE LAS UPS MARCAS POWERSUN, TRIPP LITE Y SAT. | M64: Mínima cuantía | N64: Prestación de Servicios Profesionales | O64: Oficina de Tecnología de la Informacion | P64: 72103302 | Q64: Mantenimiento o soporte de equipo de telecomunicaciones | R64: 11800000 | S64: 11800000 | T64: 22723 | U64: C-1199-1002-10-0-1199001-02 | V64: Celebrado | W64: En ejecución | X64: N/A | Y64: AO-007-2023 | Z64: 45027 | AA64: Prestación de Servicios | AB64: N/A | AC64: Nivel Central | AD64: Bogotá D.C. | AE64: POWERSUN SAS | AF64: 900098348 | AG64: 3 | AH64: N/A | AI64: N/A | AJ64: SI | AK64: N/A | AL64: Sociedad por acciones simplificadas | AM64: N/A | AN64: N/A | AO64: 69623 | AP64: 45028 | AQ64: 7186316 | AU64: 7186316 | AV64: Si | AW64: 45019 | AX64: Cumplimiento | AY64: 45028 | AZ64: Abril | BA64: 45291 | BB64: =(BA64-AY64) -> 263 | BC64: DIEGO EMILIO OJEDA MONCAYO | BD64: 19498970 | BE64: 0 | BG64: 0 | BI64: 0 | BM64: 0 | BO64: =SUM(AU64+BE64+BG64+BI64-BM64) -> 7186316 | BY64: =SUM(BB64+BP64+BS64+BV64) -> 263
A65: UNIDAD ADMINISTRATIVA ESPECIAL MIGRACIÓN COLOMBIA | B65: 900477235-6 | C65: Secop II | D65: 72 | E65: Alejandra María Arcos Medina | F65: 20236231415000002E | G65: Febrero | H65: 44981 | I65: PCD-079-2023-30TEC | J65: N/A | K65: N/A | L65: CONTRATAR LA ACTUALIZACIÓN DE LAS LICENCIAS PARA LOS SISTEMAS KACTUS Y SEVEN Y SERVICIO DE SOPORTE TÉCNICO ESPECIALIZADO PRESENCIAL, DE CONFORMIDAD CON LAS ESPECIFICACIONES DE LA UNIDAD ADMINISTRATIVA ESPECIAL MIGRACIÓN COLOMBIA INDICADAS EN EL ESTUDIO PREVIO | M65: Contratación Directa | N65: Exclusividad | O65: Oficina de Tecnología de la Informacion | P65: 43231600 | Q65: Componentes y Equipos para Distribución y Sistemas de Acondicionamiento | R65: 614700000 | S65: 429942610 | T65: 22823 | U65: C-1199-1002-10-0-1199001-02 | V65: Celebrado | W65: En ejecución | X65: N/A | Y65: CO-098-2023 | Z65: 45009 | AA65: Compraventa | AB65: N/A | AC65: Nivel Central | AD65: Bogotá D.C. | AE65: DIGITAL WARE S.A.S | AF65: 830042244 | AG65: 1 | AH65: N/A | AI65: N/A | AJ65: NO | AK65: No es mipyme | AL65: Sociedad por acciones simplificadas | AM65: N/A | AN65: N/A | AO65: 61623 | AP65: 45012 | AQ65: 4.299422e+08 | AR65: 0 | AS65: 0 | AT65: 0 | AU65: =SUM(AQ65+AR65+AS65+AT65) -> 4.299422e+08 | AV65: Si | AW65: 45009 | AX65: Cumplimiento | AY65: 45014 | AZ65: Marzo | BA65: 45291 | BB65: =(BA65-AY65) -> 277 | BC65: DIEGO EMILIO OJEDA MONCAYO | BD65: 19498970 | BE65: 0 | BG65: 0 | BI65: 0 | BM65: 0 | BO65: =SUM(AU65+BE65+BG65+BI65-BM65) -> 4.299422e+08 | BY65: =SUM(BB65+BP65+BS65+BV65) -> 277
A66: UNIDAD ADMINISTRATIVA ESPECIAL MIGRACIÓN COLOMBIA | B66: 900477235-6 | C66: Secop II | D66: 79 | E66: Diana Esperanza Durán Garcia | F66: 20236231408000016E | G66: Marzo | H66: 45014 | I66: SIE-008-2023 | J66: N/A | K66: N/A | L66: ADQUIRIR EQUIPOS DE CONECTIVIDAD Y LA EXTENSIÓN DE GARANTÍA DE SMAR NET DEL FABRICANTE PARA LOS EQUIPOS CISCO DE ACUERDO CON LAS ESPECIFICACIONES TÉCNICAS REQUERIDAS POR LA UNIDAD ADMINISTRATIVA ESPECIAL MIGRACIÓN COLOMBIA. | M66: Selección abreviada | N66: Subasta Inversa Electrónica | O66: Oficina de Tecnología de la Informacion | P66: 72103300; 81111800; 32151900; 43221700; 43221800; 43222600 | Q66: Dispositivos de automatización de control de la conectividad | R66: 433440000 | S66: 432832203 | T66: 27523 | U66: C-1199-1002-10-0-1199001-02 | V66: Celebrado | W66: En ejecución | X66: N/A | Y66: CO-138-2023 | Z66: 45086 | AA66: Compraventa | AB66: N/A | AC66: Nivel Central | AD66: Bogotá D.C. | AE66: MCO GLOBAL S A S | AF66: 900749820 | AG66: 3 | AH66: N/A | AI66: N/A | AJ66: SI | AK66: Pequeña | AL66: Sociedad por acciones simplificadas | AM66: N/A | AN66: N/A | AO66: 109223 | AP66: 45090 | AQ66: 388625280 | AU66: 388625280 | AV66: Si | AW66: 45091 | AX66: Cumplimiento | AY66: 45091 | AZ66: Junio | BA66: 45291 | BB66: =(BA66-AY66) -> 200 | BC66: OJEDA MONCAYO DIEGO EMILIO | BD66: 19498970 | BE66: 0 | BG66: 0 | BI66: 0 | BM66: 0 | BO66: =SUM(AU66+BE66+BG66+BI66-BM66) -> 388625280 | BY66: =SUM(BB66+BP66+BS66+BV66) -> 200
A67: UNIDAD ADMINISTRATIVA ESPECIAL MIGRACIÓN COLOMBIA | B67: 900477235-6 | C67: Secop II | D67: 82 | E67: Alejandra María Arcos Medina | F67: 20236231408000023E | G67: Marzo | H67: 45016 | I67: SIE-010-2023 | J67: N/A | K67: N/A | L67: EXTENSIÓN DE GARANTÍA PARA LOS SERVIDORES MARCA DEL | M67: Selección abreviada | N67: Subasta Inversa Electrónica | O67: Oficina de Tecnología de la Informacion | P67: 81111500 | Q67: Ingeniería de software o hardware | R67: 1539604000 | S67: 1409169015 | T67: 30823 | U67: C-1199-1002-10-0-1199001-02 | V67: Celebrado | W67: En ejecución | X67: N/A | Y67: CO-142-2023 | Z67: 45092 | AA67: Compraventa | AB67: N/A | AC67: Nivel Central | AD67: Bogotá D.C. | AE67: ORIGIN IT S.A.S | AF67: 900471414 | AG67: 0 | AH67: N/A | AI67: N/A | AJ67: SI | AK67: Mediana | AL67: Sociedad por acciones simplificadas | AM67: N/A | AN67: N/A | AO67: 111623 | AP67: 45093 | AQ67: 7.6761357e+08 | AU67: 7.6761357e+08 | AV67: Si | AW67: 45098 | AX67: Cumplimiento | AY67: 45098 | AZ67: Junio | BA67: 45158 | BB67: =(BA67-AY67) -> 60 | BC67: OJEDA MONCAYO DIEGO EMILIO | BD67: 19498970 | BE67: 0 | BG67: 0 | BI67: 0 | BM67: 0 | BY67: =SUM(BB67+BP67+BS67+BV67) -> 60
A68: UNIDAD ADMINISTRATIVA ESPECIAL MIGRACIÓN COLOMBIA | B68: 900477235-6 | C68: Secop II | D68: 83 | E68: Dayanna Prieto Villalba | F68: 20236231407000026E | G68: Abril | H68: 45043 | I68: MC-012-2023 | J68: N/A | K68: N/A | L68: CONTRATAR EL SUMINISTRO DE UNA BOLSA DE REPUESTOS PARA EQUIPOS DE COMPUTO E IMPRESIÓN. | M68: Mínima cuantía | N68: Prestación de Servicios | O68: Oficina de Tecnología de la Informacion | P68: 32101601;43211706;43201803;43202222;43211708;43211719;43211711;44101706;44103004;44103125 | Q68: Memoria de acceso aleatorio (ram) - Teclados - Unidades de disco duro - Cables de computador - Mouse o bola de seguimiento para computador - Micrófonos de voz para computadores - Escáneres - Unidades de fotoconductores o imágenes - Fusores - Kit de mantenimiento de impresoras | R68: 45000000 | S68: 45000000 | T68: 33923 | U68: C-1199-1002-10-0-1199001-02 | V68: Celebrado | W68: En ejecución | X68: N/A | Y68: AO-009-2023 | Z68: 45086 | AA68: Suministro | AB68: N/A | AC68: Nivel Central | AD68: Bogotá D.C. | AE68: T&S COMP TECNOLOGIA Y SERVICIOS S.A.S | AF68: 830080498 | AG68: 7 | AH68: N/A | AI68: N/A | AJ68: SI | AK68: Pequeña | AL68: Sociedad por acciones simplificadas | AM68: N/A | AN68: N/A | AO68: 110123 | AP68: 45091 | AQ68: 45000000 | AU68: 45000000 | AV68: Si | AW68: 45089 | AX68: Cumplimiento | AY68: 45097 | AZ68: Junio | BA68: 45291 | BB68: =(BA68-AY68) -> 194 | BC68: DIEGO EMILIO OJEDA MONCAYO | BD68: 19498970 | BE68: 0 | BG68: 0 | BI68: 0 | BM68: 0 | BO68: =SUM(AU68+BE68+BG68+BI68-BM68) -> 45000000 | BY68: =SUM(BB68+BP68+BS68+BV68) -> 194
A69: UNIDAD ADMINISTRATIVA ESPECIAL MIGRACIÓN COLOMBIA | B69: 900477235-6 | C69: TVEC | D69: 97 | E69: Alejandra María Arcos Medina | F69: 20232501410000001E | G69: Febrero | H69: 44974 | I69: 144547 | J69: N/A | K69: N/A | L69: SUSCRIPCIÓN Y HORAS DE SERVICIO DE PRODUCTOS GOOGLE PARA LA ENTIDAD. | M69: Selección abreviada | N69: Acuerdo Marco de Precios | O69: Oficina de Tecnología de la Informacion | P69: 81112100 | Q69: Servicios Basados en Ingeniería, Investigación y Tecnología | R69: 2200000 | S69: 2200000 | T69: 22523 | U69: C-1199-1002-10-0-1199001-02 | V69: Celebrado | W69: En ejecución | X69: N/A | Y69: 105871 | Z69: 44991 | AA69: Suscripción | AB69: N/A | AC69: Nivel Central | AD69: Bogotá D.C. | AE69: XERTICA COLOMBIA SAS | AF69: 830077380 | AG69: 6 | AH69: N/A | AI69: N/A | AJ69: SI | AK69: Mediana | AL69: Sociedad por acciones simplificadas | AM69: N/A | AN69: N/A | AO69: 46823 | AP69: 44965 | AQ69: 1.4688211e+09 | AU69: 1.4688211e+09 | AV69: Si | AW69: 44993 | AX69: Cumplimiento | AY69: 44993 | AZ69: Marzo | BA69: 45291 | BB69: =(BA69-AY69) -> 298 | BC69: DIEGO EMILIO OJEDA MONCAYO | BD69: 19498970 | BE69: 3.782533e+08 | BF69: 45222 | BG69: 0 | BI69: 0 | BM69: 0 | BO69: =SUM(AU69+BE69+BG69+BI69-BM69) -> 1847074443 | BY69: =SUM(BB69+BP69+BS69+BV69) -> 298
A70: UNIDAD ADMINISTRATIVA ESPECIAL MIGRACIÓN COLOMBIA | B70: 900477235-6 | C70: Secop II | D70: 98 | E70: Alejandra María Arcos Medina | F70: 20232501413000011E | G70: Enero | H70: 44942 | I70: PCD-025-2023-60TEC | J70: N/A | K70: N/A | L70: CONTRATAR LA PRESTACIÓN DE SERVICIOS PROFESIONALES ESPECIALIZADOS CON AUTONOMÍA TÉCNICA Y ADMINISTRATIVA PARA ACOMPAÑAR Y ORIENTAR JURÍDICAMENTE A LA OFICINA DE TECNOLOGÍA DE LA INFORMACIÓN DE MIGRACIÓN COLOMBIA EN LOS PROCESOS JURÍDICOS, EN TEMAS ADMINISTRATIVOS Y CONTRACTUALES, EN EL MARCO DEL CAMPO DEL DERECHO | M70: Contratación Directa | N70: Prestación de Servicios Profesionales | O70: Oficina de Tecnología de la Informacion | P70: 80161500 | Q70: Servicios de gestión, servicios profesionales de empresa y servicios administrativos | R70: 86250000 | S70: 86250000 | T70: 13223 | U70: C-1199-1002-10-0-1199001-02 | V70: Celebrado | W70: En ejecución | X70: N/A | Y70: CO-023-2023 | Z70: 44944 | AA70: Prestación de Servicios Profesionales | AB70: N/A | AC70: Nivel Central | AD70: Bogotá D.C. | AE70: SERGIO ALEJANDRO ROMERO SARMIENTO | AF70: 1010218162 | AG70: - | AH70: N/A | AI70: DERECHO | AJ70: NO | AK70: No es mipyme | AL70: N/A | AM70: 34627 | AN70: =+YEAR(TODAY())-YEAR('Contratación 2023'!$AM64) -> #VALUE! | AO70: 19223 | AP70: 44944 | AQ70: 86250000 | AR70: 0 | AS70: 0 | AT70: 0 | AU70: =SUM(AQ70+AR70+AS70+AT70) -> 86250000 | AV70: Si | AW70: 44944 | AX70: Cumplimiento | AY70: 44944 | AZ70: Enero | BA70: 45291 | BB70: =(BA70-AY70) -> 347 | BC70: DIEGO EMILIO OJEDA MONCAYO | BD70: 19498970 | BE70: 0 | BG70: 0 | BI70: 0 | BM70: 0 | BO70: =SUM(AU70+BE70+BG70+BI70-BM70) -> 86250000 | BY70: =SUM(BB70+BP70+BS70+BV70) -> 347
A71: UNIDAD ADMINISTRATIVA ESPECIAL MIGRACIÓN COLOMBIA | B71: 900477235-6 | C71: Secop II | D71: 99 | E71: Cesar Augusto Mejia Carrillo | F71: 20233001413000017E | G71: Marzo | H71: 44995 | I71: PCD-087-2023-61TEC | J71: N/A | K71: N/A | L71: CONTRATAR LA PRESTACIÓN DE SERVICIOS DE APOYO A LA GESTIÓN, PARA LA ATENCIÓN AL CIUDADANO Y LAS DEMAS ACTIVIDADES MISIONALES Y ADMINISTRATIVAS INHERENTES A LA REGIONAL ORIENTE | M71: Contratación Directa | N71: Prestación de Servicios de Apoyo a la Gestión | O71: Oficina de Tecnología de la Informacion | P71: 801615 | Q71: Servicios de Gestion, servicios porfesionales de empresas, y servicios administrativos | R71: 30000000 | S71: 30000000 | T71: 25223 | U71: C-1199-1002-10-0-1199001-02 | V71: Celebrado | W71: En ejecución | X71: N/A | Y71: CO-076-2023 | Z71: 44998 | AA71: Prestación de Servicios Profesionales | AB71: N/A | AC71: Regional Oriente | AD71: Cúcuta | AE71: ANDRÉS FELIPE REMOLINA OROSTEGUI | AF71: 1101694114 | AG71: - | AH71: N/A | AI71: ABOGADO | AJ71: NO | AK71: No es mipyme | AL71: N/A | AM71: 34948 | AN71: =+YEAR(TODAY())-YEAR('Contratación 2023'!$AM65) -> #VALUE! | AO71: 52323 | AP71: 44994 | AQ71: 30000000 | AR71: 0 | AS71: 0 | AT71: 0 | AU71: =SUM(AQ71+AR71+AS71+AT71) -> 30000000 | AV71: Si | AW71: 44998 | AX71: Cumplimiento | AY71: 45000 | AZ71: Marzo | BA71: 45291 | BB71: =(BA71-AY71) -> 291 | BC71: RAFAEL DARIO EUGENIO PARADA | BD71: 88151663 | BE71: 0 | BG71: 0 | BI71: 0 | BM71: 0 | BO71: =SUM(AU71+BE71+BG71+BI71-BM71) -> 30000000 | BY71: =SUM(BB71+BP71+BS71+BV71) -> 291
A72: UNIDAD ADMINISTRATIVA ESPECIAL MIGRACIÓN COLOMBIA | B72: 900477235-6 | C72: Secop II | D72: 100 | E72: Cesar Augusto Mejia Carrillo | F72: 20233001413000018E | G72: Marzo | H72: 44995 | I72: PCD-090-2023-62TEC | J72: N/A | K72: N/A | L72: CONTRATAR LA PRESTACIÓN DE SERVICIOS DE APOYO A LA GESTIÓN, PARA LA ATENCIÓN AL CIUDADANO Y LAS DEMAS ACTIVIDADES MISIONALES Y ADMINISTRATIVAS INHERENTES A LA REGIONAL ORIENTE | M72: Contratación Directa | N72: Prestación de Servicios de Apoyo a la Gestión | O72: Oficina de Tecnología de la Informacion | P72: 801615 | Q72: Servicios de Gestion, servicios porfesionales de empresas, y servicios administrativos | R72: 30000000 | S72: 30000000 | T72: 25023 | U72: C-1199-1002-10-0-1199001-02 | V72: Celebrado | W72: En ejecución | X72: N/A | Y72: CO-077-2023 | Z72: 44998 | AA72: Prestación de Servicios Profesionales | AB72: N/A | AC72: Regional Oriente | AD72: Cúcuta | AE72: VIVIANA PAOLA SÁNCHEZ CAMARGO | AF72: 1090416279 | AG72: - | AH72: N/A | AI72: ADMINISTRADORA DE NEGOCIOS INTERNACIONALES | AJ72: NO | AK72: No es mipyme | AL72: N/A | AM72: 32946 | AN72: =+YEAR(TODAY())-YEAR('Contratación 2023'!$AM66) -> #VALUE! | AO72: 52523 | AP72: 44994 | AQ72: 30000000 | AR72: 0 | AS72: 0 | AT72: 0 | AU72: =SUM(AQ72+AR72+AS72+AT72) -> 30000000 | AV72: Si | AW72: 44999 | AX72: Cumplimiento | AY72: 45001 | AZ72: Marzo | BA72: 45291 | BB72: =(BA72-AY72) -> 290 | BC72: RAFAEL DARIO EUGENIO PARADA | BD72: 88151663 | BE72: 0 | BG72: 0 | BI72: 0 | BM72: 0 | BO72: =SUM(AU72+BE72+BG72+BI72-BM72) -> 30000000 | BY72: =SUM(BB72+BP72+BS72+BV72) -> 290
A73: UNIDAD ADMINISTRATIVA ESPECIAL MIGRACIÓN COLOMBIA | B73: 900477235-6 | C73: Secop II | D73: 101 | E73: Cesar Augusto Mejia Carrillo | F73: 20233001413000019E | G73: Marzo | H73: 44995 | I73: PCD-091-2023-63TEC | J73: N/A | K73: N/A | L73: CONTRATAR LA PRESTACIÓN DE SERVICIOS DE APOYO A LA GESTIÓN, PARA LA ATENCIÓN AL CIUDADANO Y LAS DEMAS ACTIVIDADES MISIONALES Y ADMINISTRATIVAS INHERENTES A LA REGIONAL ORIENTE | M73: Contratación Directa | N73: Prestación de Servicios de Apoyo a la Gestión | O73: Oficina de Tecnología de la Informacion | P73: 801615 | Q73: Servicios de Gestion, servicios porfesionales de empresas, y servicios administrativos | R73: 30000000 | S73: 30000000 | T73: 25123 | U73: C-1199-1002-10-0-1199001-02 | V73: Cancelado | W73: En ejecución | X73: N/A | Y73: N/A | Z73: N/A | AA73: Prestación de Servicios Profesionales | AB73: N/A | AC73: Regional Oriente | AD73: Cúcuta | AE73: SHARON LIZBEHT ANAYA BAUTISTA | AF73: 1090504513 | AG73: - | AH73: N/A | AI73: ADMINISTRADOR DE EMPRESAS | AJ73: NO | AK73: No es mipyme | AL73: N/A | AM73: 35520 | AN73: =+YEAR(TODAY())-YEAR('Contratación 2023'!$AM67) -> #VALUE! | AO73: 52623 | AP73: 44994 | AQ73: 30000000 | AR73: 0 | AS73: 0 | AT73: 0 | AU73: =SUM(AQ73+AR73+AS73+AT73) -> 30000000 | AV73: Si | AW73: N/A | AX73: No aplica | AY73: N/A | AZ73: Marzo | BA73: N/A | BB73: N/A | BC73: RAFAEL DARIO EUGENIO PARADA | BD73: 88151663 | BE73: 0 | BG73: 0 | BI73: 0 | BM73: 0 | BO73: =SUM(AU73+BE73+BG73+BI73-BM73) -> 30000000 | BY73: =SUM(BB73+BP73+BS73+BV73) -> #VALUE!
A74: UNIDAD ADMINISTRATIVA ESPECIAL MIGRACIÓN COLOMBIA | B74: 900477235-6 | C74: Secop II | D74: 102 | E74: Cesar Augusto Mejia Carrillo | F74: 20233001413000004E | G74: Marzo | H74: 44992 | I74: PCD-093-2023-64TEC | J74: N/A | K74: N/A | L74: CONTRATAR LA PRESTACIÓN DE SERVICIOS DE APOYO A LA GESTIÓN, PARA LA ATENCIÓN AL CIUDADANO Y LAS DEMAS ACTIVIDADES MISIONALES Y ADMINISTRATIVAS INHERENTES A LA REGIONAL ORIENTE | M74: Contratación Directa | N74: Prestación de Servicios de Apoyo a la Gestión | O74: Oficina de Tecnología de la Informacion | P74: 801615 | Q74: Servicios de Gestion, servicios porfesionales de empresas, y servicios administrativos | R74: 25000000 | S74: 25000000 | T74: 24223 | U74: C-1199-1002-10-0-1199001-02 | V74: Celebrado | W74: En ejecución | X74: N/A | Y74: CO-080-2023 | Z74: 44993 | AA74: Prestación de Servicios de apoyo a la Gestión | AB74: N/A | AC74: Regional Oriente | AD74: Cúcuta | AE74: DIANA CAROLINA ORTIZ BELTRAN | AF74: 1090401426 | AG74: - | AH74: N/A | AI74: TÉCNICO LABORAL EN SISTEMAS | AJ74: NO | AK74: No es mipyme | AL74: N/A | AM74: 32482 | AN74: =+YEAR(TODAY())-YEAR('Contratación 2023'!$AM68) -> #VALUE! | AO74: 46523 | AP74: 44992 | AQ74: 25000000 | AR74: 0 | AS74: 0 | AT74: 0 | AU74: =SUM(AQ74+AR74+AS74+AT74) -> 25000000 | AV74: Si | AW74: 44993 | AX74: Cumplimiento | AY74: 45001 | AZ74: Marzo | BA74: 45291 | BB74: =(BA74-AY74) -> 290 | BC74: RAFAEL DARIO EUGENIO PARADA | BD74: 88151663 | BE74: 0 | BG74: 0 | BI74: 0 | BM74: 0 | BO74: =SUM(AU74+BE74+BG74+BI74-BM74) -> 25000000 | BY74: =SUM(BB74+BP74+BS74+BV74) -> 290
A75: UNIDAD ADMINISTRATIVA ESPECIAL MIGRACIÓN COLOMBIA | B75: 900477235-6 | C75: Secop II | D75: 103 | E75: Cesar Augusto Mejia Carrillo | F75: 20233001413000005E | G75: Marzo | H75: 44993 | I75: PCD-092-2023-65TEC | J75: N/A | K75: N/A | L75: CONTRATAR LA PRESTACIÓN DE SERVICIOS DE APOYO A LA GESTIÓN, PARA LA ATENCIÓN AL CIUDADANO Y LAS DEMAS ACTIVIDADES MISIONALES Y ADMINISTRATIVAS INHERENTES A LA REGIONAL ORIENTE | M75: Contratación Directa | N75: Prestación de Servicios de Apoyo a la Gestión | O75: Oficina de Tecnología de la Informacion | P75: 801615 | Q75: Servicios de Gestion, servicios porfesionales de empresas, y servicios administrativos | R75: 25000000 | S75: 25000000 | T75: 24323 | U75: C-1199-1002-10-0-1199001-02 | V75: Celebrado | W75: En ejecución | X75: N/A | Y75: CO-079-2023 | Z75: 44994 | AA75: Prestación de Servicios de apoyo a la Gestión | AB75: N/A | AC75: Regional Oriente | AD75: Cúcuta | AE75: FRANCISCO JAVIER CASTELLANOS CARDENAS | AF75: 1092349877 | AG75: - | AH75: N/A | AI75: TÉCNICO EN SISTEMAS | AJ75: NO | AK75: No es mipyme | AL75: N/A | AM75: 33582 | AN75: =+YEAR(TODAY())-YEAR('Contratación 2023'!$AM69) -> #VALUE! | AO75: 46923 | AP75: 44993 | AQ75: 25000000 | AR75: 0 | AS75: 0 | AT75: 0 | AU75: =SUM(AQ75+AR75+AS75+AT75) -> 25000000 | AV75: Si | AW75: 44995 | AX75: Cumplimiento | AY75: 45001 | AZ75: Marzo | BA75: 45291 | BB75: =(BA75-AY75) -> 290 | BC75: RAFAEL DARIO EUGENIO PARADA | BD75: 88151663 | BE75: 0 | BG75: 0 | BI75: 0 | BM75: 0 | BO75: =SUM(AU75+BE75+BG75+BI75-BM75) -> 25000000 | BY75: =SUM(BB75+BP75+BS75+BV75) -> 290
A76: UNIDAD ADMINISTRATIVA ESPECIAL MIGRACIÓN COLOMBIA | B76: 900477235-6 | C76: Secop II | D76: 104 | E76: Diana Esperanza Durán Garcia | F76: 20233001413000006E | G76: Marzo | H76: 44992 | I76: PCD-095-2023-66TEC | J76: N/A | K76: N/A | L76: CONTRATAR LA PRESTACIÓN DE SERVICIOS DE APOYO A LA GESTIÓN, PARA LA ATENCIÓN AL CIUDADANO Y LAS DEMAS ACTIVIDADES MISIONALES Y ADMINISTRATIVAS INHERENTES A LA REGIONAL ORIENTE. | M76: Contratación Directa | N76: Prestación de Servicios de Apoyo a la Gestión | O76: Subdirección de Control Migratorio | P76: 80161500 | Q76: Servicios Secretariales o de administración de Oficinas | R76: 25000000 | S76: 25000000 | T76: 24123 | U76: C-1199-1002-10-0-1199001-02 | V76: Celebrado | W76: En ejecución | X76: N/A | Y76: CO-092-2023 | Z76: 44994 | AA76: Prestación de Servicios de apoyo a la Gestión | AB76: N/A | AC76: Regional Oriente | AD76: Cúcuta | AE76: MADELEYNE TORO SANCHEZ | AF76: 1093799482 | AG76: - | AH76: N/A | AI76: TEC. ANALISIS Y DES. DE SISTEMAS DE INF. | AJ76: NO | AK76: No es mipyme | AL76: N/A | AM76: 36296 | AN76: =+YEAR(TODAY())-YEAR('Contratación 2023'!$AM70) -> 30 | AO76: 53823 | AP76: 44995 | AQ76: 25000000 | AR76: 0 | AS76: 0 | AT76: 0 | AU76: =SUM(AQ76+AR76+AS76+AT76) -> 25000000 | AV76: Si | AW76: 45000 | AX76: Cumplimiento | AY76: 45001 | AZ76: Marzo | BA76: 45291 | BB76: =(BA76-AY76) -> 290 | BC76: EUGENIO PARADA RAFAEL DARIO | BD76: 88151663 | BE76: 0 | BG76: 0 | BI76: 0 | BM76: 0 | BO76: =SUM(AU76+BE76+BG76+BI76-BM76) -> 25000000 | BY76: =SUM(BB76+BP76+BS76+BV76) -> 290
A77: UNIDAD ADMINISTRATIVA ESPECIAL MIGRACIÓN COLOMBIA | B77: 900477235-6 | C77: Secop II | D77: 105 | E77: Diana Esperanza Durán Garcia | F77: 20233001413000007E | G77: Marzo | H77: 44992 | I77: PCD-096-2023-67TEC | J77: N/A | K77: N/A | L77: CONTRATAR LA PRESTACIÓN DE SERVICIOS DE APOYO A LA GESTIÓN, PARA LA ATENCIÓN AL CIUDADANO Y LAS DEMAS ACTIVIDADES MISIONALES Y ADMINISTRATIVAS INHERENTES A LA REGIONAL ORIENTE. | M77: Contratación Directa | N77: Prestación de Servicios de Apoyo a la Gestión | O77: Subdirección de Control Migratorio | P77: 80161500 | Q77: Servicios Secretariales o de administración de Oficinas | R77: 25000000 | S77: 25000000 | T77: 24023 | U77: C-1199-1002-10-0-1199001-02 | V77: Celebrado | W77: En ejecución | X77: N/A | Y77: CO-093-2023 | Z77: 44994 | AA77: Prestación de Servicios de apoyo a la Gestión | AB77: N/A | AC77: Regional Oriente | AD77: Cúcuta | AE77: ALIRIO ARMANDO AREVALO MARTINEZ | AF77: 1093767483 | AG77: - | AH77: N/A | AI77: TEC. EN GESTIÓN EMPRESARIAL | AJ77: NO | AK77: No es mipyme | AL77: N/A | AM77: 34074 | AN77: =+YEAR(TODAY())-YEAR('Contratación 2023'!$AM71) -> 29 | AO77: 53723 | AP77: 44995 | AQ77: 25000000 | AR77: 0 | AS77: 0 | AT77: 0 | AU77: =SUM(AQ77+AR77+AS77+AT77) -> 25000000 | AV77: Si | AW77: 44994 | AX77: Cumplimiento | AY77: 44998 | AZ77: Marzo | BA77: 45291 | BB77: =(BA77-AY77) -> 293 | BC77: EUGENIO PARADA RAFAEL DARIO | BD77: 88151663 | BE77: 0 | BG77: 0 | BI77: 0 | BM77: 0 | BO77: =SUM(AU77+BE77+BG77+BI77-BM77) -> 25000000 | BY77: =SUM(BB77+BP77+BS77+BV77) -> 293
A78: UNIDAD ADMINISTRATIVA ESPECIAL MIGRACIÓN COLOMBIA | B78: 900477235-6 | C78: Secop II | D78: 106 | E78: Diana Esperanza Durán Garcia | F78: 20233001413000008E | G78: Marzo | H78: 44992 | I78: PCD-097-2023-68TEC | J78: N/A | K78: N/A | L78: CONTRATAR LA PRESTACIÓN DE SERVICIOS DE APOYO A LA GESTIÓN, PARA LA ATENCIÓN AL CIUDADANO Y LAS DEMAS ACTIVIDADES MISIONALES Y ADMINISTRATIVAS INHERENTES A LA REGIONAL ORIENTE. | M78: Contratación Directa | N78: Prestación de Servicios de Apoyo a la Gestión | O78: Subdirección de Control Migratorio | P78: 80161500 | Q78: Servicios Secretariales o de administración de Oficinas | R78: 25000000 | S78: 25000000 | T78: 23923 | U78: C-1199-1002-10-0-1199001-02 | V78: Celebrado | W78: En ejecución | X78: N/A | Y78: CO-094-2023 | Z78: 44993 | AA78: Prestación de Servicios de apoyo a la Gestión | AB78: N/A | AC78: Regional Oriente | AD78: Cúcuta | AE78: YASMIN ROCIO ESCANDON CRISTANCHO | AF78: 1005000669 | AG78: - | AH78: N/A | AI78: TEC. EN GESTIÓN ADM. | AJ78: NO | AK78: No es mipyme | AL78: N/A | AM78: 36930 | AN78: =+YEAR(TODAY())-YEAR('Contratación 2023'!$AM72) -> 34 | AO78: 52423 | AP78: 44994 | AQ78: 25000000 | AR78: 0 | AS78: 0 | AT78: 0 | AU78: =SUM(AQ78+AR78+AS78+AT78) -> 25000000 | AV78: Si | AW78: 45000 | AX78: Cumplimiento | AY78: 45001 | AZ78: Marzo | BA78: 45291 | BB78: =(BA78-AY78) -> 290 | BC78: EUGENIO PARADA RAFAEL DARIO | BD78: 88151663 | BE78: 0 | BG78: 0 | BI78: 0 | BM78: 0 | BO78: =SUM(AU78+BE78+BG78+BI78-BM78) -> 25000000 | BY78: =SUM(BB78+BP78+BS78+BV78) -> 290
A79: UNIDAD ADMINISTRATIVA ESPECIAL MIGRACIÓN COLOMBIA | B79: 900477235-6 | C79: Secop II | D79: 107 | E79: Diana Esperanza Durán Garcia | F79: 20233001413000009E | G79: Marzo | H79: 44992 | I79: PCD-098-2023-69TEC | J79: N/A | K79: N/A | L79: CONTRATAR LA PRESTACIÓN DE SERVICIOS DE APOYO A LA GESTIÓN, PARA LA ATENCIÓN AL CIUDADANO Y LAS DEMAS ACTIVIDADES MISIONALES Y ADMINISTRATIVAS INHERENTES A LA REGIONAL ORIENTE. | M79: Contratación Directa | N79: Prestación de Servicios de Apoyo a la Gestión | O79: Subdirección de Control Migratorio | P79: 80161500 | Q79: Servicios Secretariales o de administración de Oficinas | R79: 25000000 | S79: 25000000 | T79: 23823 | U79: C-1199-1002-10-0-1199001-02 | V79: Celebrado | W79: En ejecución | X79: N/A | Y79: CO-095-2023 | Z79: 44994 | AA79: Prestación de Servicios de apoyo a la Gestión | AB79: N/A | AC79: Regional Oriente | AD79: Cúcuta | AE79: SAMAEL NESIM TAVERA RUEDA | AF79: 1090431962 | AG79: - | AH79: N/A | AI79: TEC. ANALISIS Y DES. DE SISTEMAS DE INF. | AJ79: NO | AK79: No es mipyme | AL79: N/A | AM79: 33320 | AN79: =+YEAR(TODAY())-YEAR('Contratación 2023'!$AM73) -> 27 | AO79: 54823 | AP79: 44999 | AQ79: 25000000 | AR79: 0 | AS79: 0 | AT79: 0 | AU79: =SUM(AQ79+AR79+AS79+AT79) -> 25000000 | AV79: Si | AW79: 44998 | AX79: Cumplimiento | AY79: 45001 | AZ79: Marzo | BA79: 45291 | BB79: =(BA79-AY79) -> 290 | BC79: EUGENIO PARADA RAFAEL DARIO | BD79: 88151663 | BE79: 0 | BG79: 0 | BI79: 0 | BM79: 0 | BO79: =SUM(AU79+BE79+BG79+BI79-BM79) -> 25000000 | BY79: =SUM(BB79+BP79+BS79+BV79) -> 290
A80: UNIDAD ADMINISTRATIVA ESPECIAL MIGRACIÓN COLOMBIA | B80: 900477235-6 | C80: Secop II | D80: 108 | E80: Cesar Augusto Mejia Carrillo | F80: 20233001413000010E | G80: Marzo | H80: 44993 | I80: PCD-099-2023-70TEC | J80: N/A | K80: N/A | L80: CONTRATAR LA PRESTACIÓN DE SERVICIOS DE APOYO A LA GESTIÓN, PARA LA ATENCIÓN AL CIUDADANO Y LAS DEMAS ACTIVIDADES MISIONALES Y ADMINISTRATIVAS INHERENTES A LA REGIONAL ORIENTE | M80: Contratación Directa | N80: Prestación de Servicios de Apoyo a la Gestión | O80: Oficina de Tecnología de la Informacion | P80: 801615 | Q80: Servicios de Gestion, servicios porfesionales de empresas, y servicios administrativos | R80: 25000000 | S80: 25000000 | T80: 23723 | U80: C-1199-1002-10-0-1199001-02 | V80: Celebrado | W80: Terminación anticipada | X80: N/A | Y80: CO-088-2023 | Z80: 44995 | AA80: Prestación de Servicios de apoyo a la Gestión | AB80: N/A | AC80: Regional Oriente | AD80: Cúcuta | AE80: JESUS DAVID GUERRERO CONTRERAS | AF80: 1093914971 | AG80: - | AH80: N/A | AI80: ASISTENTE ADMINISTRATIVO | AJ80: NO | AK80: No es mipyme | AL80: N/A | AM80: 34220 | AN80: =+YEAR(TODAY())-YEAR('Contratación 2023'!$AM74) -> 36 | AO80: 47023 | AP80: 44993 | AQ80: 25000000 | AR80: 0 | AS80: 0 | AT80: 0 | AU80: =SUM(AQ80+AR80+AS80+AT80) -> 25000000 | AV80: Si | AW80: 44999 | AX80: Cumplimiento | AY80: 45001 | AZ80: Marzo | BA80: 45153 | BB80: =(BA80-AY80) -> 152 | BC80: RAFAEL DARIO EUGENIO PARADA | BD80: 88151663 | BE80: 0 | BG80: 0 | BI80: 0 | BM80: 0 | BO80: =SUM(AU80+BE80+BG80+BI80-BM80) -> 25000000 | BY80: =SUM(BB80+BP80+BS80+BV80) -> 152
A81: UNIDAD ADMINISTRATIVA ESPECIAL MIGRACIÓN COLOMBIA | B81: 900477235-6 | C81: Secop II | D81: 109 | E81: Cesar Augusto Mejia Carrillo | F81: 20233001413000011E | G81: Marzo | H81: 44994 | I81: PCD-100-2023-71TEC | J81: N/A | K81: N/A | L81: CONTRATAR LA PRESTACIÓN DE SERVICIOS DE APOYO A LA GESTIÓN, PARA LA ATENCIÓN AL CIUDADANO Y LAS DEMAS ACTIVIDADES MISIONALES Y ADMINISTRATIVAS INHERENTES A LA REGIONAL ORIENTE | M81: Contratación Directa | N81: Prestación de Servicios de Apoyo a la Gestión | O81: Oficina de Tecnología de la Informacion | P81: 801615 | Q81: Servicios de Gestion, servicios porfesionales de empresas, y servicios administrativos | R81: 25000000 | S81: 25000000 | T81: 23623 | U81: C-1199-1002-10-0-1199001-02 | V81: Celebrado | W81: En ejecución | X81: N/A | Y81: CO-089-2023 | Z81: 44994 | AA81: Prestación de Servicios de apoyo a la Gestión | AB81: N/A | AC81: Regional Oriente | AD81: Cúcuta | AE81: MARIA CAMILA BLANCO AYALA | AF81: 1090512871 | AG81: - | AH81: N/A | AI81: TÉCNICO LABORAL EN CUIDADO ESTÉTICO | AJ81: NO | AK81: No es mipyme | AL81: N/A | AM81: 35754 | AN81: =+YEAR(TODAY())-YEAR('Contratación 2023'!$AM75) -> 33 | AO81: 47123 | AP81: 44993 | AQ81: 25000000 | AR81: 0 | AS81: 0 | AT81: 0 | AU81: =SUM(AQ81+AR81+AS81+AT81) -> 25000000 | AV81: Si | AW81: 44995 | AX81: Cumplimiento | AY81: 45001 | AZ81: Marzo | BA81: 45291 | BB81: =(BA81-AY81) -> 290 | BC81: RAFAEL DARIO EUGENIO PARADA | BD81: 88151663 | BE81: 0 | BG81: 0 | BI81: 0 | BM81: 0 | BO81: =SUM(AU81+BE81+BG81+BI81-BM81) -> 25000000 | BY81: =SUM(BB81+BP81+BS81+BV81) -> 290
A82: UNIDAD ADMINISTRATIVA ESPECIAL MIGRACIÓN COLOMBIA | B82: 900477235-6 | C82: Secop II | D82: 110 | E82: Cesar Augusto Mejia Carrillo | F82: 20233001413000012E | G82: Marzo | H82: 44993 | I82: PCD-101-2023-72TEC | J82: N/A | K82: N/A | L82: CONTRATAR LA PRESTACIÓN DE SERVICIOS DE APOYO A LA GESTIÓN, PARA LA ATENCIÓN AL CIUDADANO Y LAS DEMAS ACTIVIDADES MISIONALES Y ADMINISTRATIVAS INHERENTES A LA REGIONAL ORIENTE | M82: Contratación Directa | N82: Prestación de Servicios de Apoyo a la Gestión | O82: Oficina de Tecnología de la Informacion | P82: 801615 | Q82: Servicios de Gestion, servicios porfesionales de empresas, y servicios administrativos | R82: 25000000 | S82: 25000000 | T82: 23523 | U82: C-1199-1002-10-0-1199001-02 | V82: Celebrado | W82: En ejecución | X82: N/A | Y82: CO-090-2023 | Z82: 44994 | AA82: Prestación de Servicios de apoyo a la Gestión | AB82: N/A | AC82: Regional Oriente | AD82: Cúcuta | AE82: JAVIER HERNANDO CASTELLANOS CONTRERAS | AF82: 1090481286 | AG82: - | AH82: N/A | AI82: TECNICO LABORAL EN DISEÑO GRAFICO | AJ82: NO | AK82: No es mipyme | AL82: N/A | AM82: 34601 | AN82: =+YEAR(TODAY())-YEAR('Contratación 2023'!$AM76) -> 25 | AO82: 47223 | AP82: 44993 | AQ82: 25000000 | AR82: 0 | AS82: 0 | AT82: 0 | AU82: =SUM(AQ82+AR82+AS82+AT82) -> 25000000 | AV82: Si | AW82: 44994 | AX82: Cumplimiento | AY82: 45000 | AZ82: Marzo | BA82: 45291 | BB82: =(BA82-AY82) -> 291 | BC82: RAFAEL DARIO EUGENIO PARADA | BD82: 88151663 | BE82: 0 | BG82: 0 | BI82: 0 | BM82: 0 | BO82: =SUM(AU82+BE82+BG82+BI82-BM82) -> 25000000 | BY82: =SUM(BB82+BP82+BS82+BV82) -> 291
A83: UNIDAD ADMINISTRATIVA ESPECIAL MIGRACIÓN COLOMBIA | B83: 900477235-6 | C83: Secop II | D83: 111 | E83: Dayanna Prieto Villalba | F83: 20233001413000013E | G83: Marzo | H83: 44988 | I83: PCD-088-2023 | J83: N/A | K83: N/A | L83: CONTRATAR LA PRESTACIÓN DE SERVICIOS DE APOYO A LA GESTIÓN, PARA LA ATENCIÓN AL CIUDADANO Y LAS DEMAS ACTIVIDADES MISIONALES Y ADMINISTRATIVAS INHERENTES A LA REGIONAL ORIENTE. | M83: Contratación Directa | N83: Prestación de Servicios Profesionales | O83: Oficina de Tecnología de la Informacion | P83: 80161500 | Q83: Servicios de apoyo gerencial | R83: 25000000 | S83: 27500000 | T83: 23423 | U83: C-1199-1002-10-0-1199001-02 | V83: Celebrado | W83: En ejecución | X83: N/A | Y83: CO-086-2023 | Z83: 44998 | AA83: Prestación de Servicios Profesionales | AB83: N/A | AC83: Regional Oriente | AD83: Cúcuta | AE83: VIANEY RIVERA BOTELLO | AF83: 1090393438 | AG83: - | AH83: N/A | AI83: TÉCNICO EN SECRETARIADO Y CONTABILIDAD SISTEMATIZADA | AJ83: NO | AK83: No es mipyme | AL83: N/A | AM83: 32225 | AN83: =+YEAR(TODAY())-YEAR('Contratación 2023'!$AM77) -> 31 | AO83: 54623 | AP83: 44999 | AQ83: 25000000 | AR83: 0 | AS83: 0 | AT83: 0 | AU83: =SUM(AQ83+AR83+AS83+AT83) -> 25000000 | AV83: Si | AW83: 44992 | AX83: Cumplimiento | AY83: 45000 | AZ83: Marzo | BA83: 45291 | BB83: =(BA83-AY83) -> 291 | BC83: RAFAEL DARIO EUGENIO PARADA | BD83: 88151663 | BE83: 0 | BG83: 0 | BI83: 0 | BM83: 0 | BO83: =SUM(AU83+BE83+BG83+BI83-BM83) -> 25000000 | BY83: =SUM(BB83+BP83+BS83+BV83) -> 291
A84: UNIDAD ADMINISTRATIVA ESPECIAL MIGRACIÓN COLOMBIA | B84: 900477235-6 | C84: Secop II | D84: 112 | E84: Dayanna Prieto Villalba | F84: 20233001413000014E | G84: Marzo | H84: 44988 | I84: PCD-094-2023 | J84: N/A | K84: N/A | L84: CONTRATAR LA PRESTACIÓN DE SERVICIOS DE APOYO A LA GESTIÓN, PARA LA ATENCIÓN AL CIUDADANO Y LAS DEMAS ACTIVIDADES MISIONALES Y ADMINISTRATIVAS INHERENTES A LA REGIONAL ORIENTE. | M84: Contratación Directa | N84: Prestación de Servicios Profesionales | O84: Oficina de Tecnología de la Informacion | P84: 80161500 | Q84: Servicios de apoyo gerencial | R84: 25000000 | S84: 27500000 | T84: 23323 | U84: C-1199-1002-10-0-1199001-02 | V84: Celebrado | W84: En ejecución | X84: N/A | Y84: CO-087-2023 | Z84: 44992 | AA84: Prestación de Servicios Profesionales | AB84: N/A | AC84: Regional Oriente | AD84: Cúcuta | AE84: JESUS DAVID FUENTES CRISTANCHO | AF84: 1090504369 | AG84: - | AH84: N/A | AI84: TÉCNICO EN SEGURIDAD OCUPACIONAL | AJ84: NO | AK84: No es mipyme | AL84: N/A | AM84: 35515 | AN84: =+YEAR(TODAY())-YEAR('Contratación 2023'!$AM78) -> 23 | AO84: 48923 | AP84: 44993 | AQ84: 25000000 | AR84: 0 | AS84: 0 | AT84: 0 | AU84: =SUM(AQ84+AR84+AS84+AT84) -> 25000000 | AV84: Si | AW84: 44993 | AX84: Cumplimiento | AY84: 45000 | AZ84: Marzo | BA84: 45291 | BB84: =(BA84-AY84) -> 291 | BC84: RAFAEL DARIO EUGENIO PARADA | BD84: 88151663 | BE84: 0 | BG84: 0 | BI84: 0 | BM84: 0 | BO84: =SUM(AU84+BE84+BG84+BI84-BM84) -> 25000000 | BY84: =SUM(BB84+BP84+BS84+BV84) -> 291
A85: UNIDAD ADMINISTRATIVA ESPECIAL MIGRACIÓN COLOMBIA | B85: 900477235-6 | C85: Secop II | D85: 113 | E85: Dayanna Prieto Villalba | F85: 20233001413000015E | G85: Marzo | H85: 44988 | I85: PCD-085-2023 | J85: N/A | K85: N/A | L85: CONTRATAR LA PRESTACIÓN DE SERVICIOS DE APOYO A LA GESTIÓN, PARA LA ATENCIÓN AL CIUDADANO Y LAS DEMAS ACTIVIDADES MISIONALES Y ADMINISTRATIVAS INHERENTES A LA REGIONAL ORIENTE. | M85: Contratación Directa | N85: Prestación de Servicios Profesionales | O85: Oficina de Tecnología de la Informacion | P85: 80161500 | Q85: Servicios de apoyo gerencial | R85: 25000000 | S85: 27500000 | T85: 23223 | U85: C-1199-1002-10-0-1199001-02 | V85: Celebrado | W85: En ejecución | X85: N/A | Y85: CO-085-2023 | Z85: 44993 | AA85: Prestación de Servicios Profesionales | AB85: N/A | AC85: Regional Oriente | AD85: Cúcuta | AE85: LEIDY LEONOR PEREZ ROLON | AF85: 1093766424 | AG85: - | AH85: N/A | AI85: TÉCNICO EN RECURSOS HUMANOS | AJ85: NO | AK85: No es mipyme | AL85: N/A | AM85: 33968 | AN85: =+YEAR(TODAY())-YEAR('Contratación 2023'!$AM79) -> 33 | AO85: 53923 | AP85: 44998 | AQ85: 25000000 | AR85: 0 | AS85: 0 | AT85: 0 | AU85: =SUM(AQ85+AR85+AS85+AT85) -> 25000000 | AV85: Si | AW85: 44988 | AX85: Cumplimiento | AY85: 44999 | AZ85: Marzo | BA85: 45291 | BB85: =(BA85-AY85) -> 292 | BC85: RAFAEL DARIO EUGENIO PARADA | BD85: 88151663 | BE85: 0 | BG85: 0 | BI85: 0 | BM85: 0 | BO85: =SUM(AU85+BE85+BG85+BI85-BM85) -> 25000000 | BY85: =SUM(BB85+BP85+BS85+BV85) -> 292
A86: UNIDAD ADMINISTRATIVA ESPECIAL MIGRACIÓN COLOMBIA | B86: 900477235-6 | C86: Secop II | D86: 115 | E86: Cesar Augusto Mejia Carrillo | F86: 20236001413000002E | G86: Enero | H86: 44944 | I86: PCD-012-2023-1SG | J86: N/A | K86: N/A | L86: PRESTAR LOS SERVICIOS PROFESIONALES ESPECIALIZADOS CON AUTONOMÍA TÉCNICA Y ADMINISTRATIVA PARA EL APOYO Y ACOMPAÑAMIENTO A LA SECRETARIA GENERAL EN TEMAS RELACIONADOS CON LAS COMUNICACIONES DE LA UNIDAD ADMINISTRATIVA ESPECIAL MIGRACIÓN COLOMBIA | M86: Contratación Directa | N86: Prestación de Servicios Profesionales | O86: Secretaria General | P86: 80-16-15-04 | Q86: Servicios de Gestión, Servicios Profesionales de Empresa y Servicios Administrativos- Servicios de Administración de Empresas- Servicios de Apoyo Gerencial- Servicios de oficina | R86: 80000000 | S86: 80000000 | T86: 12923 | U86: A-02-02-02-008-003 | V86: Celebrado | W86: En ejecución | X86: N/A | Y86: CO-025-2023 | Z86: 44949 | AA86: Prestación de Servicios Profesionales | AB86: N/A | AC86: Nivel Central | AD86: Bogotá D.C. | AE86: HÉCTOR PINILLA | AF86: 79470333 | AG86: - | AH86: N/A | AI86: LICENCIADO EN LENGUAS MODERNAS | AJ86: NO | AK86: No es mipyme | AL86: N/A | AM86: 24876 | AN86: =+YEAR(TODAY())-YEAR('Contratación 2023'!$AM80) -> 31 | AO86: 22423 | AP86: 44949 | AQ86: 80000000 | AR86: 0 | AS86: 0 | AT86: 0 | AU86: =SUM(AQ86+AR86+AS86+AT86) -> 80000000 | AV86: Si | AW86: 44950 | AX86: Cumplimiento | AY86: 44949 | AZ86: Enero | BA86: 45252 | BB86: =(BA86-AY86) -> 303 | BC86: MARITZA ROCÍO SERRANO VILLAMIL | BD86: 393757630 | BE86: 10133333 | BF86: 45247 | BG86: 0 | BI86: 0 | BM86: 0 | BO86: =SUM(AU86+BE86+BG86+BI86-BM86) -> 90133333 | BP86: 39 | BQ86: 45291 | BR86: 45247 | BY86: =SUM(BB86+BP86+BS86+BV86) -> 342
A87: UNIDAD ADMINISTRATIVA ESPECIAL MIGRACIÓN COLOMBIA | B87: 900477235-6 | C87: Secop II | D87: 116 | E87: Dayanna Prieto Villalba | F87: 20236001413000003E | G87: Enero | H87: 44939 | I87: PCD-019-2023-2SG | J87: N/A | K87: N/A | L87: PRESTAR LOS SERVICIOS PROFESIONALES ESPECIALIZADOS CON AUTONOMÍA TÉCNICA Y ADMINISTRATIVA PARA APOYAR A LA SECRETARIA GENERAL DE MIGRACIÓN COLOMBIA DE ACUERDO CON LAS CONDICIONES SEÑALADAS Y ESPECIFICACIONES TÉCNICAS DESCRITAS EN LOS ESTUDIOS PREVIOS. | M87: Contratación Directa | N87: Prestación de Servicios Profesionales | O87: Secretaria General | P87: 80161504 | Q87: Servicios de oficina | R87: 80000000 | S87: 80000000 | T87: 12823 | U87: A-02-02-02-008-003 | V87: Celebrado | W87: Terminación anticipada | X87: N/A | Y87: CO-009-2023 | Z87: 44943 | AA87: Prestación de Servicios Profesionales | AB87: N/A | AC87: Nivel Central | AD87: Bogotá D.C. | AE87: LIZETH ISABOT CORTES ESPITIA | AF87: 1026271334 | AG87: - | AH87: N/A | AI87: DERECHO | AJ87: NO | AK87: No es mipyme | AL87: N/A | AM87: 33178 | AN87: =+YEAR(TODAY())-YEAR('Contratación 2023'!$AM81) -> 27 | AO87: 19323 | AP87: 44944 | AQ87: 59200000 | AR87: 0 | AS87: 0 | AT87: 0 | AU87: =SUM(AQ87+AR87+AS87+AT87) -> 59200000 | AV87: Si | AW87: 44944 | AX87: Cumplimiento | AY87: 44945 | AZ87: Enero | BA87: 45170 | BB87: =(BA87-AY87) -> 225 | BC87: RIGOBERTO NIÑO CORREDOR | BD87: 79321317 | BE87: 0 | BG87: 0 | BI87: 0 | BM87: 0 | BO87: =SUM(AU87+BE87+BG87+BI87-BM87) -> 59200000 | BY87: =SUM(BB87+BP87+BS87+BV87) -> 225 | BZ87: 45208 | CA87: LIQUIDADO
A88: UNIDAD ADMINISTRATIVA ESPECIAL MIGRACIÓN COLOMBIA | B88: 900477235-6 | C88: Secop II | D88: 117 | E88: Cesar Augusto Mejia Carrillo | F88: 20236001413000005E | G88: Marzo | H88: 45001 | I88: PCD-109-2023-3SG | J88: N/A | K88: N/A | L88: PRESTACIÓN DE SERVICIOS PROFESIONALES ESPECIALIZADOS CON AUTONOMÍA TÉCNICA Y ADMINISTRATIVA, PARA EL APOYO A LA GESTIÓN DE LA SECRETARÍA GENERAL EN EL SEGUIMIENTO ADMINISTRATIVO Y FINANCIERO DE LA CONTRATACIÓN, EN ESPECIAL LO RELACIONADO CON EL PROYECTO DE TECNOLOGÍA. | M88: Contratación Directa | N88: Prestación de Servicios Profesionales | O88: Secretaria General | P88: 80161504 | Q88: Servicios de gestión y servicios profesionales de empresa, y Servicios administrativos | R88: 95000000 | S88: 95000000 | T88: 27923 | U88: C-1199-1002-10-0-1199001-02 | V88: Celebrado | W88: En ejecución | X88: N/A | Y88: CO-101-2023 | Z88: 45002 | AA88: Prestación de Servicios Profesionales | AB88: N/A | AC88: Nivel Central | AD88: Bogotá D.C. | AE88: CARLOS VLADIMIR COBO RAMIREZ | AF88: 19411933 | AG88: - | AH88: N/A | AI88: INGENIERO DE SISTEMAS | AJ88: NO | AK88: No es mipyme | AL88: N/A | AM88: 22205 | AN88: =+YEAR(TODAY())-YEAR('Contratación 2023'!$AM82) -> 30 | AO88: 57523 | AP88: 45002 | AQ88: 95000000 | AR88: 0 | AS88: 0 | AT88: 0 | AU88: =SUM(AQ88+AR88+AS88+AT88) -> 95000000 | AV88: Si | AW88: 45002 | AX88: Cumplimiento | AY88: 45006 | AZ88: Marzo | BA88: 45291 | BB88: =(BA88-AY88) -> 285 | BC88: RIGOBERTO NIÑO CORREDOR | BD88: 79321317 | BE88: 0 | BG88: 0 | BI88: 0 | BM88: 0 | BO88: =SUM(AU88+BE88+BG88+BI88-BM88) -> 95000000 | BY88: =SUM(BB88+BP88+BS88+BV88) -> 285
A89: UNIDAD ADMINISTRATIVA ESPECIAL MIGRACIÓN COLOMBIA | B89: 900477235-6 | C89: Secop II | D89: 118 | E89: Dayanna Prieto Villalba | F89: 20236121415000001E | G89: Marzo | H89: 44998 | I89: PCD-105-2023 | J89: N/A | K89: N/A | L89: PRESTAR LOS SERVICIOS DE APOYO TÉCNICO A LA GESTIÓN, BRINDADO ASESORÍA DIRECTA A LA SUPERVISIÓN DEL CONTRATO DE UNIFORMES VIGENCIA 2023, ESPECÍFICAMENTE EL ACOMPAÑAMIENTO PERMANENTE EN EL PROCESO DE CONFECCIÓN, FABRICACIÓN, VERIFICACIÓN Y APROBACIÓN DE MATERIALES Y/O TEXTILES, CONTROL DE CALIDAD DE CADA UNA DE LAS PRENDAS HASTA EL RECIBO A SATISFACCIÓN DE LAS MISMAS ACORDE A LA FICHA TÉCNICA. | M89: Contratación Directa | N89: Prestación de Servicios Profesionales | O89: Subdirección de Talento Humano | P89: 80161504 - 80161500 | Q89: Servicios de oficina - Servicios de apoyo gerencial | R89: 24000000 | S89: 24000000 | T89: 26723 | U89: A-02-02-02-008-003 | V89: Celebrado | W89: En ejecución | X89: N/A | Y89: CO-096-2023 | Z89: 44999 | AA89: Prestación de Servicios Profesionales | AB89: N/A | AC89: Nivel Central | AD89: Bogotá D.C. | AE89: AZUCENA PINZON RODRIGUEZ | AF89: 51727720 | AG89: - | AH89: N/A | AI89: BACHILLER ACADÉMICO | AJ89: NO | AK89: No es mipyme | AL89: N/A | AM89: 23593 | AN89: =+YEAR(TODAY())-YEAR('Contratación 2023'!$AM83) -> 36 | AO89: 56723 | AP89: 45001 | AQ89: 24000000 | AR89: 0 | AS89: 0 | AT89: 0 | AU89: =SUM(AQ89+AR89+AS89+AT89) -> 24000000 | AV89: Si | AW89: 45001 | AX89: Cumplimiento | AY89: 45002 | AZ89: Marzo | BA89: 45216 | BB89: =(BA89-AY89) -> 214 | BC89: ROSA MARÍA MARTÍNEZ GONZÁLEZ | BD89: 51832657 | BE89: 4300000 | BF89: 45203 | BG89: 0 | BI89: 0 | BM89: 0 | BO89: =SUM(AU89+BE89+BG89+BI89-BM89) -> 28300000 | BP89: 75 | BQ89: 45291 | BR89: 45203 | BY89: =SUM(BB89+BP89+BS89+BV89) -> 289
A90: UNIDAD ADMINISTRATIVA ESPECIAL MIGRACIÓN COLOMBIA | B90: 900477235-6 | C90: Secop II | D90: 120 | E90: Alejandra María Arcos Medina | F90: 20236231408000013E | G90: Marzo | H90: 44995 | I90: SIE-005-2023 | J90: N/A | K90: N/A | L90: CONTRATAR EL SUMINISTRO DE MATERIALES FERROELÉCTRICOS PARA ATENDER LOS REQUERIMIENTOS QUE EN MATERIAL DE MANTENIMIENTO LOCATIVO PRESENTE LAS SEDES DE MIGRACIÓN COLOMBIA A NIVEL NACIONAL. | M90: Selección abreviada | N90: Subasta Inversa Electrónica | O90: Subdirección Administrativa y Financiera | P90: 40141700 | Q90: Material de Ferretería y accesorios | R90: 220000000 | S90: 220000000 | T90: 23722 | U90: A-02-02-01-001-005 | V90: Celebrado | W90: En ejecución | X90: N/A | Y90: CO-130-2023 | Z90: 45065 | AA90: Prestación de Servicios | AB90: N/A | AC90: Nivel Central | AD90: Bogotá D.C. | AE90: UT MIGRACION 2023 | AF90: 901713317 | AG90: 8 | AH90: N/A | AI90: N/A | AJ90: NO | AK90: No es mipyme | AL90: N/A | AM90: N/A | AN90: N/A | AO90: 91223 | AP90: 45049 | AQ90: 220000000 | AR90: 0 | AS90: 0 | AT90: 0 | AU90: =('Contratación 2023'!$AQ84+'Contratación 2023'!$AR84) -> 25000000 | AV90: Si | AW90: 45072 | AX90: Cumplimiento | AY90: 45073 | AZ90: Mayo | BA90: 45291 | BB90: =(BA90-AY90) -> 218 | BC90: ACOSTA ALVAREZ JUAN CARLOS | BD90: 1070618478 | BE90: 40000000 | BF90: 45279 | BG90: 0 | BI90: 0 | BM90: 0 | BO90: 260000000 | BP90: =(BQ90-BA90) -> 60 | BQ90: 45351 | BR90: 45279 | BY90: =SUM(BB90+BP90+BS90+BV90) -> 278
A91: UNIDAD ADMINISTRATIVA ESPECIAL MIGRACIÓN COLOMBIA | B91: 900477235-6 | C91: TVEC | D91: 122 | E91: Cesar Augusto Mejia Carrillo | F91: 20236231410000005E | G91: Marzo | H91: 45002 | I91: 180076 | J91: N/A | K91: N/A | L91: SUMINISTRO DE ELEMENTOS DE PAPELERÍA Y ÚTILES DE ESCRITORIO PARA LAS SEDES A NIVEL NACIONAL DE LA UNIDAD ADMINISTRATIVA ESPECIAL MIGRACIÓN COLOMBIA | M91: Mínima cuantía | N91: Grandes Superficies | O91: Subdirección Administrativa y Financiera | P91: 14111507-24141517-26111701-31162001-43202001-44101602 | Q91: Materiales yProductos de Papel -Maquinaria, accesorios y suministros para manejo, acondicionamiento y almacenamiento de materiales - Maquinaria y Accesorios para Generación y distribución de Energía - Componentes y Suministros de Manufactura - Difusión de Tecnologías de Información y Telecomunicaciones - Equipos de oficina, accesorios y suministros | R91: 45000000 | S91: 44999707 | T91: 30123 | U91: A-02-02-01-003-002 / A-02-02-01-003-005 / A-02-02-01-003-006 / A-02-02-01-003-008 /A-02-02-01-004-002 / A-02-02-01-004-005 / A-02-02-01-004-006 | V91: Celebrado | W91: En ejecución | X91: N/A | Y91: OC 106509-2023 | Z91: 45006 | AA91: Compraventa | AB91: N/A | AC91: Nivel Central | AD91: Bogotá D.C. | AE91: CENCOSUD COLOMBIA S.A. | AF91: 900155107 | AG91: - | AH91: N/A | AI91: N/A | AJ91: NO | AK91: No es mypime | AL91: SOCIEDAD ANONIMA | AM91: N/A | AN91: N/A | AO91: 60823 | AP91: 45009 | AQ91: 4335800 | AR91: 0 | AS91: 0 | AT91: 0 | AU91: 4335800 | AV91: No | AW91: N/A | AX91: No aplica | AY91: 45006 | AZ91: Marzo | BA91: 45094 | BB91: 88 | BC91: LUZ ELENA MORALES ALFONSO | BD91: 40029680 | BE91: 0 | BG91: 0 | BI91: 0 | BM91: 0 | BO91: =SUM(AU91+BE91+BG91+BI91-BM91) -> 4335800 | BY91: =SUM(BB91+BP91+BS91+BV91) -> 88
A92: UNIDAD ADMINISTRATIVA ESPECIAL MIGRACIÓN COLOMBIA | B92: 900477235-6 | C92: TVEC | D92: 122 | E92: Cesar Augusto Mejia Carrillo | F92: 20236231410000006E | G92: Marzo | H92: 45002 | I92: 182971 | J92: N/A | K92: N/A | L92: SUMINISTRO DE ELEMENTOS DE PAPELERÍA Y ÚTILES DE ESCRITORIO PARA LAS SEDES A NIVEL NACIONAL DE LA UNIDAD ADMINISTRATIVA ESPECIAL MIGRACIÓN COLOMBIA | M92: Mínima cuantía | N92: Grandes Superficies | O92: Subdirección Administrativa y Financiera | P92: 14111507-24141517-26111701-31162001-43202001-44101602 | Q92: Materiales yProductos de Papel -Maquinaria, accesorios y suministros para manejo, acondicionamiento y almacenamiento de materiales - Maquinaria y Accesorios para Generación y distribución de Energía - Componentes y Suministros de Manufactura - Difusión de Tecnologías de Información y Telecomunicaciones - Equipos de oficina, accesorios y suministros | R92: 45000000 | S92: 44999707 | T92: 30123 | U92: A-02-02-01-003-002 / A-02-02-01-003-005 / A-02-02-01-003-006 / A-02-02-01-003-008 /A-02-02-01-004-002 / A-02-02-01-004-005 / A-02-02-01-004-006 | V92: Celebrado | W92: En ejecución | X92: N/A | Y92: OC -106488-2023 | Z92: 45006 | AA92: Compraventa | AB92: N/A | AC92: Nivel Central | AD92: Bogotá D.C. | AE92: FERRICENTROS | AF92: 800237412 | AG92: 1 | AH92: N/A | AI92: N/A | AJ92: NO | AK92: No es mypime | AL92: SOCIEDAD POR ACCIONES SIMPLIFICADA | AM92: N/A | AN92: N/A | AO92: 60923 | AP92: 45009 | AQ92: 6936000 | AR92: 0 | AS92: 0 | AT92: 0 | AU92: 6936000 | AV92: No | AW92: N/A | AX92: No aplica | AY92: 45006 | AZ92: Marzo | BA92: 45094 | BB92: 88 | BC92: LUZ ELENA MORALES ALFONSO | BD92: 40029680 | BE92: 0 | BG92: 0 | BI92: 0 | BM92: 0 | BO92: =SUM(AU92+BE92+BG92+BI92-BM92) -> 6936000 | BY92: =SUM(BB92+BP92+BS92+BV92) -> 88 | BZ92: 45162 | CA92: LIQUIDADO
A93: UNIDAD ADMINISTRATIVA ESPECIAL MIGRACIÓN COLOMBIA | B93: 900477235-6 | C93: TVEC | D93: 122 | E93: Cesar Augusto Mejia Carrillo | F93: 20236231410000007E | G93: Marzo | H93: 45006 | I93: 182978 | J93: N/A | K93: N/A | L93: SUMINISTRO DE ELEMENTOS DE PAPELERÍA Y ÚTILES DE ESCRITORIO PARA LAS SEDES A NIVEL NACIONAL DE LA UNIDAD ADMINISTRATIVA ESPECIAL MIGRACIÓN COLOMBIA | M93: Mínima cuantía | N93: Grandes Superficies | O93: Subdirección Administrativa y Financiera | P93: 14111507-24141517-26111701-31162001-43202001-44101602 | Q93: Materiales yProductos de Papel -Maquinaria, accesorios y suministros para manejo, acondicionamiento y almacenamiento de materiales - Maquinaria y Accesorios para Generación y distribución de Energía - Componentes y Suministros de Manufactura - Difusión de Tecnologías de Información y Telecomunicaciones - Equipos de oficina, accesorios y suministros | R93: 45000000 | S93: 44999707 | T93: 30123 | U93: A-02-02-01-003-002 / A-02-02-01-003-005 / A-02-02-01-003-006 / A-02-02-01-003-008 /A-02-02-01-004-002 / A-02-02-01-004-005 / A-02-02-01-004-006 | V93: Celebrado | W93: En ejecución | X93: N/A | Y93: OC-106652-2023 | Z93: 45008 | AA93: Compraventa | AB93: N/A | AC93: Nivel Central | AD93: Bogotá D.C. | AE93: PANAMERICANA LIBRERÍA Y PAPELERÍA S.A. | AF93: 830037946 | AG93: 3 | AH93: N/A | AI93: N/A | AJ93: NO | AK93: No es mypime | AL93: SOCIEDAD ANONIMA | AM93: N/A | AN93: N/A | AO93: 61023 | AP93: 45009 | AQ93: 2660583 | AR93: 0 | AS93: 0 | AT93: 0 | AU93: 2660583 | AV93: No | AW93: N/A | AX93: No aplica | AY93: 45008 | AZ93: Marzo | BA93: 45098 | BB93: 90 | BC93: LUZ ELENA MORALES ALFONSO | BD93: 40029680 | BE93: 0 | BG93: 0 | BI93: 0 | BM93: 0 | BO93: =SUM(AU93+BE93+BG93+BI93-BM93) -> 2660583 | BY93: =SUM(BB93+BP93+BS93+BV93) -> 90
A94: UNIDAD ADMINISTRATIVA ESPECIAL MIGRACIÓN COLOMBIA | B94: 900477235-6 | C94: TVEC | D94: 122 | E94: Cesar Augusto Mejia Carrillo | F94: 20236231410000009E | G94: Marzo | H94: 45007 | I94: 183255 | J94: N/A | K94: N/A | L94: SUMINISTRO DE ELEMENTOS DE PAPELERÍA Y ÚTILES DE ESCRITORIO PARA LAS SEDES A NIVEL NACIONAL DE LA UNIDAD ADMINISTRATIVA ESPECIAL MIGRACIÓN COLOMBIA | M94: Mínima cuantía | N94: Grandes Superficies | O94: Subdirección Administrativa y Financiera | P94: 14111507-24141517-26111701-31162001-43202001-44101602 | Q94: Materiales yProductos de Papel -Maquinaria, accesorios y suministros para manejo, acondicionamiento y almacenamiento de materiales - Maquinaria y Accesorios para Generación y distribución de Energía - Componentes y Suministros de Manufactura - Difusión de Tecnologías de Información y Telecomunicaciones - Equipos de oficina, accesorios y suministros | R94: 45000000 | S94: 44999707 | T94: 30123 | U94: A-02-02-01-003-002 / A-02-02-01-003-005 / A-02-02-01-003-006 / A-02-02-01-003-008 /A-02-02-01-004-002 / A-02-02-01-004-005 / A-02-02-01-004-006 | V94: Celebrado | W94: En ejecución | X94: N/A | Y94: OC-106654-2023 | Z94: 45008 | AA94: Compraventa | AB94: N/A | AC94: Nivel Central | AD94: Bogotá D.C. | AE94: VENEPLAST LTDA | AF94: 900019737 | AG94: 8 | AH94: N/A | AI94: N/A | AJ94: SI | AK94: Mediana | AL94: LIMITADA | AM94: N/A | AN94: N/A | AO94: 61123 | AP94: 45009 | AQ94: 3232214 | AR94: 0 | AS94: 0 | AT94: 0 | AU94: 3232214 | AV94: No | AW94: N/A | AX94: No aplica | AY94: 45008 | AZ94: Marzo | BA94: 45099 | BB94: 91 | BC94: JAVIER FERNANDO TORRES BARÓN | BD94: 1018409885 | BE94: 0 | BG94: 0 | BI94: 0 | BM94: 0 | BO94: =SUM(AU94+BE94+BG94+BI94-BM94) -> 3232214 | BY94: =SUM(BB94+BP94+BS94+BV94) -> 91
A95: UNIDAD ADMINISTRATIVA ESPECIAL MIGRACIÓN COLOMBIA | B95: 900477235-6 | C95: TVEC | D95: 122 | E95: Cesar Augusto Mejia Carrillo | F95: 20236231410000008E | G95: Marzo | H95: 45007 | I95: 183019 | J95: N/A | K95: N/A | L95: SUMINISTRO DE ELEMENTOS DE PAPELERÍA Y ÚTILES DE ESCRITORIO PARA LAS SEDES A NIVEL NACIONAL DE LA UNIDAD ADMINISTRATIVA ESPECIAL MIGRACIÓN COLOMBIA | M95: Mínima cuantía | N95: Grandes Superficies | O95: Subdirección Administrativa y Financiera | P95: 14111507-24141517-26111701-31162001-43202001-44101602 | Q95: Materiales yProductos de Papel -Maquinaria, accesorios y suministros para manejo, acondicionamiento y almacenamiento de materiales - Maquinaria y Accesorios para Generación y distribución de Energía - Componentes y Suministros de Manufactura - Difusión de Tecnologías de Información y Telecomunicaciones - Equipos de oficina, accesorios y suministros | R95: 45000000 | S95: 44999707 | T95: 30123 | U95: A-02-02-01-003-002 / A-02-02-01-003-005 / A-02-02-01-003-006 / A-02-02-01-003-008 /A-02-02-01-004-002 / A-02-02-01-004-005 / A-02-02-01-004-006 | V95: Celebrado | W95: En ejecución | X95: N/A | Y95: OC-106651-2023 | Z95: 45008 | AA95: Compraventa | AB95: N/A | AC95: Nivel Central | AD95: Bogotá D.C. | AE95: JAIME BELTRAN URIBE - Polyflex | AF95: 10125834 | AG95: - | AH95: N/A | AI95: N/A | AJ95: SI | AK95: Pequeña | AL95: PERSONA NATURAL COLOMBIANA | AM95: N/A | AN95: N/A | AO95: 61923 | AP95: 45013 | AQ95: 2945200 | AR95: 0 | AS95: 0 | AT95: 0 | AU95: 2945200 | AV95: No | AW95: N/A | AX95: No aplica | AY95: 45008 | AZ95: Marzo | BA95: 45099 | BB95: 91 | BC95: JAVIER FERNANDO TORRES BARÓN | BD95: 1018409885 | BE95: 0 | BG95: 0 | BI95: 0 | BM95: 0 | BO95: =SUM(AU95+BE95+BG95+BI95-BM95) -> 2945200 | BY95: =SUM(BB95+BP95+BS95+BV95) -> 91
A96: UNIDAD ADMINISTRATIVA ESPECIAL MIGRACIÓN COLOMBIA | B96: 900477235-6 | C96: TVEC | D96: 122 | E96: Cesar Augusto Mejia Carrillo | F96: 20236231410000004E | G96: Marzo | H96: 45009 | I96: 182996 | J96: N/A | K96: N/A | L96: SUMINISTRO DE ELEMENTOS DE PAPELERÍA Y ÚTILES DE ESCRITORIO PARA LAS SEDES A NIVEL NACIONAL DE LA UNIDAD ADMINISTRATIVA ESPECIAL MIGRACIÓN COLOMBIA. | M96: Mínima cuantía | N96: Acuerdo Marco de Precios | O96: Subdirección Administrativa y Financiera | P96: 14111507 | Q96: Papel para Impresora o fotocopiadora | R96: 44999707 | S96: 44999707 | T96: 30123 | U96: A-02-02-01-003-002 | V96: Celebrado | W96: En ejecución | X96: N/A | Y96: 106792 | Z96: 45009 | AA96: Compraventa | AB96: N/A | AC96: Nivel Central | AD96: Bogotá D.C. | AE96: CAJA COLOMBIANA DE SUBSIDIO FAMILIAR COLSUBSIDIO | AF96: 860007336 | AG96: 1 | AH96: N/A | AI96: N/A | AJ96: NO | AK96: No es mypime | AL96: CORPORACION | AM96: N/A | AN96: N/A | AO96: 61523 | AP96: 45012 | AQ96: 24889910 | AR96: 0 | AS96: 0 | AT96: 0 | AU96: =SUM(AQ96+AR96+AS96+AT96) -> 24889910 | AV96: No | AX96: No aplica | AY96: 45009 | AZ96: Marzo | BA96: 45099 | BB96: =(BA96-AY96) -> 90 | BC96: LUZ ELENA MORALES ALFONSO | BD96: 40029680 | BE96: 0 | BG96: 0 | BI96: 0 | BM96: 0 | BN96: 13700 | BO96: =SUM(AU96+BE96+BG96+BI96-BM96) -> 24889910 | BY96: =SUM(BB96+BP96+BS96+BV96) -> 90
A97: UNIDAD ADMINISTRATIVA ESPECIAL MIGRACIÓN COLOMBIA | B97: 900477235-6 | C97: Secop II | D97: 126 | E97: Dayanna Prieto Villalba | F97: 20236231408000009E | G97: Marzo | H97: 45007 | I97: SIE-007-2023-8SYF | J97: N/A | K97: N/A | L97: SUMINISTRO DE LLANTAS A NIVEL NACIONAL PARA EL PARQUE AUTOMOTOR DE LA UNIDAD ADMINISTRATIVA ESPECIAL MIGRACIÓN COLOMBIA | M97: Selección abreviada | N97: Subasta Inversa Electrónica | O97: Subdirección Administrativa y Financiera | P97: 25172504;25172512 | Q97: Llantas para automóviles o camionetas - Llanta de motocicleta | R97: 75000000 | S97: 75000000 | T97: 25523 | U97: A-02-02-01-003-006 | V97: Celebrado | W97: En ejecución | X97: N/A | Y97: CO-140-2023 | Z97: 45091 | AA97: Suministro | AB97: N/A | AC97: Nivel Central | AD97: Bogotá D.C. | AE97: LLANTAS E IMPORTACIONES SAGU S.A.S | AF97: 800089111 | AG97: 4 | AH97: N/A | AI97: N/A | AJ97: SI | AK97: Mediana | AL97: Sociedad por acciones simplificadas | AM97: N/A | AN97: N/A | AO97: 111423 | AP97: 45062 | AQ97: 75000000 | AR97: 0 | AS97: 0 | AT97: 0 | AU97: 75000000 | AV97: Si | AW97: 45091 | AX97: Cumplimiento | AY97: 45093 | AZ97: Junio | BA97: 45291 | BB97: =(BA97-AY97) -> 198 | BC97: EDWIN MATEO PATIÑO HERRERA | BD97: 1233693840 | BE97: 0 | BG97: 0 | BI97: 0 | BM97: 0 | BO97: =SUM(AU97+BE97+BG97+BI97-BM97) -> 75000000 | BY97: =SUM(BB97+BP97+BS97+BV97) -> 198
A98: UNIDAD ADMINISTRATIVA ESPECIAL MIGRACIÓN COLOMBIA | B98: 900477235-6 | C98: TVEC | D98: 297 | E98: Belisa Amparo Oviedo Diaz | F98: 20236211410000017E | G98: Abril | H98: 45042 | I98: 148807 | J98: 45034 | K98: 149494 | L98: R16 CONTRATAR EL SERVICIO INTEGRAL DE ASEO Y CAFETERIA PARA LA SEDE 1: CFSM PUERTO CARREÑO. REGION 16 DE LA UNIDAD ADMINISTRATIVA ESPECIAL MIGRACIÓN COLOMBIA | M98: Selección abreviada | N98: Acuerdo Marco de Precios | O98: Subdirección Administrativa y Financiera | P98: 76111501 | Q98: Servicios de limpieza y mantenimiento de edificios generales y de oficinas | R98: 28203632 | S98: 28203632 | T98: 28623 | U98: A-02-02-02-006-003 | V98: Celebrado | W98: En ejecución | X98: N/A | Y98: 109622 | Z98: 45063 | AA98: Prestación de Servicios de apoyo a la Gestión | AB98: N/A | AC98: Regional Orinoquía | AD98: Puerto Carreño | AE98: ASECOLBAS LTDA | AF98: 860518600 | AG98: 4 | AH98: N/A | AI98: N/A | AJ98: SI | AL98: RÉGIMEN COMÚN | AM98: N/A | AN98: N/A | AO98: 89123 | AP98: 45064 | AQ98: 30457019 | AR98: 0 | AS98: 0 | AT98: 0 | AU98: =SUM(AQ98+AR98+AS98+AT98) -> 30457019 | AV98: Si | AW98: 45063 | AX98: Cumplimiento | AY98: 45063 | AZ98: Mayo | BA98: 45291 | BB98: =(BA98-AY98) -> 228 | BC98: GUANARE GARCIA PAMELA ANDREA | BD98: 1006453902 | BE98: 12442471 | BF98: 45287 | BG98: 0 | BI98: 0 | BM98: 0 | BO98: =SUM(AU98+BE98+BG98+BI98-BM98) -> 42899490 | BP98: =(BQ98-BA98) -> 91 | BQ98: 45382 | BR98: 45287 | BY98: =SUM(BB98+BP98+BS98+BV98) -> 319
A99: UNIDAD ADMINISTRATIVA ESPECIAL MIGRACIÓN COLOMBIA | B99: 900477235-6 | C99: TVEC | D99: 192 | E99: Belisa Amparo Oviedo Diaz | F99: 20236211410000020E | G99: Mayo | H99: 45057 | I99: 150651 | J99: 45057 | K99: N/A | L99: CONTRATAR EL SUMINISTRO DE COMBUSTIBLE (GASOLINA Y DIESEL) PARA VEHÍCULOS Y PLANTAS ELÉCTRICAS A NIVEL NACIONAL INCLUYENDO BOGOTÁ (CATEGORÍA A) | M99: Selección abreviada | N99: Acuerdo Marco de Precios | O99: Subdirección Administrativa y Financiera | P99: 15101505 | Q99: Diesel | R99: 330000000 | S99: 210000000 | T99: 37823 | U99: A-02-02-01-003-003 | V99: Celebrado | W99: En ejecución | X99: N/A | Y99: 110150 | Z99: 45058 | AA99: Compraventa | AB99: N/A | AC99: Nivel Central | AD99: Bogotá D.C. | AE99: ORGANIZACIÓN TERPEL SA | AF99: 830095213 | AG99: 0 | AH99: N/A | AI99: N/A | AJ99: NO | AK99: SOCIEDAD ANÓNIMA ABIERTA COLOMBIANA | AL99: RÉGIMEN COMÚN | AM99: N/A | AN99: N/A | AO99: 93423 | AP99: 45075 | AQ99: 210000000 | AR99: 0 | AS99: 0 | AT99: 0 | AU99: =SUM(AQ99+AR99+AS99+AT99) -> 210000000 | AV99: Si | AW99: 45075 | AX99: Cumplimiento | AY99: 45075 | AZ99: Mayo | BA99: 45291 | BB99: =(BA99-AY99) -> 216 | BC99: JOHANA OVIEDO MOLANO | BD99: 52199365 | BE99: 105000000 | BF99: 45265 | BG99: 0 | BI99: 0 | BM99: 0 | BO99: =SUM(AU99+BE99+BG99+BI99-BM99) -> 315000000 | BP99: =(BQ99-BA99) -> 105 | BQ99: 45396 | BR99: 45265 | BY99: =SUM(BB99+BP99+BS99+BV99) -> 321
A100: UNIDAD ADMINISTRATIVA ESPECIAL MIGRACIÓN COLOMBIA | B100: 900477235-6 | C100: TVEC | D100: 192 | E100: Belisa Amparo Oviedo Diaz | F100: 20236211410000021E | G100: Mayo | H100: 45058 | I100: 150651 | J100: 45057 | K100: N/A | L100: CONTRATAR EL SUMINISTRO DE COMBUSTIBLE (GASOLINA Y DIESEL) PARA VEHÍCULOS Y PLANTAS ELÉCTRICAS A NIVEL NACIONAL INCLUYENDO BOGOTÁ (CATEGORÍA B) | M100: Selección abreviada | N100: Acuerdo Marco de Precios | O100: Subdirección Administrativa y Financiera | P100: 15101505 | Q100: Diesel | R100: 330000000 | S100: 120000000 | T100: 37823 | U100: A-02-02-01-003-004 | V100: Celebrado | W100: En ejecución | X100: N/A | Y100: 109357 | Z100: 45058 | AA100: Compraventa | AB100: N/A | AC100: Nivel Central | AD100: Bogotá D.C. | AE100: ORGANIZACIÓN TERPEL SA | AF100: 830095213 | AG100: 0 | AH100: N/A | AI100: N/A | AJ100: NO | AK100: SOCIEDAD ANÓNIMA ABIERTA COLOMBIANA | AL100: RÉGIMEN COMÚN | AM100: N/A | AN100: N/A | AO100: 86323 | AP100: 45058 | AQ100: 120000000 | AR100: 0 | AS100: 0 | AT100: 0 | AU100: =SUM(AQ100+AR100+AS100+AT100) -> 120000000 | AV100: Si | AW100: 45058 | AX100: Cumplimiento | AY100: 45058 | AZ100: Mayo | BA100: 45291 | BB100: =(BA100-AY100) -> 233 | BC100: JOHANA OVIEDO MOLANO | BD100: 52199365 | BE100: 60000000 | BF100: 45265 | BG100: 0 | BI100: 0 | BM100: 0 | BO100: =SUM(AU100+BE100+BG100+BI100-BM100) -> 180000000 | BP100: =(BQ100-BA100) -> 116 | BQ100: 45407 | BR100: 45265 | BY100: =SUM(BB100+BP100+BS100+BV100) -> 349
...

Sheet Analisis de Datos

Sheet Lista
A1: Clasificación | B1: Tipo de Organización | C1: Mypime | D1: Plataforma | E1: Profesional Encargado | F1: Area de la Necesidad | G1: MES | H1: MODALIDAD | I1: CAUSAL | J1: ETAPA | K1: ESTADO
A2: Macro | B2: Campesinas | C2: Si | D2: Secop I | E2: Alejandra María Arcos Medina | F2: Subdirección de Control Migratorio | G2: Enero | H2: Contratación Directa | I2: Prestación de Servicios Profesionales | J2: Celebrado | K2: En ejecución
A3: Pequeña | B3: Victimas de conflicto | C3: No | D3: Secop II | E3: Dayanna Prieto Villalba | F3: Subdireccion de Control Disciplinario Interno | G3: Febrero | H3: Mínima cuantía | I3: Exclusividad | J3: En trámite | K3: Desierto
A4: Mediana | B4: Emprendimiento y empresas de mujeres | D4: TVEC | E4: Cesar Augusto Mejia Carrillo | F4: Oficina de Tecnología de la Informacion | G4: Marzo | H4: Selección abreviada | I4: Prestación de Servicios de Apoyo a la Gestión | J4: Cancelado | K4: En trámite
A5: No es mypime | B5: Étnicas | E5: Diana Esperanza Durán Garcia | F5: Subdirección Administrativa y Financiera | G5: Abril | H5: Licitación Pública | I5: Arrendamiento | K5: Terminación anticipada
B6: Reincorporados | E6: Belisa Amparo Oviedo Diaz | F6: Oficina de Comunicaciones | G6: Mayo | I6: Subasta Inversa Electrónica | K6: Cancelado
B7: Acción comunal | E7: Juan David Camargo García | F7: Subdirección de Talento Humano | G7: Junio | I7: Acuerdo Marco de Precios
E8: Diana Carolina Acevedo | F8: Oficina Asesora Jurídica | G8: Julio | I8: Licitación Pública
E9: Leonardo Becerra Apiscope | F9: Dirección General | G9: Agosto | I9: Menor Cuantia
A10: GARANTIA | B10: RIESGOS | F10: Secretaria General | G10: Septiembre | I10: Grandes Superficies
A11: Si | B11: Cumplimiento | F11: Subdirección de Extranjeria | G11: Octubre | I11: Interadministrativo
A12: No | B12: Responsabilidad Civil Extracontractual | F12: Oficina Asesora de Planeación | G12: Noviembre | I12: Prestación de Servicios
B13: Cumplimiento y Responsabilidad Civil Extracontractual | F13: Subdirección de Verificación Migratoria | G13: Diciembre | I13: Mínima Cuantía
B14: No aplica
